Workbook
Name Activity_status: ActivityStatus[Activity status]
Name Activity_status: ActivityStatus[Activity status]
Name Activity_status: ActivityStatus[Activity status]
Name AgreementNumber: OFFSET('INT-Pivots'!#REF!,0,0,COUNTA('INT-Pivots'!#REF!),1)
Name Indicators_detail: IndicatorsAll[]
Name Indicators_detail: IndicatorsAll[]
Name Indicators_detail: IndicatorsAll[]
Name Indicators_detail: IndicatorsAll[]
Name Indicators_detail: IndicatorsAll[]
Name IndicatorsDetail: IndicatorsAll[]
Name IndicatorsDetail: IndicatorsAll[]
Name IndicatorsDetail: IndicatorsAll[]
Name IndicatorsDetail: IndicatorsAll[]
Name IndicatorsDetail: IndicatorsAll[]
Name Objective_status: 'Form validation'!$F$3:$F$4
Name Outcome: #REF!
Name Outcome: #REF!
Name Outcome: #REF!
Name Outcome: #REF!
Name Output: #REF!
Name Output: #REF!
Name Output: #REF!
Name Output: #REF!
Name Output_status: ActivityStatus[Output status]
Name Output_status: ActivityStatus[Output status]
Name Output_status: ActivityStatus[Output status]
Name Slicer_Agreement_filter: #N/A
Name test: ActivityStatus[Activity status]
Name test1: IndicatorsAll[]
Name test2: IndicatorsAll[]

Sheet Please enable macros
B2: Please enable macros to use this document.
B4: If this message appears below the ribbon, click the "Enable Content" button.
B9: If a security warning window pops up, click the "Yes" or "Enable macros" button.
B32: If you don't see either option, go to "File" > "Options" > "Trust Center"
B51: Then go to "Trust Center Settings" > "Macro Settings." Select "Enable all macros" then close and reopen this document.

Sheet Dashboard
B1: Progress dashboard | G1: About the dashboard
B2: ='1.Signature page'!C3 -> Accelerating actions to improve organic waste management and reduce methane emissions. (PA-24-003)
B3: ='1.Signature page'!C4 -> UNDP Panama
B5: ACTIVITIES COMPLETED | D5: OUTPUTS COMPLETED
B6: =CONCATENATE(COUNTIF($I$11:$I$31,"yes")," / ",COUNTIF('INT-Pivots'!CB6:CB245,"*")) -> 3 / 26 | D6: =CONCATENATE(COUNTIF($J$11:$J$31,"yes")," / ",COUNTIF('INT-Pivots'!U6:U65,"*")) -> 0 / 9
B9: PROJECT PROGRESS | M9: EXPENDITURE BY ACTIVITY (CCAC funding) | Y9: SUMMARY BY COST CATEGORY
B10: Description | C10: Delivery date | D10: =CONCATENATE("Reporting period: ",'1.Signature page'!$C$20) -> Reporting period: 11/12/2025 - 30/06/2026 | E10: =CONCATENATE("Reporting period: ",'1.Signature page'!$C$35) -> Reporting period: 01/07/2026 - 31/12/2026 | F10: =CONCATENATE("Reporting period: ",'1.Signature page'!$C$50) -> Reporting period: 01/01/2027 - 30/06/2027 | G10: =CONCATENATE("Reporting period: ",'1.Signature page'!$C$65) -> Reporting period: | H10: =CONCATENATE("Reporting period: ",'1.Signature page'!$C$80) -> Reporting period: | I10: Activity complete | J10: Output complete | K10: Outcome completed | M10: Related activity | N10: Category | O10: Total budget | P10: Total expenditure | Q10: =IF(ISBLANK('1.Signature page'!$C$20),"",CONCATENATE("Reporting period: ",'1.Signature page'!$C$20)) -> Reporting period: 11/12/2025 - 30/06/2026 | R10: =IF(ISBLANK('1.Signature page'!$C$35),"",CONCATENATE("Reporting period: ",'1.Signature page'!$C$35)) -> Reporting period: 01/07/2026 - 31/12/2026 | S10: =IF(ISBLANK('1.Signature page'!$C$50),"",CONCATENATE("Reporting period: ",'1.Signature page'!$C$50)) -> Reporting period: 01/01/2027 - 30/06/2027 | T10: =IF(ISBLANK('1.Signature page'!$C$65),"",CONCATENATE("Reporting period: ",'1.Signature page'!$C$65)) | U10: =IF(ISBLANK('1.Signature page'!$C$80),"",CONCATENATE("Reporting period: ",'1.Signature page'!$C$80)) | W10: Expenditure per avtivity Cofunding | Y10: Category | Z10: Total budget | AA10: Total expenditure | AB10: Variance
B11: =IF('INT-Pivots'!G6="","",'INT-Pivots'!G6) -> Outcome 1. The Government of Panama has increased knowledge on opportunities and options for organic waste diversion including their positive impacts by the end of the project or soon after. | C11: =IF('INT-Pivots'!K6="","",IF('INT-Pivots'!K6="(blank)","Project end",VALUE('INT-Pivots'!K6))) -> Project end | D11: =IF(ISBLANK('2. Narrative'!R6),"",'2. Narrative'!R6) -> On track | E11: =IF(ISBLANK('2. Narrative'!X6),"",'2. Narrative'!X6) | F11: =IF(ISBLANK('2. Narrative'!AD6),"",'2. Narrative'!AD6) | G11: =IF(ISBLANK('2. Narrative'!AJ6),"",'2. Narrative'!AJ6) | H11: =IF(ISBLANK('2. Narrative'!AP6),"",'2. Narrative'!AP6) | I11: =IF(AND(ISNUMBER(SEARCH("Activity",$B11)),COUNTIF($D11:$H11,"Complete")>0),"yes","no") -> no | J11: =IF(AND(ISNUMBER(SEARCH("Output",$B11)),COUNTIF($D11:$H11,"Complete")>0),"yes","no") -> no | K11: =IF(AND(ISNUMBER(SEARCH("Outcome",$B11)),COUNTIF($D11:$H11,"Complete")>0),"yes","no") -> no | N11: Total | O11: =SUM(O12:O210) -> #REF! | P11: =SUM(P12:P150) -> #REF! | Q11: =SUM(Q12:Q150) -> #REF! | R11: =SUM(R12:R150) -> #REF! | S11: =SUM(S12:S150) -> #REF! | T11: =SUM(T12:T150) -> #REF! | U11: =SUM(U12:U150) -> #REF! | W11: =SUM(W12:W211) -> #REF! | Y11: Total | Z11: =SUM(Z12:Z18) -> 390000 | AA11: =SUM(AA12:AA17) -> 19586.75 | AB11: =IF(Z11="","",IF(ISERROR((AA11-Z11)/Z11),"",(AA11-Z11)/Z11)) -> -0.94977756
B12: =IF('INT-Pivots'!G7="","",'INT-Pivots'!G7) -> Output 1.1 Pre-feasibility studies for organic waste treatment options | C12: =IF('INT-Pivots'!K7="","",IF('INT-Pivots'!K7="(blank)","Project end",VALUE('INT-Pivots'!K7))) -> 45992 | D12: =IF(ISBLANK('2. Narrative'!R7),"",'2. Narrative'!R7) -> Delayed | E12: =IF(ISBLANK('2. Narrative'!X7),"",'2. Narrative'!X7) | F12: =IF(ISBLANK('2. Narrative'!AD7),"",'2. Narrative'!AD7) | G12: =IF(ISBLANK('2. Narrative'!AJ7),"",'2. Narrative'!AJ7) | H12: =IF(ISBLANK('2. Narrative'!AP7),"",'2. Narrative'!AP7) | I12: =IF(AND(ISNUMBER(SEARCH("Activity",$B12)),COUNTIF($D12:$H12,"Complete")>0),"yes","no") -> no | J12: =IF(AND(ISNUMBER(SEARCH("Output",$B12)),COUNTIF($D12:$H12,"Complete")>0),"yes","no") -> no | K12: =IF(AND(ISNUMBER(SEARCH("Outcome",$B12)),COUNTIF($D12:$H12,"Complete")>0),"yes","no") -> no | M12: =IF('3. Expenditures'!D6="CCAC", '3. Expenditures'!B6, 0) -> Activity 1.1.1 Conduct consultations with government entities, MERCA representatives, and private sector players, ensuring equal participation of women and men, to define treatment options. | N12: =IF('3. Expenditures'!D6="CCAC", '3. Expenditures'!C6, 0) -> Staff and Other Personnel Costs | O12: =IF('3. Expenditures'!D6="CCAC", '3. Expenditures'!E6, 0) -> 15000 | P12: =SUM(Q12:U12) -> 5880 | Q12: =IF('3. Expenditures'!D6="CCAC", '3. Expenditures'!L6, 0) -> 5880 | R12: =IF('3. Expenditures'!D6="CCAC", '3. Expenditures'!N6, 0) -> 0 | S12: =IF('3. Expenditures'!D6="CCAC", '3. Expenditures'!P6, 0) -> 0 | T12: =IF('3. Expenditures'!D6="CCAC", '3. Expenditures'!R6, 0) -> 0 | U12: =IF('3. Expenditures'!D6="CCAC", '3. Expenditures'!T6, 0) -> 0 | W12: =IF('3. Expenditures'!D6="Co-funding", '3. Expenditures'!L6+'3. Expenditures'!N6+'3. Expenditures'!P6+'3. Expenditures'!R6+'3. Expenditures'!T6, 0) -> 0 | Y12: Contractual Services | Z12: =SUMIF($N$12:$N$210,$Y12,$O$12:$O$236) -> 102686 | AA12: =SUMIF($N$12:$N$210,$Y12,$P$12:$P$236) -> 0 | AB12: =IF(Z12="","",IF(ISERROR((AA12-Z12)/Z12),"",(AA12-Z12)/Z12)) -> -1
B13: =IF('INT-Pivots'!G8="","",'INT-Pivots'!G8) -> Activity 1.1.1 Conduct consultations with government entities, MERCA representatives, and private sector players, ensuring equal participation of women and men, to define treatment options. | C13: =IF('INT-Pivots'!K8="","",IF('INT-Pivots'!K8="(blank)","Project end",VALUE('INT-Pivots'!K8))) -> 45901 | D13: =IF(ISBLANK('2. Narrative'!R8),"",'2. Narrative'!R8) -> Complete | E13: =IF(ISBLANK('2. Narrative'!X8),"",'2. Narrative'!X8) | F13: =IF(ISBLANK('2. Narrative'!AD8),"",'2. Narrative'!AD8) | G13: =IF(ISBLANK('2. Narrative'!AJ8),"",'2. Narrative'!AJ8) | H13: =IF(ISBLANK('2. Narrative'!AP8),"",'2. Narrative'!AP8) | I13: =IF(AND(ISNUMBER(SEARCH("Activity",$B13)),COUNTIF($D13:$H13,"Complete")>0),"yes","no") -> yes | J13: =IF(AND(ISNUMBER(SEARCH("Output",$B13)),COUNTIF($D13:$H13,"Complete")>0),"yes","no") -> no | K13: =IF(AND(ISNUMBER(SEARCH("Outcome",$B13)),COUNTIF($D13:$H13,"Complete")>0),"yes","no") -> no | M13: =IF('3. Expenditures'!D7="CCAC", '3. Expenditures'!B7, 0) -> Activity 1.1.1 Conduct consultations with government entities, MERCA representatives, and private sector players, ensuring equal participation of women and men, to define treatment options. | N13: =IF('3. Expenditures'!D7="CCAC", '3. Expenditures'!C7, 0) -> Travel | O13: =IF('3. Expenditures'!D7="CCAC", '3. Expenditures'!E7, 0) -> 2000 | P13: =SUM(Q13:U13) -> 1333 | Q13: =IF('3. Expenditures'!D7="CCAC", '3. Expenditures'!L7, 0) -> 1333 | R13: =IF('3. Expenditures'!D7="CCAC", '3. Expenditures'!N7, 0) -> 0 | S13: =IF('3. Expenditures'!D7="CCAC", '3. Expenditures'!P7, 0) -> 0 | T13: =IF('3. Expenditures'!D7="CCAC", '3. Expenditures'!R7, 0) -> 0 | U13: =IF('3. Expenditures'!D7="CCAC", '3. Expenditures'!T7, 0) -> 0 | W13: =IF('3. Expenditures'!D7="Co-funding", '3. Expenditures'!L7+'3. Expenditures'!N7+'3. Expenditures'!P7+'3. Expenditures'!R7+'3. Expenditures'!T7, 0) -> 0 | Y13: Equipment Vehicles and Furniture | Z13: =SUMIF($N$12:$N$210,$Y13,$O$12:$O$236) -> 3000 | AA13: =SUMIF($N$12:$N$210,$Y13,$P$12:$P$236) -> 0 | AB13: =IF(Z13="","",IF(ISERROR((AA13-Z13)/Z13),"",(AA13-Z13)/Z13)) -> -1
B14: =IF('INT-Pivots'!G9="","",'INT-Pivots'!G9) -> Activity 1.1.2 Evaluate technical and economic feasibility for technologies like composting and anaerobic digestion, including an analysis of how these benefit women-led businesses and communities. | C14: =IF('INT-Pivots'!K9="","",IF('INT-Pivots'!K9="(blank)","Project end",VALUE('INT-Pivots'!K9))) -> 45992 | D14: =IF(ISBLANK('2. Narrative'!R9),"",'2. Narrative'!R9) -> Delayed | E14: =IF(ISBLANK('2. Narrative'!X9),"",'2. Narrative'!X9) | F14: =IF(ISBLANK('2. Narrative'!AD9),"",'2. Narrative'!AD9) | G14: =IF(ISBLANK('2. Narrative'!AJ9),"",'2. Narrative'!AJ9) | H14: =IF(ISBLANK('2. Narrative'!AP9),"",'2. Narrative'!AP9) | I14: =IF(AND(ISNUMBER(SEARCH("Activity",$B14)),COUNTIF($D14:$H14,"Complete")>0),"yes","no") -> no | J14: =IF(AND(ISNUMBER(SEARCH("Output",$B14)),COUNTIF($D14:$H14,"Complete")>0),"yes","no") -> no | K14: =IF(AND(ISNUMBER(SEARCH("Outcome",$B14)),COUNTIF($D14:$H14,"Complete")>0),"yes","no") -> no | M14: =IF('3. Expenditures'!D8="CCAC", '3. Expenditures'!B8, 0) -> Activity 1.1.2 Evaluate technical and economic feasibility for technologies like composting and anaerobic digestion, including an analysis of how these benefit women-led businesses and communities. | N14: =IF('3. Expenditures'!D8="CCAC", '3. Expenditures'!C8, 0) -> Staff and Other Personnel Costs | O14: =IF('3. Expenditures'!D8="CCAC", '3. Expenditures'!E8, 0) -> 20000 | P14: =SUM(Q14:U14) -> 12373.75 | Q14: =IF('3. Expenditures'!D8="CCAC", '3. Expenditures'!L8, 0) -> 12373.75 | R14: =IF('3. Expenditures'!D8="CCAC", '3. Expenditures'!N8, 0) -> 0 | S14: =IF('3. Expenditures'!D8="CCAC", '3. Expenditures'!P8, 0) -> 0 | T14: =IF('3. Expenditures'!D8="CCAC", '3. Expenditures'!R8, 0) -> 0 | U14: =IF('3. Expenditures'!D8="CCAC", '3. Expenditures'!T8, 0) -> 0 | W14: =IF('3. Expenditures'!D8="Co-funding", '3. Expenditures'!L8+'3. Expenditures'!N8+'3. Expenditures'!P8+'3. Expenditures'!R8+'3. Expenditures'!T8, 0) -> 0 | Y14: Operating and Other Direct Costs | Z14: =SUMIF($N$12:$N$210,$Y14,$O$12:$O$236) -> 0 | AA14: =SUMIF($N$12:$N$210,$Y14,$P$12:$P$236) -> 0 | AB14: =IF(Z14="","",IF(ISERROR((AA14-Z14)/Z14),"",(AA14-Z14)/Z14))
B15: =IF('INT-Pivots'!G10="","",'INT-Pivots'!G10) -> Output 1.2 Estimates of decentralized infraestructure supporting diverted organic waste | C15: =IF('INT-Pivots'!K10="","",IF('INT-Pivots'!K10="(blank)","Project end",VALUE('INT-Pivots'!K10))) -> 45992 | D15: =IF(ISBLANK('2. Narrative'!R10),"",'2. Narrative'!R10) -> On track | E15: =IF(ISBLANK('2. Narrative'!X10),"",'2. Narrative'!X10) | F15: =IF(ISBLANK('2. Narrative'!AD10),"",'2. Narrative'!AD10) | G15: =IF(ISBLANK('2. Narrative'!AJ10),"",'2. Narrative'!AJ10) | H15: =IF(ISBLANK('2. Narrative'!AP10),"",'2. Narrative'!AP10) | I15: =IF(AND(ISNUMBER(SEARCH("Activity",$B15)),COUNTIF($D15:$H15,"Complete")>0),"yes","no") -> no | J15: =IF(AND(ISNUMBER(SEARCH("Output",$B15)),COUNTIF($D15:$H15,"Complete")>0),"yes","no") -> no | K15: =IF(AND(ISNUMBER(SEARCH("Outcome",$B15)),COUNTIF($D15:$H15,"Complete")>0),"yes","no") -> no | M15: =IF('3. Expenditures'!D9="CCAC", '3. Expenditures'!B9, 0) -> Activity 1.2.1 Map existing and potential decentralized infrastructure for waste management, engaging municipalities and local organizations to provide on-ground insights. | N15: =IF('3. Expenditures'!D9="CCAC", '3. Expenditures'!C9, 0) -> Staff and Other Personnel Costs | O15: =IF('3. Expenditures'!D9="CCAC", '3. Expenditures'!E9, 0) -> 10000 | P15: =SUM(Q15:U15) -> 0 | Q15: =IF('3. Expenditures'!D9="CCAC", '3. Expenditures'!L9, 0) -> 0 | R15: =IF('3. Expenditures'!D9="CCAC", '3. Expenditures'!N9, 0) -> 0 | S15: =IF('3. Expenditures'!D9="CCAC", '3. Expenditures'!P9, 0) -> 0 | T15: =IF('3. Expenditures'!D9="CCAC", '3. Expenditures'!R9, 0) -> 0 | U15: =IF('3. Expenditures'!D9="CCAC", '3. Expenditures'!T9, 0) -> 0 | W15: =IF('3. Expenditures'!D9="Co-funding", '3. Expenditures'!L9+'3. Expenditures'!N9+'3. Expenditures'!P9+'3. Expenditures'!R9+'3. Expenditures'!T9, 0) -> 0 | Y15: Staff and Other Personnel Costs | Z15: =SUMIF($N$12:$N$210,$Y15,$O$12:$O$236) -> 255000 | AA15: =SUMIF($N$12:$N$210,$Y15,$P$12:$P$236) -> 18253.75 | AB15: =IF(Z15="","",IF(ISERROR((AA15-Z15)/Z15),"",(AA15-Z15)/Z15)) -> -0.92841667
B16: =IF('INT-Pivots'!G11="","",'INT-Pivots'!G11) -> Activity 1.2.1 Map existing and potential decentralized infrastructure for waste management, engaging municipalities and local organizations to provide on-ground insights. | C16: =IF('INT-Pivots'!K11="","",IF('INT-Pivots'!K11="(blank)","Project end",VALUE('INT-Pivots'!K11))) -> 45901 | D16: =IF(ISBLANK('2. Narrative'!R11),"",'2. Narrative'!R11) -> Delayed | E16: =IF(ISBLANK('2. Narrative'!X11),"",'2. Narrative'!X11) | F16: =IF(ISBLANK('2. Narrative'!AD11),"",'2. Narrative'!AD11) | G16: =IF(ISBLANK('2. Narrative'!AJ11),"",'2. Narrative'!AJ11) | H16: =IF(ISBLANK('2. Narrative'!AP11),"",'2. Narrative'!AP11) | I16: =IF(AND(ISNUMBER(SEARCH("Activity",$B16)),COUNTIF($D16:$H16,"Complete")>0),"yes","no") -> no | J16: =IF(AND(ISNUMBER(SEARCH("Output",$B16)),COUNTIF($D16:$H16,"Complete")>0),"yes","no") -> no | K16: =IF(AND(ISNUMBER(SEARCH("Outcome",$B16)),COUNTIF($D16:$H16,"Complete")>0),"yes","no") -> no | M16: =IF('3. Expenditures'!D10="CCAC", '3. Expenditures'!B10, 0) -> Activity 1.2.2 Conduct site visits and surveys, collecting gender-disaggregated data to ensure proposed infrastructure meets the needs of both genders. | N16: =IF('3. Expenditures'!D10="CCAC", '3. Expenditures'!C10, 0) -> Travel | O16: =IF('3. Expenditures'!D10="CCAC", '3. Expenditures'!E10, 0) -> 1800 | P16: =SUM(Q16:U16) -> 0 | Q16: =IF('3. Expenditures'!D10="CCAC", '3. Expenditures'!L10, 0) -> 0 | R16: =IF('3. Expenditures'!D10="CCAC", '3. Expenditures'!N10, 0) -> 0 | S16: =IF('3. Expenditures'!D10="CCAC", '3. Expenditures'!P10, 0) -> 0 | T16: =IF('3. Expenditures'!D10="CCAC", '3. Expenditures'!R10, 0) -> 0 | U16: =IF('3. Expenditures'!D10="CCAC", '3. Expenditures'!T10, 0) -> 0 | W16: =IF('3. Expenditures'!D10="Co-funding", '3. Expenditures'!L10+'3. Expenditures'!N10+'3. Expenditures'!P10+'3. Expenditures'!R10+'3. Expenditures'!T10, 0) -> 0 | Y16: Supplies Commodities and Materials | Z16: =SUMIF($N$12:$N$210,$Y16,$O$12:$O$236) -> 0 | AA16: =SUMIF($N$12:$N$210,$Y16,$P$12:$P$236) -> 0 | AB16: =IF(Z16="","",IF(ISERROR((AA16-Z16)/Z16),"",(AA16-Z16)/Z16))
B17: =IF('INT-Pivots'!G12="","",'INT-Pivots'!G12) -> Activity 1.2.2 Conduct site visits and surveys, collecting gender-disaggregated data to ensure proposed infrastructure meets the needs of both genders. | C17: =IF('INT-Pivots'!K12="","",IF('INT-Pivots'!K12="(blank)","Project end",VALUE('INT-Pivots'!K12))) -> 45992 | D17: =IF(ISBLANK('2. Narrative'!R12),"",'2. Narrative'!R12) -> Complete | E17: =IF(ISBLANK('2. Narrative'!X12),"",'2. Narrative'!X12) | F17: =IF(ISBLANK('2. Narrative'!AD12),"",'2. Narrative'!AD12) | G17: =IF(ISBLANK('2. Narrative'!AJ12),"",'2. Narrative'!AJ12) | H17: =IF(ISBLANK('2. Narrative'!AP12),"",'2. Narrative'!AP12) | I17: =IF(AND(ISNUMBER(SEARCH("Activity",$B17)),COUNTIF($D17:$H17,"Complete")>0),"yes","no") -> yes | J17: =IF(AND(ISNUMBER(SEARCH("Output",$B17)),COUNTIF($D17:$H17,"Complete")>0),"yes","no") -> no | K17: =IF(AND(ISNUMBER(SEARCH("Outcome",$B17)),COUNTIF($D17:$H17,"Complete")>0),"yes","no") -> no | M17: =IF('3. Expenditures'!D11="CCAC", '3. Expenditures'!B11, 0) -> Activity 1.2.3 Develop cost-benefit analyses, incorporating feedback from diverse stakeholders through an online webinar. | N17: =IF('3. Expenditures'!D11="CCAC", '3. Expenditures'!C11, 0) -> Staff and Other Personnel Costs | O17: =IF('3. Expenditures'!D11="CCAC", '3. Expenditures'!E11, 0) -> 5000 | P17: =SUM(Q17:U17) -> 0 | Q17: =IF('3. Expenditures'!D11="CCAC", '3. Expenditures'!L11, 0) -> 0 | R17: =IF('3. Expenditures'!D11="CCAC", '3. Expenditures'!N11, 0) -> 0 | S17: =IF('3. Expenditures'!D11="CCAC", '3. Expenditures'!P11, 0) -> 0 | T17: =IF('3. Expenditures'!D11="CCAC", '3. Expenditures'!R11, 0) -> 0 | U17: =IF('3. Expenditures'!D11="CCAC", '3. Expenditures'!T11, 0) -> 0 | W17: =IF('3. Expenditures'!D11="Co-funding", '3. Expenditures'!L11+'3. Expenditures'!N11+'3. Expenditures'!P11+'3. Expenditures'!R11+'3. Expenditures'!T11, 0) -> 0 | Y17: Travel | Z17: =SUMIF($N$12:$N$210,$Y17,$O$12:$O$236) -> 3800 | AA17: =SUMIF($N$12:$N$210,$Y17,$P$12:$P$236) -> 1333 | AB17: =IF(Z17="","",IF(ISERROR((AA17-Z17)/Z17),"",(AA17-Z17)/Z17)) -> -0.64921053
B18: =IF('INT-Pivots'!G13="","",'INT-Pivots'!G13) -> Activity 1.2.3 Develop cost-benefit analyses, incorporating feedback from diverse stakeholders through an online webinar. | C18: =IF('INT-Pivots'!K13="","",IF('INT-Pivots'!K13="(blank)","Project end",VALUE('INT-Pivots'!K13))) -> 46082 | D18: =IF(ISBLANK('2. Narrative'!R13),"",'2. Narrative'!R13) -> Complete | E18: =IF(ISBLANK('2. Narrative'!X13),"",'2. Narrative'!X13) | F18: =IF(ISBLANK('2. Narrative'!AD13),"",'2. Narrative'!AD13) | G18: =IF(ISBLANK('2. Narrative'!AJ13),"",'2. Narrative'!AJ13) | H18: =IF(ISBLANK('2. Narrative'!AP13),"",'2. Narrative'!AP13) | I18: =IF(AND(ISNUMBER(SEARCH("Activity",$B18)),COUNTIF($D18:$H18,"Complete")>0),"yes","no") -> yes | J18: =IF(AND(ISNUMBER(SEARCH("Output",$B18)),COUNTIF($D18:$H18,"Complete")>0),"yes","no") -> no | K18: =IF(AND(ISNUMBER(SEARCH("Outcome",$B18)),COUNTIF($D18:$H18,"Complete")>0),"yes","no") -> no | M18: =IF('3. Expenditures'!D12="CCAC", '3. Expenditures'!B12, 0) -> Activity 1.3.1 Develop a list of complementary technologies and infrastructure to enhance organic waste management, consulting stakeholders such as circular economy specialists and private sector innovators. | N18: =IF('3. Expenditures'!D12="CCAC", '3. Expenditures'!C12, 0) -> Staff and Other Personnel Costs | O18: =IF('3. Expenditures'!D12="CCAC", '3. Expenditures'!E12, 0) -> 20000 | P18: =SUM(Q18:U18) -> 0 | Q18: =IF('3. Expenditures'!D12="CCAC", '3. Expenditures'!L12, 0) -> 0 | R18: =IF('3. Expenditures'!D12="CCAC", '3. Expenditures'!N12, 0) -> 0 | S18: =IF('3. Expenditures'!D12="CCAC", '3. Expenditures'!P12, 0) -> 0 | T18: =IF('3. Expenditures'!D12="CCAC", '3. Expenditures'!R12, 0) -> 0 | U18: =IF('3. Expenditures'!D12="CCAC", '3. Expenditures'!T12, 0) -> 0 | W18: =IF('3. Expenditures'!D12="Co-funding", '3. Expenditures'!L12+'3. Expenditures'!N12+'3. Expenditures'!P12+'3. Expenditures'!R12+'3. Expenditures'!T12, 0) -> 0 | Y18: UN-PSC | Z18: =SUMIF($N$12:$N$210,$Y18,$O$12:$O$236) -> 25514 | AA18: =SUMIF($N$12:$N$210,$Y18,$P$12:$P$236) -> 1371.0725 | AB18: =IF(Z18="","",IF(ISERROR((AA18-Z18)/Z18),"",(AA18-Z18)/Z18)) -> -0.94626195
B19: =IF('INT-Pivots'!G14="","",'INT-Pivots'!G14) -> Output 1.3 Recommendations for alternative/ complementary infraestrucutre | C19: =IF('INT-Pivots'!K14="","",IF('INT-Pivots'!K14="(blank)","Project end",VALUE('INT-Pivots'!K14))) -> 46266 | D19: =IF(ISBLANK('2. Narrative'!R14),"",'2. Narrative'!R14) -> On track | E19: =IF(ISBLANK('2. Narrative'!X14),"",'2. Narrative'!X14) | F19: =IF(ISBLANK('2. Narrative'!AD14),"",'2. Narrative'!AD14) | G19: =IF(ISBLANK('2. Narrative'!AJ14),"",'2. Narrative'!AJ14) | H19: =IF(ISBLANK('2. Narrative'!AP14),"",'2. Narrative'!AP14) | I19: =IF(AND(ISNUMBER(SEARCH("Activity",$B19)),COUNTIF($D19:$H19,"Complete")>0),"yes","no") -> no | J19: =IF(AND(ISNUMBER(SEARCH("Output",$B19)),COUNTIF($D19:$H19,"Complete")>0),"yes","no") -> no | K19: =IF(AND(ISNUMBER(SEARCH("Outcome",$B19)),COUNTIF($D19:$H19,"Complete")>0),"yes","no") -> no | M19: =IF('3. Expenditures'!D13="CCAC", '3. Expenditures'!B13, 0) -> Activity 1.3.2 Host a gender-balanced expert panel to validate recommendations, prioritizing options that create employment for women. | N19: =IF('3. Expenditures'!D13="CCAC", '3. Expenditures'!C13, 0) -> Contractual Services | O19: =IF('3. Expenditures'!D13="CCAC", '3. Expenditures'!E13, 0) -> 1000 | P19: =SUM(Q19:U19) -> 0 | Q19: =IF('3. Expenditures'!D13="CCAC", '3. Expenditures'!L13, 0) -> 0 | R19: =IF('3. Expenditures'!D13="CCAC", '3. Expenditures'!N13, 0) -> 0 | S19: =IF('3. Expenditures'!D13="CCAC", '3. Expenditures'!P13, 0) -> 0 | T19: =IF('3. Expenditures'!D13="CCAC", '3. Expenditures'!R13, 0) -> 0 | U19: =IF('3. Expenditures'!D13="CCAC", '3. Expenditures'!T13, 0) -> 0 | W19: =IF('3. Expenditures'!D13="Co-funding", '3. Expenditures'!L13+'3. Expenditures'!N13+'3. Expenditures'!P13+'3. Expenditures'!R13+'3. Expenditures'!T13, 0) -> 0
B20: =IF('INT-Pivots'!G15="","",'INT-Pivots'!G15) -> Activity 1.3.1 Develop a list of complementary technologies and infrastructure to enhance organic waste management, consulting stakeholders such as circular economy specialists and private sector innovators. | C20: =IF('INT-Pivots'!K15="","",IF('INT-Pivots'!K15="(blank)","Project end",VALUE('INT-Pivots'!K15))) -> 46174 | D20: =IF(ISBLANK('2. Narrative'!R15),"",'2. Narrative'!R15) -> On track | E20: =IF(ISBLANK('2. Narrative'!X15),"",'2. Narrative'!X15) | F20: =IF(ISBLANK('2. Narrative'!AD15),"",'2. Narrative'!AD15) | G20: =IF(ISBLANK('2. Narrative'!AJ15),"",'2. Narrative'!AJ15) | H20: =IF(ISBLANK('2. Narrative'!AP15),"",'2. Narrative'!AP15) | I20: =IF(AND(ISNUMBER(SEARCH("Activity",$B20)),COUNTIF($D20:$H20,"Complete")>0),"yes","no") -> no | J20: =IF(AND(ISNUMBER(SEARCH("Output",$B20)),COUNTIF($D20:$H20,"Complete")>0),"yes","no") -> no | K20: =IF(AND(ISNUMBER(SEARCH("Outcome",$B20)),COUNTIF($D20:$H20,"Complete")>0),"yes","no") -> no | M20: =IF('3. Expenditures'!D14="CCAC", '3. Expenditures'!B14, 0) -> Activity 1.3.3 Prepare an accessible visual infographic summarizing key recommendations for public dissemination. | N20: =IF('3. Expenditures'!D14="CCAC", '3. Expenditures'!C14, 0) -> Contractual Services | O20: =IF('3. Expenditures'!D14="CCAC", '3. Expenditures'!E14, 0) -> 2000 | P20: =SUM(Q20:U20) -> 0 | Q20: =IF('3. Expenditures'!D14="CCAC", '3. Expenditures'!L14, 0) -> 0 | R20: =IF('3. Expenditures'!D14="CCAC", '3. Expenditures'!N14, 0) -> 0 | S20: =IF('3. Expenditures'!D14="CCAC", '3. Expenditures'!P14, 0) -> 0 | T20: =IF('3. Expenditures'!D14="CCAC", '3. Expenditures'!R14, 0) -> 0 | U20: =IF('3. Expenditures'!D14="CCAC", '3. Expenditures'!T14, 0) -> 0 | W20: =IF('3. Expenditures'!D14="Co-funding", '3. Expenditures'!L14+'3. Expenditures'!N14+'3. Expenditures'!P14+'3. Expenditures'!R14+'3. Expenditures'!T14, 0) -> 0
B21: =IF('INT-Pivots'!G16="","",'INT-Pivots'!G16) -> Activity 1.3.2 Host a gender-balanced expert panel to validate recommendations, prioritizing options that create employment for women. | C21: =IF('INT-Pivots'!K16="","",IF('INT-Pivots'!K16="(blank)","Project end",VALUE('INT-Pivots'!K16))) -> 46174 | D21: =IF(ISBLANK('2. Narrative'!R16),"",'2. Narrative'!R16) -> On track | E21: =IF(ISBLANK('2. Narrative'!X16),"",'2. Narrative'!X16) | F21: =IF(ISBLANK('2. Narrative'!AD16),"",'2. Narrative'!AD16) | G21: =IF(ISBLANK('2. Narrative'!AJ16),"",'2. Narrative'!AJ16) | H21: =IF(ISBLANK('2. Narrative'!AP16),"",'2. Narrative'!AP16) | I21: =IF(AND(ISNUMBER(SEARCH("Activity",$B21)),COUNTIF($D21:$H21,"Complete")>0),"yes","no") -> no | J21: =IF(AND(ISNUMBER(SEARCH("Output",$B21)),COUNTIF($D21:$H21,"Complete")>0),"yes","no") -> no | K21: =IF(AND(ISNUMBER(SEARCH("Outcome",$B21)),COUNTIF($D21:$H21,"Complete")>0),"yes","no") -> no | M21: =IF('3. Expenditures'!D15="CCAC", '3. Expenditures'!B15, 0) -> Activity 1.4.1 Conduct an in-depth evaluation of essential infrastructure for organic waste management (e.g., composting plants, biodigesters) | N21: =IF('3. Expenditures'!D15="CCAC", '3. Expenditures'!C15, 0) -> Staff and Other Personnel Costs | O21: =IF('3. Expenditures'!D15="CCAC", '3. Expenditures'!E15, 0) -> 10000 | P21: =SUM(Q21:U21) -> 0 | Q21: =IF('3. Expenditures'!D15="CCAC", '3. Expenditures'!L15, 0) -> 0 | R21: =IF('3. Expenditures'!D15="CCAC", '3. Expenditures'!N15, 0) -> 0 | S21: =IF('3. Expenditures'!D15="CCAC", '3. Expenditures'!P15, 0) -> 0 | T21: =IF('3. Expenditures'!D15="CCAC", '3. Expenditures'!R15, 0) -> 0 | U21: =IF('3. Expenditures'!D15="CCAC", '3. Expenditures'!T15, 0) -> 0 | W21: =IF('3. Expenditures'!D15="Co-funding", '3. Expenditures'!L15+'3. Expenditures'!N15+'3. Expenditures'!P15+'3. Expenditures'!R15+'3. Expenditures'!T15, 0) -> 0
B22: =IF('INT-Pivots'!G17="","",'INT-Pivots'!G17) -> Activity 1.3.3 Prepare an accessible visual infographic summarizing key recommendations for public dissemination. | C22: =IF('INT-Pivots'!K17="","",IF('INT-Pivots'!K17="(blank)","Project end",VALUE('INT-Pivots'!K17))) -> 46266 | D22: =IF(ISBLANK('2. Narrative'!R17),"",'2. Narrative'!R17) -> On track | E22: =IF(ISBLANK('2. Narrative'!X17),"",'2. Narrative'!X17) | F22: =IF(ISBLANK('2. Narrative'!AD17),"",'2. Narrative'!AD17) | G22: =IF(ISBLANK('2. Narrative'!AJ17),"",'2. Narrative'!AJ17) | H22: =IF(ISBLANK('2. Narrative'!AP17),"",'2. Narrative'!AP17) | I22: =IF(AND(ISNUMBER(SEARCH("Activity",$B22)),COUNTIF($D22:$H22,"Complete")>0),"yes","no") -> no | J22: =IF(AND(ISNUMBER(SEARCH("Output",$B22)),COUNTIF($D22:$H22,"Complete")>0),"yes","no") -> no | K22: =IF(AND(ISNUMBER(SEARCH("Outcome",$B22)),COUNTIF($D22:$H22,"Complete")>0),"yes","no") -> no | M22: =IF('3. Expenditures'!D16="CCAC", '3. Expenditures'!B16, 0) -> Activity 1.4.2 Compile findings into a comprehensive report highlighting investment opportunities, environmental and economic benefits, and potential social impacts. Share the report through workshops and online platforms targeting public and private stakeholders. | N22: =IF('3. Expenditures'!D16="CCAC", '3. Expenditures'!C16, 0) -> Staff and Other Personnel Costs | O22: =IF('3. Expenditures'!D16="CCAC", '3. Expenditures'!E16, 0) -> 5000 | P22: =SUM(Q22:U22) -> 0 | Q22: =IF('3. Expenditures'!D16="CCAC", '3. Expenditures'!L16, 0) -> 0 | R22: =IF('3. Expenditures'!D16="CCAC", '3. Expenditures'!N16, 0) -> 0 | S22: =IF('3. Expenditures'!D16="CCAC", '3. Expenditures'!P16, 0) -> 0 | T22: =IF('3. Expenditures'!D16="CCAC", '3. Expenditures'!R16, 0) -> 0 | U22: =IF('3. Expenditures'!D16="CCAC", '3. Expenditures'!T16, 0) -> 0 | W22: =IF('3. Expenditures'!D16="Co-funding", '3. Expenditures'!L16+'3. Expenditures'!N16+'3. Expenditures'!P16+'3. Expenditures'!R16+'3. Expenditures'!T16, 0) -> 0
B23: =IF('INT-Pivots'!G18="","",'INT-Pivots'!G18) -> Output 1.4 Report indentifying necessary infraestructure and investment to support organic waste management | C23: =IF('INT-Pivots'!K18="","",IF('INT-Pivots'!K18="(blank)","Project end",VALUE('INT-Pivots'!K18))) -> 46357 | D23: =IF(ISBLANK('2. Narrative'!R18),"",'2. Narrative'!R18) -> Not started | E23: =IF(ISBLANK('2. Narrative'!X18),"",'2. Narrative'!X18) | F23: =IF(ISBLANK('2. Narrative'!AD18),"",'2. Narrative'!AD18) | G23: =IF(ISBLANK('2. Narrative'!AJ18),"",'2. Narrative'!AJ18) | H23: =IF(ISBLANK('2. Narrative'!AP18),"",'2. Narrative'!AP18) | I23: =IF(AND(ISNUMBER(SEARCH("Activity",$B23)),COUNTIF($D23:$H23,"Complete")>0),"yes","no") -> no | J23: =IF(AND(ISNUMBER(SEARCH("Output",$B23)),COUNTIF($D23:$H23,"Complete")>0),"yes","no") -> no | K23: =IF(AND(ISNUMBER(SEARCH("Outcome",$B23)),COUNTIF($D23:$H23,"Complete")>0),"yes","no") -> no | M23: =IF('3. Expenditures'!D17="CCAC", '3. Expenditures'!B17, 0) -> Activity 2.1.1Identify and evaluate projects with business potential, ensuring inclusion of women-led initiatives and alignment with national goals. | N23: =IF('3. Expenditures'!D17="CCAC", '3. Expenditures'!C17, 0) -> Contractual Services | O23: =IF('3. Expenditures'!D17="CCAC", '3. Expenditures'!E17, 0) -> 20000 | P23: =SUM(Q23:U23) -> 0 | Q23: =IF('3. Expenditures'!D17="CCAC", '3. Expenditures'!L17, 0) -> 0 | R23: =IF('3. Expenditures'!D17="CCAC", '3. Expenditures'!N17, 0) -> 0 | S23: =IF('3. Expenditures'!D17="CCAC", '3. Expenditures'!P17, 0) -> 0 | T23: =IF('3. Expenditures'!D17="CCAC", '3. Expenditures'!R17, 0) -> 0 | U23: =IF('3. Expenditures'!D17="CCAC", '3. Expenditures'!T17, 0) -> 0 | W23: =IF('3. Expenditures'!D17="Co-funding", '3. Expenditures'!L17+'3. Expenditures'!N17+'3. Expenditures'!P17+'3. Expenditures'!R17+'3. Expenditures'!T17, 0) -> 0
B24: =IF('INT-Pivots'!G19="","",'INT-Pivots'!G19) -> Activity 1.4.1 Conduct an in-depth evaluation of essential infrastructure for organic waste management (e.g., composting plants, biodigesters) | C24: =IF('INT-Pivots'!K19="","",IF('INT-Pivots'!K19="(blank)","Project end",VALUE('INT-Pivots'!K19))) -> 46357 | D24: =IF(ISBLANK('2. Narrative'!R19),"",'2. Narrative'!R19) -> Not started | E24: =IF(ISBLANK('2. Narrative'!X19),"",'2. Narrative'!X19) | F24: =IF(ISBLANK('2. Narrative'!AD19),"",'2. Narrative'!AD19) | G24: =IF(ISBLANK('2. Narrative'!AJ19),"",'2. Narrative'!AJ19) | H24: =IF(ISBLANK('2. Narrative'!AP19),"",'2. Narrative'!AP19) | I24: =IF(AND(ISNUMBER(SEARCH("Activity",$B24)),COUNTIF($D24:$H24,"Complete")>0),"yes","no") -> no | J24: =IF(AND(ISNUMBER(SEARCH("Output",$B24)),COUNTIF($D24:$H24,"Complete")>0),"yes","no") -> no | K24: =IF(AND(ISNUMBER(SEARCH("Outcome",$B24)),COUNTIF($D24:$H24,"Complete")>0),"yes","no") -> no | M24: =IF('3. Expenditures'!D18="CCAC", '3. Expenditures'!B18, 0) -> Activity 2.1.2Develop a portfolio of selected projects with detailed descriptions and expected outcomes, highlighting gender-specific benefits. | N24: =IF('3. Expenditures'!D18="CCAC", '3. Expenditures'!C18, 0) -> Staff and Other Personnel Costs | O24: =IF('3. Expenditures'!D18="CCAC", '3. Expenditures'!E18, 0) -> 15000 | P24: =SUM(Q24:U24) -> 0 | Q24: =IF('3. Expenditures'!D18="CCAC", '3. Expenditures'!L18, 0) -> 0 | R24: =IF('3. Expenditures'!D18="CCAC", '3. Expenditures'!N18, 0) -> 0 | S24: =IF('3. Expenditures'!D18="CCAC", '3. Expenditures'!P18, 0) -> 0 | T24: =IF('3. Expenditures'!D18="CCAC", '3. Expenditures'!R18, 0) -> 0 | U24: =IF('3. Expenditures'!D18="CCAC", '3. Expenditures'!T18, 0) -> 0 | W24: =IF('3. Expenditures'!D18="Co-funding", '3. Expenditures'!L18+'3. Expenditures'!N18+'3. Expenditures'!P18+'3. Expenditures'!R18+'3. Expenditures'!T18, 0) -> 0
B25: =IF('INT-Pivots'!G20="","",'INT-Pivots'!G20) -> Activity 1.4.2 Compile findings into a comprehensive report highlighting investment opportunities, environmental and economic benefits, and potential social impacts. Share the report through workshops and online platforms targeting public and private stakeholders. | C25: =IF('INT-Pivots'!K20="","",IF('INT-Pivots'!K20="(blank)","Project end",VALUE('INT-Pivots'!K20))) -> 46357 | D25: =IF(ISBLANK('2. Narrative'!R20),"",'2. Narrative'!R20) -> Not started | E25: =IF(ISBLANK('2. Narrative'!X20),"",'2. Narrative'!X20) | F25: =IF(ISBLANK('2. Narrative'!AD20),"",'2. Narrative'!AD20) | G25: =IF(ISBLANK('2. Narrative'!AJ20),"",'2. Narrative'!AJ20) | H25: =IF(ISBLANK('2. Narrative'!AP20),"",'2. Narrative'!AP20) | I25: =IF(AND(ISNUMBER(SEARCH("Activity",$B25)),COUNTIF($D25:$H25,"Complete")>0),"yes","no") -> no | J25: =IF(AND(ISNUMBER(SEARCH("Output",$B25)),COUNTIF($D25:$H25,"Complete")>0),"yes","no") -> no | K25: =IF(AND(ISNUMBER(SEARCH("Outcome",$B25)),COUNTIF($D25:$H25,"Complete")>0),"yes","no") -> no | M25: =IF('3. Expenditures'!D19="CCAC", '3. Expenditures'!B19, 0) -> Activity 2.1.3Engage private sector investors and financial institutions in the evaluation process to co-create viable financing strategies. | N25: =IF('3. Expenditures'!D19="CCAC", '3. Expenditures'!C19, 0) -> Staff and Other Personnel Costs | O25: =IF('3. Expenditures'!D19="CCAC", '3. Expenditures'!E19, 0) -> 15000 | P25: =SUM(Q25:U25) -> 0 | Q25: =IF('3. Expenditures'!D19="CCAC", '3. Expenditures'!L19, 0) -> 0 | R25: =IF('3. Expenditures'!D19="CCAC", '3. Expenditures'!N19, 0) -> 0 | S25: =IF('3. Expenditures'!D19="CCAC", '3. Expenditures'!P19, 0) -> 0 | T25: =IF('3. Expenditures'!D19="CCAC", '3. Expenditures'!R19, 0) -> 0 | U25: =IF('3. Expenditures'!D19="CCAC", '3. Expenditures'!T19, 0) -> 0 | W25: =IF('3. Expenditures'!D19="Co-funding", '3. Expenditures'!L19+'3. Expenditures'!N19+'3. Expenditures'!P19+'3. Expenditures'!R19+'3. Expenditures'!T19, 0) -> 0
B26: =IF('INT-Pivots'!G21="","",'INT-Pivots'!G21) -> Outcome 2. The Government of Panama endorses project proposals/ initiatives for organic waste management using MERCA market as a pilot for submission to public and private funding sources by the end of the project. | C26: =IF('INT-Pivots'!K21="","",IF('INT-Pivots'!K21="(blank)","Project end",VALUE('INT-Pivots'!K21))) -> Project end | D26: =IF(ISBLANK('2. Narrative'!R21),"",'2. Narrative'!R21) -> On track | E26: =IF(ISBLANK('2. Narrative'!X21),"",'2. Narrative'!X21) | F26: =IF(ISBLANK('2. Narrative'!AD21),"",'2. Narrative'!AD21) | G26: =IF(ISBLANK('2. Narrative'!AJ21),"",'2. Narrative'!AJ21) | H26: =IF(ISBLANK('2. Narrative'!AP21),"",'2. Narrative'!AP21) | I26: =IF(AND(ISNUMBER(SEARCH("Activity",$B26)),COUNTIF($D26:$H26,"Complete")>0),"yes","no") -> no | J26: =IF(AND(ISNUMBER(SEARCH("Output",$B26)),COUNTIF($D26:$H26,"Complete")>0),"yes","no") -> no | K26: =IF(AND(ISNUMBER(SEARCH("Outcome",$B26)),COUNTIF($D26:$H26,"Complete")>0),"yes","no") -> no | M26: =IF('3. Expenditures'!D20="CCAC", '3. Expenditures'!B20, 0) -> Activity 2.2.1Host a multi-stakeholder workshop, ensuring representation from women-led organizations, to prioritize three high-impact projects. | N26: =IF('3. Expenditures'!D20="CCAC", '3. Expenditures'!C20, 0) -> Contractual Services | O26: =IF('3. Expenditures'!D20="CCAC", '3. Expenditures'!E20, 0) -> 3000 | P26: =SUM(Q26:U26) -> 0 | Q26: =IF('3. Expenditures'!D20="CCAC", '3. Expenditures'!L20, 0) -> 0 | R26: =IF('3. Expenditures'!D20="CCAC", '3. Expenditures'!N20, 0) -> 0 | S26: =IF('3. Expenditures'!D20="CCAC", '3. Expenditures'!P20, 0) -> 0 | T26: =IF('3. Expenditures'!D20="CCAC", '3. Expenditures'!R20, 0) -> 0 | U26: =IF('3. Expenditures'!D20="CCAC", '3. Expenditures'!T20, 0) -> 0 | W26: =IF('3. Expenditures'!D20="Co-funding", '3. Expenditures'!L20+'3. Expenditures'!N20+'3. Expenditures'!P20+'3. Expenditures'!R20+'3. Expenditures'!T20, 0) -> 0
B27: =IF('INT-Pivots'!G22="","",'INT-Pivots'!G22) -> Output 2.1 Identification of projects/inititives | C27: =IF('INT-Pivots'!K22="","",IF('INT-Pivots'!K22="(blank)","Project end",VALUE('INT-Pivots'!K22))) -> 46174 | D27: =IF(ISBLANK('2. Narrative'!R22),"",'2. Narrative'!R22) -> Delayed | E27: =IF(ISBLANK('2. Narrative'!X22),"",'2. Narrative'!X22) | F27: =IF(ISBLANK('2. Narrative'!AD22),"",'2. Narrative'!AD22) | G27: =IF(ISBLANK('2. Narrative'!AJ22),"",'2. Narrative'!AJ22) | H27: =IF(ISBLANK('2. Narrative'!AP22),"",'2. Narrative'!AP22) | I27: =IF(AND(ISNUMBER(SEARCH("Activity",$B27)),COUNTIF($D27:$H27,"Complete")>0),"yes","no") -> no | J27: =IF(AND(ISNUMBER(SEARCH("Output",$B27)),COUNTIF($D27:$H27,"Complete")>0),"yes","no") -> no | K27: =IF(AND(ISNUMBER(SEARCH("Outcome",$B27)),COUNTIF($D27:$H27,"Complete")>0),"yes","no") -> no | M27: =IF('3. Expenditures'!D21="CCAC", '3. Expenditures'!B21, 0) -> Activity 2.2.2Develop detailed financial plans for selected projects, including specific tools tailored to benefit marginalized groups. | N27: =IF('3. Expenditures'!D21="CCAC", '3. Expenditures'!C21, 0) -> Staff and Other Personnel Costs | O27: =IF('3. Expenditures'!D21="CCAC", '3. Expenditures'!E21, 0) -> 15000 | P27: =SUM(Q27:U27) -> 0 | Q27: =IF('3. Expenditures'!D21="CCAC", '3. Expenditures'!L21, 0) -> 0 | R27: =IF('3. Expenditures'!D21="CCAC", '3. Expenditures'!N21, 0) -> 0 | S27: =IF('3. Expenditures'!D21="CCAC", '3. Expenditures'!P21, 0) -> 0 | T27: =IF('3. Expenditures'!D21="CCAC", '3. Expenditures'!R21, 0) -> 0 | U27: =IF('3. Expenditures'!D21="CCAC", '3. Expenditures'!T21, 0) -> 0 | W27: =IF('3. Expenditures'!D21="Co-funding", '3. Expenditures'!L21+'3. Expenditures'!N21+'3. Expenditures'!P21+'3. Expenditures'!R21+'3. Expenditures'!T21, 0) -> 0
B28: =IF('INT-Pivots'!G23="","",'INT-Pivots'!G23) -> Activity 2.1.1Identify and evaluate projects with business potential, ensuring inclusion of women-led initiatives and alignment with national goals. | C28: =IF('INT-Pivots'!K23="","",IF('INT-Pivots'!K23="(blank)","Project end",VALUE('INT-Pivots'!K23))) -> 46174 | D28: =IF(ISBLANK('2. Narrative'!R23),"",'2. Narrative'!R23) -> Delayed | E28: =IF(ISBLANK('2. Narrative'!X23),"",'2. Narrative'!X23) | F28: =IF(ISBLANK('2. Narrative'!AD23),"",'2. Narrative'!AD23) | G28: =IF(ISBLANK('2. Narrative'!AJ23),"",'2. Narrative'!AJ23) | H28: =IF(ISBLANK('2. Narrative'!AP23),"",'2. Narrative'!AP23) | I28: =IF(AND(ISNUMBER(SEARCH("Activity",$B28)),COUNTIF($D28:$H28,"Complete")>0),"yes","no") -> no | J28: =IF(AND(ISNUMBER(SEARCH("Output",$B28)),COUNTIF($D28:$H28,"Complete")>0),"yes","no") -> no | K28: =IF(AND(ISNUMBER(SEARCH("Outcome",$B28)),COUNTIF($D28:$H28,"Complete")>0),"yes","no") -> no | M28: =IF('3. Expenditures'!D22="CCAC", '3. Expenditures'!B22, 0) -> Activity 2.2.3Release a press statement highlighting the selected projects to attract further investment and support. | N28: =IF('3. Expenditures'!D22="CCAC", '3. Expenditures'!C22, 0) -> Equipment Vehicles and Furniture | O28: =IF('3. Expenditures'!D22="CCAC", '3. Expenditures'!E22, 0) -> 3000 | P28: =SUM(Q28:U28) -> 0 | Q28: =IF('3. Expenditures'!D22="CCAC", '3. Expenditures'!L22, 0) -> 0 | R28: =IF('3. Expenditures'!D22="CCAC", '3. Expenditures'!N22, 0) -> 0 | S28: =IF('3. Expenditures'!D22="CCAC", '3. Expenditures'!P22, 0) -> 0 | T28: =IF('3. Expenditures'!D22="CCAC", '3. Expenditures'!R22, 0) -> 0 | U28: =IF('3. Expenditures'!D22="CCAC", '3. Expenditures'!T22, 0) -> 0 | W28: =IF('3. Expenditures'!D22="Co-funding", '3. Expenditures'!L22+'3. Expenditures'!N22+'3. Expenditures'!P22+'3. Expenditures'!R22+'3. Expenditures'!T22, 0) -> 0
B29: =IF('INT-Pivots'!G24="","",'INT-Pivots'!G24) -> Activity 2.1.2Develop a portfolio of selected projects with detailed descriptions and expected outcomes, highlighting gender-specific benefits. | C29: =IF('INT-Pivots'!K24="","",IF('INT-Pivots'!K24="(blank)","Project end",VALUE('INT-Pivots'!K24))) -> 46174 | D29: =IF(ISBLANK('2. Narrative'!R24),"",'2. Narrative'!R24) -> Delayed | E29: =IF(ISBLANK('2. Narrative'!X24),"",'2. Narrative'!X24) | F29: =IF(ISBLANK('2. Narrative'!AD24),"",'2. Narrative'!AD24) | G29: =IF(ISBLANK('2. Narrative'!AJ24),"",'2. Narrative'!AJ24) | H29: =IF(ISBLANK('2. Narrative'!AP24),"",'2. Narrative'!AP24) | I29: =IF(AND(ISNUMBER(SEARCH("Activity",$B29)),COUNTIF($D29:$H29,"Complete")>0),"yes","no") -> no | J29: =IF(AND(ISNUMBER(SEARCH("Output",$B29)),COUNTIF($D29:$H29,"Complete")>0),"yes","no") -> no | K29: =IF(AND(ISNUMBER(SEARCH("Outcome",$B29)),COUNTIF($D29:$H29,"Complete")>0),"yes","no") -> no | M29: =IF('3. Expenditures'!D23="CCAC", '3. Expenditures'!B23, 0) -> Activity 2.2.3Release a press statement highlighting the selected projects to attract further investment and support. | N29: =IF('3. Expenditures'!D23="CCAC", '3. Expenditures'!C23, 0) -> Staff and Other Personnel Costs | O29: =IF('3. Expenditures'!D23="CCAC", '3. Expenditures'!E23, 0) -> 15000 | P29: =SUM(Q29:U29) -> 0 | Q29: =IF('3. Expenditures'!D23="CCAC", '3. Expenditures'!L23, 0) -> 0 | R29: =IF('3. Expenditures'!D23="CCAC", '3. Expenditures'!N23, 0) -> 0 | S29: =IF('3. Expenditures'!D23="CCAC", '3. Expenditures'!P23, 0) -> 0 | T29: =IF('3. Expenditures'!D23="CCAC", '3. Expenditures'!R23, 0) -> 0 | U29: =IF('3. Expenditures'!D23="CCAC", '3. Expenditures'!T23, 0) -> 0 | W29: =IF('3. Expenditures'!D23="Co-funding", '3. Expenditures'!L23+'3. Expenditures'!N23+'3. Expenditures'!P23+'3. Expenditures'!R23+'3. Expenditures'!T23, 0) -> 0
B30: =IF('INT-Pivots'!G25="","",'INT-Pivots'!G25) -> Activity 2.1.3Engage private sector investors and financial institutions in the evaluation process to co-create viable financing strategies. | C30: =IF('INT-Pivots'!K25="","",IF('INT-Pivots'!K25="(blank)","Project end",VALUE('INT-Pivots'!K25))) -> 46174 | D30: =IF(ISBLANK('2. Narrative'!R25),"",'2. Narrative'!R25) -> Delayed | E30: =IF(ISBLANK('2. Narrative'!X25),"",'2. Narrative'!X25) | F30: =IF(ISBLANK('2. Narrative'!AD25),"",'2. Narrative'!AD25) | G30: =IF(ISBLANK('2. Narrative'!AJ25),"",'2. Narrative'!AJ25) | H30: =IF(ISBLANK('2. Narrative'!AP25),"",'2. Narrative'!AP25) | I30: =IF(AND(ISNUMBER(SEARCH("Activity",$B30)),COUNTIF($D30:$H30,"Complete")>0),"yes","no") -> no | J30: =IF(AND(ISNUMBER(SEARCH("Output",$B30)),COUNTIF($D30:$H30,"Complete")>0),"yes","no") -> no | K30: =IF(AND(ISNUMBER(SEARCH("Outcome",$B30)),COUNTIF($D30:$H30,"Complete")>0),"yes","no") -> no | M30: =IF('3. Expenditures'!D24="CCAC", '3. Expenditures'!B24, 0) -> Activity 3.1.1Review existing policies and regulations related to organic waste and SLCPs, engaging policymakers, academics, and gender specialists. | N30: =IF('3. Expenditures'!D24="CCAC", '3. Expenditures'!C24, 0) -> Staff and Other Personnel Costs | O30: =IF('3. Expenditures'!D24="CCAC", '3. Expenditures'!E24, 0) -> 15000 | P30: =SUM(Q30:U30) -> 0 | Q30: =IF('3. Expenditures'!D24="CCAC", '3. Expenditures'!L24, 0) -> 0 | R30: =IF('3. Expenditures'!D24="CCAC", '3. Expenditures'!N24, 0) -> 0 | S30: =IF('3. Expenditures'!D24="CCAC", '3. Expenditures'!P24, 0) -> 0 | T30: =IF('3. Expenditures'!D24="CCAC", '3. Expenditures'!R24, 0) -> 0 | U30: =IF('3. Expenditures'!D24="CCAC", '3. Expenditures'!T24, 0) -> 0 | W30: =IF('3. Expenditures'!D24="Co-funding", '3. Expenditures'!L24+'3. Expenditures'!N24+'3. Expenditures'!P24+'3. Expenditures'!R24+'3. Expenditures'!T24, 0) -> 0
... B107: =IF('INT-Pivots'!G102="","",'INT-Pivots'!G102) | C107: =IF('INT-Pivots'!K102="","",IF('INT-Pivots'!K102="(blank)","Project end",VALUE('INT-Pivots'!K102))) | D107: =IF(ISBLANK('2. Narrative'!R102),"",'2. Narrative'!R102) | E107: =IF(ISBLANK('2. Narrative'!X102),"",'2. Narrative'!X102) | F107: =IF(ISBLANK('2. Narrative'!AD102),"",'2. Narrative'!AD102) | G107: =IF(ISBLANK('2. Narrative'!AJ102),"",'2. Narrative'!AJ102) | H107: =IF(ISBLANK('2. Narrative'!AP102),"",'2. Narrative'!AP102) | I107: =IF(AND(ISNUMBER(SEARCH("Activity",$B107)),COUNTIF($D107:$H107,"Complete")>0),"yes","no") -> no | J107: =IF(AND(ISNUMBER(SEARCH("Output",$B107)),COUNTIF($D107:$H107,"Complete")>0),"yes","no") -> no | K107: =IF(AND(ISNUMBER(SEARCH("Outcome",$B107)),COUNTIF($D107:$H107,"Complete")>0),"yes","no") -> no | M107: =IF('3. Expenditures'!D101="CCAC", '3. Expenditures'!B101, 0) -> 0 | N107: =IF('3. Expenditures'!D101="CCAC", '3. Expenditures'!C101, 0) -> 0 | O107: =IF('3. Expenditures'!D101="CCAC", '3. Expenditures'!E101, 0) -> 0 | P107: =SUM(Q107:U107) -> 0 | Q107: =IF('3. Expenditures'!D101="CCAC", '3. Expenditures'!L101, 0) -> 0 | R107: =IF('3. Expenditures'!D101="CCAC", '3. Expenditures'!N101, 0) -> 0 | S107: =IF('3. Expenditures'!D101="CCAC", '3. Expenditures'!P101, 0) -> 0 | T107: =IF('3. Expenditures'!D101="CCAC", '3. Expenditures'!R101, 0) -> 0 | U107: =IF('3. Expenditures'!D101="CCAC", '3. Expenditures'!T101, 0) -> 0 | W107: =IF('3. Expenditures'!D101="Co-funding", '3. Expenditures'!L101+'3. Expenditures'!N101+'3. Expenditures'!P101+'3. Expenditures'!R101+'3. Expenditures'!T101, 0) -> 0
B108: =IF('INT-Pivots'!G103="","",'INT-Pivots'!G103) | C108: =IF('INT-Pivots'!K103="","",IF('INT-Pivots'!K103="(blank)","Project end",VALUE('INT-Pivots'!K103))) | D108: =IF(ISBLANK('2. Narrative'!R103),"",'2. Narrative'!R103) | E108: =IF(ISBLANK('2. Narrative'!X103),"",'2. Narrative'!X103) | F108: =IF(ISBLANK('2. Narrative'!AD103),"",'2. Narrative'!AD103) | G108: =IF(ISBLANK('2. Narrative'!AJ103),"",'2. Narrative'!AJ103) | H108: =IF(ISBLANK('2. Narrative'!AP103),"",'2. Narrative'!AP103) | I108: =IF(AND(ISNUMBER(SEARCH("Activity",$B108)),COUNTIF($D108:$H108,"Complete")>0),"yes","no") -> no | J108: =IF(AND(ISNUMBER(SEARCH("Output",$B108)),COUNTIF($D108:$H108,"Complete")>0),"yes","no") -> no | K108: =IF(AND(ISNUMBER(SEARCH("Outcome",$B108)),COUNTIF($D108:$H108,"Complete")>0),"yes","no") -> no | M108: =IF('3. Expenditures'!#REF!="CCAC", '3. Expenditures'!#REF!, 0) -> #REF! | N108: =IF('3. Expenditures'!#REF!="CCAC", '3. Expenditures'!#REF!, 0) -> #REF! | O108: =IF('3. Expenditures'!#REF!="CCAC", '3. Expenditures'!#REF!, 0) -> #REF! | P108: =SUM(Q108:U108) -> #REF! | Q108: =IF('3. Expenditures'!#REF!="CCAC", '3. Expenditures'!#REF!, 0) -> #REF! | R108: =IF('3. Expenditures'!#REF!="CCAC", '3. Expenditures'!#REF!, 0) -> #REF! | S108: =IF('3. Expenditures'!#REF!="CCAC", '3. Expenditures'!#REF!, 0) -> #REF! | T108: =IF('3. Expenditures'!#REF!="CCAC", '3. Expenditures'!#REF!, 0) -> #REF! | U108: =IF('3. Expenditures'!#REF!="CCAC", '3. Expenditures'!#REF!, 0) -> #REF! | W108: =IF('3. Expenditures'!#REF!="Co-funding", '3. Expenditures'!#REF!+'3. Expenditures'!#REF!+'3. Expenditures'!#REF!+'3. Expenditures'!#REF!+'3. Expenditures'!#REF!, 0) -> #REF!
B109: =IF('INT-Pivots'!G104="","",'INT-Pivots'!G104) | C109: =IF('INT-Pivots'!K104="","",IF('INT-Pivots'!K104="(blank)","Project end",VALUE('INT-Pivots'!K104))) | D109: =IF(ISBLANK('2. Narrative'!R104),"",'2. Narrative'!R104) | E109: =IF(ISBLANK('2. Narrative'!X104),"",'2. Narrative'!X104) | F109: =IF(ISBLANK('2. Narrative'!AD104),"",'2. Narrative'!AD104) | G109: =IF(ISBLANK('2. Narrative'!AJ104),"",'2. Narrative'!AJ104) | H109: =IF(ISBLANK('2. Narrative'!AP104),"",'2. Narrative'!AP104) | I109: =IF(AND(ISNUMBER(SEARCH("Activity",$B109)),COUNTIF($D109:$H109,"Complete")>0),"yes","no") -> no | J109: =IF(AND(ISNUMBER(SEARCH("Output",$B109)),COUNTIF($D109:$H109,"Complete")>0),"yes","no") -> no | K109: =IF(AND(ISNUMBER(SEARCH("Outcome",$B109)),COUNTIF($D109:$H109,"Complete")>0),"yes","no") -> no | M109: =IF('3. Expenditures'!D102="CCAC", '3. Expenditures'!B102, 0) -> 0 | N109: =IF('3. Expenditures'!D102="CCAC", '3. Expenditures'!C102, 0) -> 0 | O109: =IF('3. Expenditures'!D102="CCAC", '3. Expenditures'!E102, 0) -> 0 | P109: =SUM(Q109:U109) -> 0 | Q109: =IF('3. Expenditures'!D102="CCAC", '3. Expenditures'!L102, 0) -> 0 | R109: =IF('3. Expenditures'!D102="CCAC", '3. Expenditures'!N102, 0) -> 0 | S109: =IF('3. Expenditures'!D102="CCAC", '3. Expenditures'!P102, 0) -> 0 | T109: =IF('3. Expenditures'!D102="CCAC", '3. Expenditures'!R102, 0) -> 0 | U109: =IF('3. Expenditures'!D102="CCAC", '3. Expenditures'!T102, 0) -> 0 | W109: =IF('3. Expenditures'!D102="Co-funding", '3. Expenditures'!L102+'3. Expenditures'!N102+'3. Expenditures'!P102+'3. Expenditures'!R102+'3. Expenditures'!T102, 0) -> 0
B110: =IF('INT-Pivots'!G105="","",'INT-Pivots'!G105) | C110: =IF('INT-Pivots'!K105="","",IF('INT-Pivots'!K105="(blank)","Project end",VALUE('INT-Pivots'!K105))) | D110: =IF(ISBLANK('2. Narrative'!R105),"",'2. Narrative'!R105) | E110: =IF(ISBLANK('2. Narrative'!X105),"",'2. Narrative'!X105) | F110: =IF(ISBLANK('2. Narrative'!AD105),"",'2. Narrative'!AD105) | G110: =IF(ISBLANK('2. Narrative'!AJ105),"",'2. Narrative'!AJ105) | H110: =IF(ISBLANK('2. Narrative'!AP105),"",'2. Narrative'!AP105) | I110: =IF(AND(ISNUMBER(SEARCH("Activity",$B110)),COUNTIF($D110:$H110,"Complete")>0),"yes","no") -> no | J110: =IF(AND(ISNUMBER(SEARCH("Output",$B110)),COUNTIF($D110:$H110,"Complete")>0),"yes","no") -> no | K110: =IF(AND(ISNUMBER(SEARCH("Outcome",$B110)),COUNTIF($D110:$H110,"Complete")>0),"yes","no") -> no | M110: =IF('3. Expenditures'!D103="CCAC", '3. Expenditures'!B103, 0) -> 0 | N110: =IF('3. Expenditures'!D103="CCAC", '3. Expenditures'!C103, 0) -> 0 | O110: =IF('3. Expenditures'!D103="CCAC", '3. Expenditures'!E103, 0) -> 0 | P110: =SUM(Q110:U110) -> 0 | Q110: =IF('3. Expenditures'!D103="CCAC", '3. Expenditures'!L103, 0) -> 0 | R110: =IF('3. Expenditures'!D103="CCAC", '3. Expenditures'!N103, 0) -> 0 | S110: =IF('3. Expenditures'!D103="CCAC", '3. Expenditures'!P103, 0) -> 0 | T110: =IF('3. Expenditures'!D103="CCAC", '3. Expenditures'!R103, 0) -> 0 | U110: =IF('3. Expenditures'!D103="CCAC", '3. Expenditures'!T103, 0) -> 0 | W110: =IF('3. Expenditures'!D103="Co-funding", '3. Expenditures'!L103+'3. Expenditures'!N103+'3. Expenditures'!P103+'3. Expenditures'!R103+'3. Expenditures'!T103, 0) -> 0
B111: =IF('INT-Pivots'!G106="","",'INT-Pivots'!G106) | C111: =IF('INT-Pivots'!K106="","",IF('INT-Pivots'!K106="(blank)","Project end",VALUE('INT-Pivots'!K106))) | D111: =IF(ISBLANK('2. Narrative'!R106),"",'2. Narrative'!R106) | E111: =IF(ISBLANK('2. Narrative'!X106),"",'2. Narrative'!X106) | F111: =IF(ISBLANK('2. Narrative'!AD106),"",'2. Narrative'!AD106) | G111: =IF(ISBLANK('2. Narrative'!AJ106),"",'2. Narrative'!AJ106) | H111: =IF(ISBLANK('2. Narrative'!AP106),"",'2. Narrative'!AP106) | I111: =IF(AND(ISNUMBER(SEARCH("Activity",$B111)),COUNTIF($D111:$H111,"Complete")>0),"yes","no") -> no | J111: =IF(AND(ISNUMBER(SEARCH("Output",$B111)),COUNTIF($D111:$H111,"Complete")>0),"yes","no") -> no | K111: =IF(AND(ISNUMBER(SEARCH("Outcome",$B111)),COUNTIF($D111:$H111,"Complete")>0),"yes","no") -> no | M111: =IF('3. Expenditures'!D104="CCAC", '3. Expenditures'!B104, 0) -> 0 | N111: =IF('3. Expenditures'!D104="CCAC", '3. Expenditures'!C104, 0) -> 0 | O111: =IF('3. Expenditures'!D104="CCAC", '3. Expenditures'!E104, 0) -> 0 | P111: =SUM(Q111:U111) -> 0 | Q111: =IF('3. Expenditures'!D104="CCAC", '3. Expenditures'!L104, 0) -> 0 | R111: =IF('3. Expenditures'!D104="CCAC", '3. Expenditures'!N104, 0) -> 0 | S111: =IF('3. Expenditures'!D104="CCAC", '3. Expenditures'!P104, 0) -> 0 | T111: =IF('3. Expenditures'!D104="CCAC", '3. Expenditures'!R104, 0) -> 0 | U111: =IF('3. Expenditures'!D104="CCAC", '3. Expenditures'!T104, 0) -> 0 | W111: =IF('3. Expenditures'!D104="Co-funding", '3. Expenditures'!L104+'3. Expenditures'!N104+'3. Expenditures'!P104+'3. Expenditures'!R104+'3. Expenditures'!T104, 0) -> 0
B112: =IF('INT-Pivots'!G107="","",'INT-Pivots'!G107) | C112: =IF('INT-Pivots'!K107="","",IF('INT-Pivots'!K107="(blank)","Project end",VALUE('INT-Pivots'!K107))) | D112: =IF(ISBLANK('2. Narrative'!R107),"",'2. Narrative'!R107) | E112: =IF(ISBLANK('2. Narrative'!X107),"",'2. Narrative'!X107) | F112: =IF(ISBLANK('2. Narrative'!AD107),"",'2. Narrative'!AD107) | G112: =IF(ISBLANK('2. Narrative'!AJ107),"",'2. Narrative'!AJ107) | H112: =IF(ISBLANK('2. Narrative'!AP107),"",'2. Narrative'!AP107) | I112: =IF(AND(ISNUMBER(SEARCH("Activity",$B112)),COUNTIF($D112:$H112,"Complete")>0),"yes","no") -> no | J112: =IF(AND(ISNUMBER(SEARCH("Output",$B112)),COUNTIF($D112:$H112,"Complete")>0),"yes","no") -> no | K112: =IF(AND(ISNUMBER(SEARCH("Outcome",$B112)),COUNTIF($D112:$H112,"Complete")>0),"yes","no") -> no | M112: =IF('3. Expenditures'!D105="CCAC", '3. Expenditures'!B105, 0) -> 0 | N112: =IF('3. Expenditures'!D105="CCAC", '3. Expenditures'!C105, 0) -> 0 | O112: =IF('3. Expenditures'!D105="CCAC", '3. Expenditures'!E105, 0) -> 0 | P112: =SUM(Q112:U112) -> 0 | Q112: =IF('3. Expenditures'!D105="CCAC", '3. Expenditures'!L105, 0) -> 0 | R112: =IF('3. Expenditures'!D105="CCAC", '3. Expenditures'!N105, 0) -> 0 | S112: =IF('3. Expenditures'!D105="CCAC", '3. Expenditures'!P105, 0) -> 0 | T112: =IF('3. Expenditures'!D105="CCAC", '3. Expenditures'!R105, 0) -> 0 | U112: =IF('3. Expenditures'!D105="CCAC", '3. Expenditures'!T105, 0) -> 0 | W112: =IF('3. Expenditures'!D105="Co-funding", '3. Expenditures'!L105+'3. Expenditures'!N105+'3. Expenditures'!P105+'3. Expenditures'!R105+'3. Expenditures'!T105, 0) -> 0
B113: =IF('INT-Pivots'!G108="","",'INT-Pivots'!G108) | C113: =IF('INT-Pivots'!K108="","",IF('INT-Pivots'!K108="(blank)","Project end",VALUE('INT-Pivots'!K108))) | D113: =IF(ISBLANK('2. Narrative'!R108),"",'2. Narrative'!R108) | E113: =IF(ISBLANK('2. Narrative'!X108),"",'2. Narrative'!X108) | F113: =IF(ISBLANK('2. Narrative'!AD108),"",'2. Narrative'!AD108) | G113: =IF(ISBLANK('2. Narrative'!AJ108),"",'2. Narrative'!AJ108) | H113: =IF(ISBLANK('2. Narrative'!AP108),"",'2. Narrative'!AP108) | I113: =IF(AND(ISNUMBER(SEARCH("Activity",$B113)),COUNTIF($D113:$H113,"Complete")>0),"yes","no") -> no | J113: =IF(AND(ISNUMBER(SEARCH("Output",$B113)),COUNTIF($D113:$H113,"Complete")>0),"yes","no") -> no | K113: =IF(AND(ISNUMBER(SEARCH("Outcome",$B113)),COUNTIF($D113:$H113,"Complete")>0),"yes","no") -> no | M113: =IF('3. Expenditures'!D106="CCAC", '3. Expenditures'!B106, 0) -> 0 | N113: =IF('3. Expenditures'!D106="CCAC", '3. Expenditures'!C106, 0) -> 0 | O113: =IF('3. Expenditures'!D106="CCAC", '3. Expenditures'!E106, 0) -> 0 | P113: =SUM(Q113:U113) -> 0 | Q113: =IF('3. Expenditures'!D106="CCAC", '3. Expenditures'!L106, 0) -> 0 | R113: =IF('3. Expenditures'!D106="CCAC", '3. Expenditures'!N106, 0) -> 0 | S113: =IF('3. Expenditures'!D106="CCAC", '3. Expenditures'!P106, 0) -> 0 | T113: =IF('3. Expenditures'!D106="CCAC", '3. Expenditures'!R106, 0) -> 0 | U113: =IF('3. Expenditures'!D106="CCAC", '3. Expenditures'!T106, 0) -> 0 | W113: =IF('3. Expenditures'!D106="Co-funding", '3. Expenditures'!L106+'3. Expenditures'!N106+'3. Expenditures'!P106+'3. Expenditures'!R106+'3. Expenditures'!T106, 0) -> 0
B114: =IF('INT-Pivots'!G109="","",'INT-Pivots'!G109) | C114: =IF('INT-Pivots'!K109="","",IF('INT-Pivots'!K109="(blank)","Project end",VALUE('INT-Pivots'!K109))) | D114: =IF(ISBLANK('2. Narrative'!R109),"",'2. Narrative'!R109) | E114: =IF(ISBLANK('2. Narrative'!X109),"",'2. Narrative'!X109) | F114: =IF(ISBLANK('2. Narrative'!AD109),"",'2. Narrative'!AD109) | G114: =IF(ISBLANK('2. Narrative'!AJ109),"",'2. Narrative'!AJ109) | H114: =IF(ISBLANK('2. Narrative'!AP109),"",'2. Narrative'!AP109) | I114: =IF(AND(ISNUMBER(SEARCH("Activity",$B114)),COUNTIF($D114:$H114,"Complete")>0),"yes","no") -> no | J114: =IF(AND(ISNUMBER(SEARCH("Output",$B114)),COUNTIF($D114:$H114,"Complete")>0),"yes","no") -> no | K114: =IF(AND(ISNUMBER(SEARCH("Outcome",$B114)),COUNTIF($D114:$H114,"Complete")>0),"yes","no") -> no | M114: =IF('3. Expenditures'!D107="CCAC", '3. Expenditures'!B107, 0) -> 0 | N114: =IF('3. Expenditures'!D107="CCAC", '3. Expenditures'!C107, 0) -> 0 | O114: =IF('3. Expenditures'!D107="CCAC", '3. Expenditures'!E107, 0) -> 0 | P114: =SUM(Q114:U114) -> 0 | Q114: =IF('3. Expenditures'!D107="CCAC", '3. Expenditures'!L107, 0) -> 0 | R114: =IF('3. Expenditures'!D107="CCAC", '3. Expenditures'!N107, 0) -> 0 | S114: =IF('3. Expenditures'!D107="CCAC", '3. Expenditures'!P107, 0) -> 0 | T114: =IF('3. Expenditures'!D107="CCAC", '3. Expenditures'!R107, 0) -> 0 | U114: =IF('3. Expenditures'!D107="CCAC", '3. Expenditures'!T107, 0) -> 0 | W114: =IF('3. Expenditures'!D107="Co-funding", '3. Expenditures'!L107+'3. Expenditures'!N107+'3. Expenditures'!P107+'3. Expenditures'!R107+'3. Expenditures'!T107, 0) -> 0
B115: =IF('INT-Pivots'!G110="","",'INT-Pivots'!G110) | C115: =IF('INT-Pivots'!K110="","",IF('INT-Pivots'!K110="(blank)","Project end",VALUE('INT-Pivots'!K110))) | D115: =IF(ISBLANK('2. Narrative'!R110),"",'2. Narrative'!R110) | E115: =IF(ISBLANK('2. Narrative'!X110),"",'2. Narrative'!X110) | F115: =IF(ISBLANK('2. Narrative'!AD110),"",'2. Narrative'!AD110) | G115: =IF(ISBLANK('2. Narrative'!AJ110),"",'2. Narrative'!AJ110) | H115: =IF(ISBLANK('2. Narrative'!AP110),"",'2. Narrative'!AP110) | I115: =IF(AND(ISNUMBER(SEARCH("Activity",$B115)),COUNTIF($D115:$H115,"Complete")>0),"yes","no") -> no | J115: =IF(AND(ISNUMBER(SEARCH("Output",$B115)),COUNTIF($D115:$H115,"Complete")>0),"yes","no") -> no | K115: =IF(AND(ISNUMBER(SEARCH("Outcome",$B115)),COUNTIF($D115:$H115,"Complete")>0),"yes","no") -> no | M115: =IF('3. Expenditures'!D108="CCAC", '3. Expenditures'!B108, 0) -> 0 | N115: =IF('3. Expenditures'!D108="CCAC", '3. Expenditures'!C108, 0) -> 0 | O115: =IF('3. Expenditures'!D108="CCAC", '3. Expenditures'!E108, 0) -> 0 | P115: =SUM(Q115:U115) -> 0 | Q115: =IF('3. Expenditures'!D108="CCAC", '3. Expenditures'!L108, 0) -> 0 | R115: =IF('3. Expenditures'!D108="CCAC", '3. Expenditures'!N108, 0) -> 0 | S115: =IF('3. Expenditures'!D108="CCAC", '3. Expenditures'!P108, 0) -> 0 | T115: =IF('3. Expenditures'!D108="CCAC", '3. Expenditures'!R108, 0) -> 0 | U115: =IF('3. Expenditures'!D108="CCAC", '3. Expenditures'!T108, 0) -> 0 | W115: =IF('3. Expenditures'!D108="Co-funding", '3. Expenditures'!L108+'3. Expenditures'!N108+'3. Expenditures'!P108+'3. Expenditures'!R108+'3. Expenditures'!T108, 0) -> 0
B116: =IF('INT-Pivots'!G111="","",'INT-Pivots'!G111) | C116: =IF('INT-Pivots'!K111="","",IF('INT-Pivots'!K111="(blank)","Project end",VALUE('INT-Pivots'!K111))) | D116: =IF(ISBLANK('2. Narrative'!R111),"",'2. Narrative'!R111) | E116: =IF(ISBLANK('2. Narrative'!X111),"",'2. Narrative'!X111) | F116: =IF(ISBLANK('2. Narrative'!AD111),"",'2. Narrative'!AD111) | G116: =IF(ISBLANK('2. Narrative'!AJ111),"",'2. Narrative'!AJ111) | H116: =IF(ISBLANK('2. Narrative'!AP111),"",'2. Narrative'!AP111) | I116: =IF(AND(ISNUMBER(SEARCH("Activity",$B116)),COUNTIF($D116:$H116,"Complete")>0),"yes","no") -> no | J116: =IF(AND(ISNUMBER(SEARCH("Output",$B116)),COUNTIF($D116:$H116,"Complete")>0),"yes","no") -> no | K116: =IF(AND(ISNUMBER(SEARCH("Outcome",$B116)),COUNTIF($D116:$H116,"Complete")>0),"yes","no") -> no | M116: =IF('3. Expenditures'!D109="CCAC", '3. Expenditures'!B109, 0) -> 0 | N116: =IF('3. Expenditures'!D109="CCAC", '3. Expenditures'!C109, 0) -> 0 | O116: =IF('3. Expenditures'!D109="CCAC", '3. Expenditures'!E109, 0) -> 0 | P116: =SUM(Q116:U116) -> 0 | Q116: =IF('3. Expenditures'!D109="CCAC", '3. Expenditures'!L109, 0) -> 0 | R116: =IF('3. Expenditures'!D109="CCAC", '3. Expenditures'!N109, 0) -> 0 | S116: =IF('3. Expenditures'!D109="CCAC", '3. Expenditures'!P109, 0) -> 0 | T116: =IF('3. Expenditures'!D109="CCAC", '3. Expenditures'!R109, 0) -> 0 | U116: =IF('3. Expenditures'!D109="CCAC", '3. Expenditures'!T109, 0) -> 0 | W116: =IF('3. Expenditures'!D109="Co-funding", '3. Expenditures'!L109+'3. Expenditures'!N109+'3. Expenditures'!P109+'3. Expenditures'!R109+'3. Expenditures'!T109, 0) -> 0
B117: =IF('INT-Pivots'!G112="","",'INT-Pivots'!G112) | C117: =IF('INT-Pivots'!K112="","",IF('INT-Pivots'!K112="(blank)","Project end",VALUE('INT-Pivots'!K112))) | D117: =IF(ISBLANK('2. Narrative'!R112),"",'2. Narrative'!R112) | E117: =IF(ISBLANK('2. Narrative'!X112),"",'2. Narrative'!X112) | F117: =IF(ISBLANK('2. Narrative'!AD112),"",'2. Narrative'!AD112) | G117: =IF(ISBLANK('2. Narrative'!AJ112),"",'2. Narrative'!AJ112) | H117: =IF(ISBLANK('2. Narrative'!AP112),"",'2. Narrative'!AP112) | I117: =IF(AND(ISNUMBER(SEARCH("Activity",$B117)),COUNTIF($D117:$H117,"Complete")>0),"yes","no") -> no | J117: =IF(AND(ISNUMBER(SEARCH("Output",$B117)),COUNTIF($D117:$H117,"Complete")>0),"yes","no") -> no | K117: =IF(AND(ISNUMBER(SEARCH("Outcome",$B117)),COUNTIF($D117:$H117,"Complete")>0),"yes","no") -> no | M117: =IF('3. Expenditures'!D110="CCAC", '3. Expenditures'!B110, 0) -> 0 | N117: =IF('3. Expenditures'!D110="CCAC", '3. Expenditures'!C110, 0) -> 0 | O117: =IF('3. Expenditures'!D110="CCAC", '3. Expenditures'!E110, 0) -> 0 | P117: =SUM(Q117:U117) -> 0 | Q117: =IF('3. Expenditures'!D110="CCAC", '3. Expenditures'!L110, 0) -> 0 | R117: =IF('3. Expenditures'!D110="CCAC", '3. Expenditures'!N110, 0) -> 0 | S117: =IF('3. Expenditures'!D110="CCAC", '3. Expenditures'!P110, 0) -> 0 | T117: =IF('3. Expenditures'!D110="CCAC", '3. Expenditures'!R110, 0) -> 0 | U117: =IF('3. Expenditures'!D110="CCAC", '3. Expenditures'!T110, 0) -> 0 | W117: =IF('3. Expenditures'!D110="Co-funding", '3. Expenditures'!L110+'3. Expenditures'!N110+'3. Expenditures'!P110+'3. Expenditures'!R110+'3. Expenditures'!T110, 0) -> 0
B118: =IF('INT-Pivots'!G113="","",'INT-Pivots'!G113) | C118: =IF('INT-Pivots'!K113="","",IF('INT-Pivots'!K113="(blank)","Project end",VALUE('INT-Pivots'!K113))) | D118: =IF(ISBLANK('2. Narrative'!R113),"",'2. Narrative'!R113) | E118: =IF(ISBLANK('2. Narrative'!X113),"",'2. Narrative'!X113) | F118: =IF(ISBLANK('2. Narrative'!AD113),"",'2. Narrative'!AD113) | G118: =IF(ISBLANK('2. Narrative'!AJ113),"",'2. Narrative'!AJ113) | H118: =IF(ISBLANK('2. Narrative'!AP113),"",'2. Narrative'!AP113) | I118: =IF(AND(ISNUMBER(SEARCH("Activity",$B118)),COUNTIF($D118:$H118,"Complete")>0),"yes","no") -> no | J118: =IF(AND(ISNUMBER(SEARCH("Output",$B118)),COUNTIF($D118:$H118,"Complete")>0),"yes","no") -> no | K118: =IF(AND(ISNUMBER(SEARCH("Outcome",$B118)),COUNTIF($D118:$H118,"Complete")>0),"yes","no") -> no | M118: =IF('3. Expenditures'!D111="CCAC", '3. Expenditures'!B111, 0) -> 0 | N118: =IF('3. Expenditures'!D111="CCAC", '3. Expenditures'!C111, 0) -> 0 | O118: =IF('3. Expenditures'!D111="CCAC", '3. Expenditures'!E111, 0) -> 0 | P118: =SUM(Q118:U118) -> 0 | Q118: =IF('3. Expenditures'!D111="CCAC", '3. Expenditures'!L111, 0) -> 0 | R118: =IF('3. Expenditures'!D111="CCAC", '3. Expenditures'!N111, 0) -> 0 | S118: =IF('3. Expenditures'!D111="CCAC", '3. Expenditures'!P111, 0) -> 0 | T118: =IF('3. Expenditures'!D111="CCAC", '3. Expenditures'!R111, 0) -> 0 | U118: =IF('3. Expenditures'!D111="CCAC", '3. Expenditures'!T111, 0) -> 0 | W118: =IF('3. Expenditures'!D111="Co-funding", '3. Expenditures'!L111+'3. Expenditures'!N111+'3. Expenditures'!P111+'3. Expenditures'!R111+'3. Expenditures'!T111, 0) -> 0
B119: =IF('INT-Pivots'!G114="","",'INT-Pivots'!G114) | C119: =IF('INT-Pivots'!K114="","",IF('INT-Pivots'!K114="(blank)","Project end",VALUE('INT-Pivots'!K114))) | D119: =IF(ISBLANK('2. Narrative'!R114),"",'2. Narrative'!R114) | E119: =IF(ISBLANK('2. Narrative'!X114),"",'2. Narrative'!X114) | F119: =IF(ISBLANK('2. Narrative'!AD114),"",'2. Narrative'!AD114) | G119: =IF(ISBLANK('2. Narrative'!AJ114),"",'2. Narrative'!AJ114) | H119: =IF(ISBLANK('2. Narrative'!AP114),"",'2. Narrative'!AP114) | I119: =IF(AND(ISNUMBER(SEARCH("Activity",$B119)),COUNTIF($D119:$H119,"Complete")>0),"yes","no") -> no | J119: =IF(AND(ISNUMBER(SEARCH("Output",$B119)),COUNTIF($D119:$H119,"Complete")>0),"yes","no") -> no | K119: =IF(AND(ISNUMBER(SEARCH("Outcome",$B119)),COUNTIF($D119:$H119,"Complete")>0),"yes","no") -> no | M119: =IF('3. Expenditures'!D112="CCAC", '3. Expenditures'!B112, 0) -> 0 | N119: =IF('3. Expenditures'!D112="CCAC", '3. Expenditures'!C112, 0) -> 0 | O119: =IF('3. Expenditures'!D112="CCAC", '3. Expenditures'!E112, 0) -> 0 | P119: =SUM(Q119:U119) -> 0 | Q119: =IF('3. Expenditures'!D112="CCAC", '3. Expenditures'!L112, 0) -> 0 | R119: =IF('3. Expenditures'!D112="CCAC", '3. Expenditures'!N112, 0) -> 0 | S119: =IF('3. Expenditures'!D112="CCAC", '3. Expenditures'!P112, 0) -> 0 | T119: =IF('3. Expenditures'!D112="CCAC", '3. Expenditures'!R112, 0) -> 0 | U119: =IF('3. Expenditures'!D112="CCAC", '3. Expenditures'!T112, 0) -> 0 | W119: =IF('3. Expenditures'!D112="Co-funding", '3. Expenditures'!L112+'3. Expenditures'!N112+'3. Expenditures'!P112+'3. Expenditures'!R112+'3. Expenditures'!T112, 0) -> 0
B120: =IF('INT-Pivots'!G115="","",'INT-Pivots'!G115) | C120: =IF('INT-Pivots'!K115="","",IF('INT-Pivots'!K115="(blank)","Project end",VALUE('INT-Pivots'!K115))) | D120: =IF(ISBLANK('2. Narrative'!R115),"",'2. Narrative'!R115) | E120: =IF(ISBLANK('2. Narrative'!X115),"",'2. Narrative'!X115) | F120: =IF(ISBLANK('2. Narrative'!AD115),"",'2. Narrative'!AD115) | G120: =IF(ISBLANK('2. Narrative'!AJ115),"",'2. Narrative'!AJ115) | H120: =IF(ISBLANK('2. Narrative'!AP115),"",'2. Narrative'!AP115) | I120: =IF(AND(ISNUMBER(SEARCH("Activity",$B120)),COUNTIF($D120:$H120,"Complete")>0),"yes","no") -> no | J120: =IF(AND(ISNUMBER(SEARCH("Output",$B120)),COUNTIF($D120:$H120,"Complete")>0),"yes","no") -> no | K120: =IF(AND(ISNUMBER(SEARCH("Outcome",$B120)),COUNTIF($D120:$H120,"Complete")>0),"yes","no") -> no | M120: =IF('3. Expenditures'!D113="CCAC", '3. Expenditures'!B113, 0) -> 0 | N120: =IF('3. Expenditures'!D113="CCAC", '3. Expenditures'!C113, 0) -> 0 | O120: =IF('3. Expenditures'!D113="CCAC", '3. Expenditures'!E113, 0) -> 0 | P120: =SUM(Q120:U120) -> 0 | Q120: =IF('3. Expenditures'!D113="CCAC", '3. Expenditures'!L113, 0) -> 0 | R120: =IF('3. Expenditures'!D113="CCAC", '3. Expenditures'!N113, 0) -> 0 | S120: =IF('3. Expenditures'!D113="CCAC", '3. Expenditures'!P113, 0) -> 0 | T120: =IF('3. Expenditures'!D113="CCAC", '3. Expenditures'!R113, 0) -> 0 | U120: =IF('3. Expenditures'!D113="CCAC", '3. Expenditures'!T113, 0) -> 0 | W120: =IF('3. Expenditures'!D113="Co-funding", '3. Expenditures'!L113+'3. Expenditures'!N113+'3. Expenditures'!P113+'3. Expenditures'!R113+'3. Expenditures'!T113, 0) -> 0
... B151: =IF('INT-Pivots'!G146="","",'INT-Pivots'!G146) | C151: =IF('INT-Pivots'!K146="","",IF('INT-Pivots'!K146="(blank)","Project end",VALUE('INT-Pivots'!K146))) | D151: =IF(ISBLANK('2. Narrative'!R146),"",'2. Narrative'!R146) | E151: =IF(ISBLANK('2. Narrative'!X146),"",'2. Narrative'!X146) | F151: =IF(ISBLANK('2. Narrative'!AD146),"",'2. Narrative'!AD146) | G151: =IF(ISBLANK('2. Narrative'!AJ146),"",'2. Narrative'!AJ146) | H151: =IF(ISBLANK('2. Narrative'!AP146),"",'2. Narrative'!AP146) | I151: =IF(AND(ISNUMBER(SEARCH("Activity",$B151)),COUNTIF($D151:$H151,"Complete")>0),"yes","no") -> no | J151: =IF(AND(ISNUMBER(SEARCH("Output",$B151)),COUNTIF($D151:$H151,"Complete")>0),"yes","no") -> no | K151: =IF(AND(ISNUMBER(SEARCH("Outcome",$B151)),COUNTIF($D151:$H151,"Complete")>0),"yes","no") -> no | M151: =IF('3. Expenditures'!D144="CCAC", '3. Expenditures'!B144, 0) -> 0 | N151: =IF('3. Expenditures'!D144="CCAC", '3. Expenditures'!C144, 0) -> 0 | O151: =IF('3. Expenditures'!D144="CCAC", '3. Expenditures'!E144, 0) -> 0 | P151: =SUM(Q151:U151) -> 0 | Q151: =IF('3. Expenditures'!D144="CCAC", '3. Expenditures'!L144, 0) -> 0 | R151: =IF('3. Expenditures'!D144="CCAC", '3. Expenditures'!N144, 0) -> 0 | S151: =IF('3. Expenditures'!D144="CCAC", '3. Expenditures'!P144, 0) -> 0 | T151: =IF('3. Expenditures'!D144="CCAC", '3. Expenditures'!R144, 0) -> 0 | U151: =IF('3. Expenditures'!D144="CCAC", '3. Expenditures'!T144, 0) -> 0 | W151: =IF('3. Expenditures'!D144="Co-funding", '3. Expenditures'!L144+'3. Expenditures'!N144+'3. Expenditures'!P144+'3. Expenditures'!R144+'3. Expenditures'!T144, 0) -> 0
B152: =IF('INT-Pivots'!G147="","",'INT-Pivots'!G147) | C152: =IF('INT-Pivots'!K147="","",IF('INT-Pivots'!K147="(blank)","Project end",VALUE('INT-Pivots'!K147))) | D152: =IF(ISBLANK('2. Narrative'!R147),"",'2. Narrative'!R147) | E152: =IF(ISBLANK('2. Narrative'!X147),"",'2. Narrative'!X147) | F152: =IF(ISBLANK('2. Narrative'!AD147),"",'2. Narrative'!AD147) | G152: =IF(ISBLANK('2. Narrative'!AJ147),"",'2. Narrative'!AJ147) | H152: =IF(ISBLANK('2. Narrative'!AP147),"",'2. Narrative'!AP147) | I152: =IF(AND(ISNUMBER(SEARCH("Activity",$B152)),COUNTIF($D152:$H152,"Complete")>0),"yes","no") -> no | J152: =IF(AND(ISNUMBER(SEARCH("Output",$B152)),COUNTIF($D152:$H152,"Complete")>0),"yes","no") -> no | K152: =IF(AND(ISNUMBER(SEARCH("Outcome",$B152)),COUNTIF($D152:$H152,"Complete")>0),"yes","no") -> no | M152: =IF('3. Expenditures'!D145="CCAC", '3. Expenditures'!B145, 0) -> 0 | N152: =IF('3. Expenditures'!D145="CCAC", '3. Expenditures'!C145, 0) -> 0 | O152: =IF('3. Expenditures'!D145="CCAC", '3. Expenditures'!E145, 0) -> 0 | P152: =SUM(Q152:U152) -> 0 | Q152: =IF('3. Expenditures'!D145="CCAC", '3. Expenditures'!L145, 0) -> 0 | R152: =IF('3. Expenditures'!D145="CCAC", '3. Expenditures'!N145, 0) -> 0 | S152: =IF('3. Expenditures'!D145="CCAC", '3. Expenditures'!P145, 0) -> 0 | T152: =IF('3. Expenditures'!D145="CCAC", '3. Expenditures'!R145, 0) -> 0 | U152: =IF('3. Expenditures'!D145="CCAC", '3. Expenditures'!T145, 0) -> 0
B153: =IF('INT-Pivots'!G148="","",'INT-Pivots'!G148) | C153: =IF('INT-Pivots'!K148="","",IF('INT-Pivots'!K148="(blank)","Project end",VALUE('INT-Pivots'!K148))) | D153: =IF(ISBLANK('2. Narrative'!R148),"",'2. Narrative'!R148) | E153: =IF(ISBLANK('2. Narrative'!X148),"",'2. Narrative'!X148) | F153: =IF(ISBLANK('2. Narrative'!AD148),"",'2. Narrative'!AD148) | G153: =IF(ISBLANK('2. Narrative'!AJ148),"",'2. Narrative'!AJ148) | H153: =IF(ISBLANK('2. Narrative'!AP148),"",'2. Narrative'!AP148) | I153: =IF(AND(ISNUMBER(SEARCH("Activity",$B153)),COUNTIF($D153:$H153,"Complete")>0),"yes","no") -> no | J153: =IF(AND(ISNUMBER(SEARCH("Output",$B153)),COUNTIF($D153:$H153,"Complete")>0),"yes","no") -> no | K153: =IF(AND(ISNUMBER(SEARCH("Outcome",$B153)),COUNTIF($D153:$H153,"Complete")>0),"yes","no") -> no | M153: =IF('3. Expenditures'!D146="CCAC", '3. Expenditures'!B146, 0) -> 0 | N153: =IF('3. Expenditures'!D146="CCAC", '3. Expenditures'!C146, 0) -> 0 | O153: =IF('3. Expenditures'!D146="CCAC", '3. Expenditures'!E146, 0) -> 0 | P153: =SUM(Q153:U153) -> 0 | Q153: =IF('3. Expenditures'!D146="CCAC", '3. Expenditures'!L146, 0) -> 0 | R153: =IF('3. Expenditures'!D146="CCAC", '3. Expenditures'!N146, 0) -> 0 | S153: =IF('3. Expenditures'!D146="CCAC", '3. Expenditures'!P146, 0) -> 0 | T153: =IF('3. Expenditures'!D146="CCAC", '3. Expenditures'!R146, 0) -> 0 | U153: =IF('3. Expenditures'!D146="CCAC", '3. Expenditures'!T146, 0) -> 0
B154: =IF('INT-Pivots'!G149="","",'INT-Pivots'!G149) | C154: =IF('INT-Pivots'!K149="","",IF('INT-Pivots'!K149="(blank)","Project end",VALUE('INT-Pivots'!K149))) | D154: =IF(ISBLANK('2. Narrative'!R149),"",'2. Narrative'!R149) | E154: =IF(ISBLANK('2. Narrative'!X149),"",'2. Narrative'!X149) | F154: =IF(ISBLANK('2. Narrative'!AD149),"",'2. Narrative'!AD149) | G154: =IF(ISBLANK('2. Narrative'!AJ149),"",'2. Narrative'!AJ149) | H154: =IF(ISBLANK('2. Narrative'!AP149),"",'2. Narrative'!AP149) | I154: =IF(AND(ISNUMBER(SEARCH("Activity",$B154)),COUNTIF($D154:$H154,"Complete")>0),"yes","no") -> no | J154: =IF(AND(ISNUMBER(SEARCH("Output",$B154)),COUNTIF($D154:$H154,"Complete")>0),"yes","no") -> no | K154: =IF(AND(ISNUMBER(SEARCH("Outcome",$B154)),COUNTIF($D154:$H154,"Complete")>0),"yes","no") -> no | M154: =IF('3. Expenditures'!D147="CCAC", '3. Expenditures'!B147, 0) -> 0 | N154: =IF('3. Expenditures'!D147="CCAC", '3. Expenditures'!C147, 0) -> 0 | O154: =IF('3. Expenditures'!D147="CCAC", '3. Expenditures'!E147, 0) -> 0 | P154: =SUM(Q154:U154) -> 0 | Q154: =IF('3. Expenditures'!D147="CCAC", '3. Expenditures'!L147, 0) -> 0 | R154: =IF('3. Expenditures'!D147="CCAC", '3. Expenditures'!N147, 0) -> 0 | S154: =IF('3. Expenditures'!D147="CCAC", '3. Expenditures'!P147, 0) -> 0 | T154: =IF('3. Expenditures'!D147="CCAC", '3. Expenditures'!R147, 0) -> 0 | U154: =IF('3. Expenditures'!D147="CCAC", '3. Expenditures'!T147, 0) -> 0
B155: =IF('INT-Pivots'!G150="","",'INT-Pivots'!G150) | C155: =IF('INT-Pivots'!K150="","",IF('INT-Pivots'!K150="(blank)","Project end",VALUE('INT-Pivots'!K150))) | D155: =IF(ISBLANK('2. Narrative'!R150),"",'2. Narrative'!R150) | E155: =IF(ISBLANK('2. Narrative'!X150),"",'2. Narrative'!X150) | F155: =IF(ISBLANK('2. Narrative'!AD150),"",'2. Narrative'!AD150) | G155: =IF(ISBLANK('2. Narrative'!AJ150),"",'2. Narrative'!AJ150) | H155: =IF(ISBLANK('2. Narrative'!AP150),"",'2. Narrative'!AP150) | I155: =IF(AND(ISNUMBER(SEARCH("Activity",$B155)),COUNTIF($D155:$H155,"Complete")>0),"yes","no") -> no | J155: =IF(AND(ISNUMBER(SEARCH("Output",$B155)),COUNTIF($D155:$H155,"Complete")>0),"yes","no") -> no | K155: =IF(AND(ISNUMBER(SEARCH("Outcome",$B155)),COUNTIF($D155:$H155,"Complete")>0),"yes","no") -> no | M155: =IF('3. Expenditures'!D148="CCAC", '3. Expenditures'!B148, 0) -> 0 | N155: =IF('3. Expenditures'!D148="CCAC", '3. Expenditures'!C148, 0) -> 0 | O155: =IF('3. Expenditures'!D148="CCAC", '3. Expenditures'!E148, 0) -> 0 | P155: =SUM(Q155:U155) -> 0 | Q155: =IF('3. Expenditures'!D148="CCAC", '3. Expenditures'!L148, 0) -> 0 | R155: =IF('3. Expenditures'!D148="CCAC", '3. Expenditures'!N148, 0) -> 0 | S155: =IF('3. Expenditures'!D148="CCAC", '3. Expenditures'!P148, 0) -> 0 | T155: =IF('3. Expenditures'!D148="CCAC", '3. Expenditures'!R148, 0) -> 0 | U155: =IF('3. Expenditures'!D148="CCAC", '3. Expenditures'!T148, 0) -> 0
B156: =IF('INT-Pivots'!G151="","",'INT-Pivots'!G151) | C156: =IF('INT-Pivots'!K151="","",IF('INT-Pivots'!K151="(blank)","Project end",VALUE('INT-Pivots'!K151))) | D156: =IF(ISBLANK('2. Narrative'!R151),"",'2. Narrative'!R151) | E156: =IF(ISBLANK('2. Narrative'!X151),"",'2. Narrative'!X151) | F156: =IF(ISBLANK('2. Narrative'!AD151),"",'2. Narrative'!AD151) | G156: =IF(ISBLANK('2. Narrative'!AJ151),"",'2. Narrative'!AJ151) | H156: =IF(ISBLANK('2. Narrative'!AP151),"",'2. Narrative'!AP151) | I156: =IF(AND(ISNUMBER(SEARCH("Activity",$B156)),COUNTIF($D156:$H156,"Complete")>0),"yes","no") -> no | J156: =IF(AND(ISNUMBER(SEARCH("Output",$B156)),COUNTIF($D156:$H156,"Complete")>0),"yes","no") -> no | K156: =IF(AND(ISNUMBER(SEARCH("Outcome",$B156)),COUNTIF($D156:$H156,"Complete")>0),"yes","no") -> no | M156: =IF('3. Expenditures'!D149="CCAC", '3. Expenditures'!B149, 0) -> 0 | N156: =IF('3. Expenditures'!D149="CCAC", '3. Expenditures'!C149, 0) -> 0 | O156: =IF('3. Expenditures'!D149="CCAC", '3. Expenditures'!E149, 0) -> 0 | P156: =SUM(Q156:U156) -> 0 | Q156: =IF('3. Expenditures'!D149="CCAC", '3. Expenditures'!L149, 0) -> 0 | R156: =IF('3. Expenditures'!D149="CCAC", '3. Expenditures'!N149, 0) -> 0 | S156: =IF('3. Expenditures'!D149="CCAC", '3. Expenditures'!P149, 0) -> 0 | T156: =IF('3. Expenditures'!D149="CCAC", '3. Expenditures'!R149, 0) -> 0 | U156: =IF('3. Expenditures'!D149="CCAC", '3. Expenditures'!T149, 0) -> 0
B157: =IF('INT-Pivots'!G152="","",'INT-Pivots'!G152) | C157: =IF('INT-Pivots'!K152="","",IF('INT-Pivots'!K152="(blank)","Project end",VALUE('INT-Pivots'!K152))) | D157: =IF(ISBLANK('2. Narrative'!R152),"",'2. Narrative'!R152) | E157: =IF(ISBLANK('2. Narrative'!X152),"",'2. Narrative'!X152) | F157: =IF(ISBLANK('2. Narrative'!AD152),"",'2. Narrative'!AD152) | G157: =IF(ISBLANK('2. Narrative'!AJ152),"",'2. Narrative'!AJ152) | H157: =IF(ISBLANK('2. Narrative'!AP152),"",'2. Narrative'!AP152) | I157: =IF(AND(ISNUMBER(SEARCH("Activity",$B157)),COUNTIF($D157:$H157,"Complete")>0),"yes","no") -> no | J157: =IF(AND(ISNUMBER(SEARCH("Output",$B157)),COUNTIF($D157:$H157,"Complete")>0),"yes","no") -> no | K157: =IF(AND(ISNUMBER(SEARCH("Outcome",$B157)),COUNTIF($D157:$H157,"Complete")>0),"yes","no") -> no | M157: =IF('3. Expenditures'!D150="CCAC", '3. Expenditures'!B150, 0) -> 0 | N157: =IF('3. Expenditures'!D150="CCAC", '3. Expenditures'!C150, 0) -> 0 | O157: =IF('3. Expenditures'!D150="CCAC", '3. Expenditures'!E150, 0) -> 0 | P157: =SUM(Q157:U157) -> 0 | Q157: =IF('3. Expenditures'!D150="CCAC", '3. Expenditures'!L150, 0) -> 0 | R157: =IF('3. Expenditures'!D150="CCAC", '3. Expenditures'!N150, 0) -> 0 | S157: =IF('3. Expenditures'!D150="CCAC", '3. Expenditures'!P150, 0) -> 0 | T157: =IF('3. Expenditures'!D150="CCAC", '3. Expenditures'!R150, 0) -> 0 | U157: =IF('3. Expenditures'!D150="CCAC", '3. Expenditures'!T150, 0) -> 0
B158: =IF('INT-Pivots'!G153="","",'INT-Pivots'!G153) | C158: =IF('INT-Pivots'!K153="","",IF('INT-Pivots'!K153="(blank)","Project end",VALUE('INT-Pivots'!K153))) | D158: =IF(ISBLANK('2. Narrative'!R153),"",'2. Narrative'!R153) | E158: =IF(ISBLANK('2. Narrative'!X153),"",'2. Narrative'!X153) | F158: =IF(ISBLANK('2. Narrative'!AD153),"",'2. Narrative'!AD153) | G158: =IF(ISBLANK('2. Narrative'!AJ153),"",'2. Narrative'!AJ153) | H158: =IF(ISBLANK('2. Narrative'!AP153),"",'2. Narrative'!AP153) | I158: =IF(AND(ISNUMBER(SEARCH("Activity",$B158)),COUNTIF($D158:$H158,"Complete")>0),"yes","no") -> no | J158: =IF(AND(ISNUMBER(SEARCH("Output",$B158)),COUNTIF($D158:$H158,"Complete")>0),"yes","no") -> no | K158: =IF(AND(ISNUMBER(SEARCH("Outcome",$B158)),COUNTIF($D158:$H158,"Complete")>0),"yes","no") -> no | M158: =IF('3. Expenditures'!D151="CCAC", '3. Expenditures'!B151, 0) -> 0 | N158: =IF('3. Expenditures'!D151="CCAC", '3. Expenditures'!C151, 0) -> 0 | O158: =IF('3. Expenditures'!D151="CCAC", '3. Expenditures'!E151, 0) -> 0 | P158: =SUM(Q158:U158) -> 0 | Q158: =IF('3. Expenditures'!D151="CCAC", '3. Expenditures'!L151, 0) -> 0 | R158: =IF('3. Expenditures'!D151="CCAC", '3. Expenditures'!N151, 0) -> 0 | S158: =IF('3. Expenditures'!D151="CCAC", '3. Expenditures'!P151, 0) -> 0 | T158: =IF('3. Expenditures'!D151="CCAC", '3. Expenditures'!R151, 0) -> 0 | U158: =IF('3. Expenditures'!D151="CCAC", '3. Expenditures'!T151, 0) -> 0
B159: =IF('INT-Pivots'!G154="","",'INT-Pivots'!G154) | C159: =IF('INT-Pivots'!K154="","",IF('INT-Pivots'!K154="(blank)","Project end",VALUE('INT-Pivots'!K154))) | D159: =IF(ISBLANK('2. Narrative'!R154),"",'2. Narrative'!R154) | E159: =IF(ISBLANK('2. Narrative'!X154),"",'2. Narrative'!X154) | F159: =IF(ISBLANK('2. Narrative'!AD154),"",'2. Narrative'!AD154) | G159: =IF(ISBLANK('2. Narrative'!AJ154),"",'2. Narrative'!AJ154) | H159: =IF(ISBLANK('2. Narrative'!AP154),"",'2. Narrative'!AP154) | I159: =IF(AND(ISNUMBER(SEARCH("Activity",$B159)),COUNTIF($D159:$H159,"Complete")>0),"yes","no") -> no | J159: =IF(AND(ISNUMBER(SEARCH("Output",$B159)),COUNTIF($D159:$H159,"Complete")>0),"yes","no") -> no | K159: =IF(AND(ISNUMBER(SEARCH("Outcome",$B159)),COUNTIF($D159:$H159,"Complete")>0),"yes","no") -> no | M159: =IF('3. Expenditures'!D152="CCAC", '3. Expenditures'!B152, 0) -> 0 | N159: =IF('3. Expenditures'!D152="CCAC", '3. Expenditures'!C152, 0) -> 0 | O159: =IF('3. Expenditures'!D152="CCAC", '3. Expenditures'!E152, 0) -> 0 | P159: =SUM(Q159:U159) -> 0 | Q159: =IF('3. Expenditures'!D152="CCAC", '3. Expenditures'!L152, 0) -> 0 | R159: =IF('3. Expenditures'!D152="CCAC", '3. Expenditures'!N152, 0) -> 0 | S159: =IF('3. Expenditures'!D152="CCAC", '3. Expenditures'!P152, 0) -> 0 | T159: =IF('3. Expenditures'!D152="CCAC", '3. Expenditures'!R152, 0) -> 0 | U159: =IF('3. Expenditures'!D152="CCAC", '3. Expenditures'!T152, 0) -> 0
B160: =IF('INT-Pivots'!G155="","",'INT-Pivots'!G155) | C160: =IF('INT-Pivots'!K155="","",IF('INT-Pivots'!K155="(blank)","Project end",VALUE('INT-Pivots'!K155))) | D160: =IF(ISBLANK('2. Narrative'!R155),"",'2. Narrative'!R155) | E160: =IF(ISBLANK('2. Narrative'!X155),"",'2. Narrative'!X155) | F160: =IF(ISBLANK('2. Narrative'!AD155),"",'2. Narrative'!AD155) | G160: =IF(ISBLANK('2. Narrative'!AJ155),"",'2. Narrative'!AJ155) | H160: =IF(ISBLANK('2. Narrative'!AP155),"",'2. Narrative'!AP155) | I160: =IF(AND(ISNUMBER(SEARCH("Activity",$B160)),COUNTIF($D160:$H160,"Complete")>0),"yes","no") -> no | J160: =IF(AND(ISNUMBER(SEARCH("Output",$B160)),COUNTIF($D160:$H160,"Complete")>0),"yes","no") -> no | K160: =IF(AND(ISNUMBER(SEARCH("Outcome",$B160)),COUNTIF($D160:$H160,"Complete")>0),"yes","no") -> no | M160: =IF('3. Expenditures'!D153="CCAC", '3. Expenditures'!B153, 0) -> 0 | N160: =IF('3. Expenditures'!D153="CCAC", '3. Expenditures'!C153, 0) -> 0 | O160: =IF('3. Expenditures'!D153="CCAC", '3. Expenditures'!E153, 0) -> 0 | P160: =SUM(Q160:U160) -> 0 | Q160: =IF('3. Expenditures'!D153="CCAC", '3. Expenditures'!L153, 0) -> 0 | R160: =IF('3. Expenditures'!D153="CCAC", '3. Expenditures'!N153, 0) -> 0 | S160: =IF('3. Expenditures'!D153="CCAC", '3. Expenditures'!P153, 0) -> 0 | T160: =IF('3. Expenditures'!D153="CCAC", '3. Expenditures'!R153, 0) -> 0 | U160: =IF('3. Expenditures'!D153="CCAC", '3. Expenditures'!T153, 0) -> 0
B161: =IF('INT-Pivots'!G156="","",'INT-Pivots'!G156) | C161: =IF('INT-Pivots'!K156="","",IF('INT-Pivots'!K156="(blank)","Project end",VALUE('INT-Pivots'!K156))) | D161: =IF(ISBLANK('2. Narrative'!R156),"",'2. Narrative'!R156) | E161: =IF(ISBLANK('2. Narrative'!X156),"",'2. Narrative'!X156) | F161: =IF(ISBLANK('2. Narrative'!AD156),"",'2. Narrative'!AD156) | G161: =IF(ISBLANK('2. Narrative'!AJ156),"",'2. Narrative'!AJ156) | H161: =IF(ISBLANK('2. Narrative'!AP156),"",'2. Narrative'!AP156) | I161: =IF(AND(ISNUMBER(SEARCH("Activity",$B161)),COUNTIF($D161:$H161,"Complete")>0),"yes","no") -> no | J161: =IF(AND(ISNUMBER(SEARCH("Output",$B161)),COUNTIF($D161:$H161,"Complete")>0),"yes","no") -> no | K161: =IF(AND(ISNUMBER(SEARCH("Outcome",$B161)),COUNTIF($D161:$H161,"Complete")>0),"yes","no") -> no | M161: =IF('3. Expenditures'!D154="CCAC", '3. Expenditures'!B154, 0) -> 0 | N161: =IF('3. Expenditures'!D154="CCAC", '3. Expenditures'!C154, 0) -> 0 | O161: =IF('3. Expenditures'!D154="CCAC", '3. Expenditures'!E154, 0) -> 0 | P161: =SUM(Q161:U161) -> 0 | Q161: =IF('3. Expenditures'!D154="CCAC", '3. Expenditures'!L154, 0) -> 0 | R161: =IF('3. Expenditures'!D154="CCAC", '3. Expenditures'!N154, 0) -> 0 | S161: =IF('3. Expenditures'!D154="CCAC", '3. Expenditures'!P154, 0) -> 0 | T161: =IF('3. Expenditures'!D154="CCAC", '3. Expenditures'!R154, 0) -> 0 | U161: =IF('3. Expenditures'!D154="CCAC", '3. Expenditures'!T154, 0) -> 0
B162: =IF('INT-Pivots'!G157="","",'INT-Pivots'!G157) | C162: =IF('INT-Pivots'!K157="","",IF('INT-Pivots'!K157="(blank)","Project end",VALUE('INT-Pivots'!K157))) | D162: =IF(ISBLANK('2. Narrative'!R157),"",'2. Narrative'!R157) | E162: =IF(ISBLANK('2. Narrative'!X157),"",'2. Narrative'!X157) | F162: =IF(ISBLANK('2. Narrative'!AD157),"",'2. Narrative'!AD157) | G162: =IF(ISBLANK('2. Narrative'!AJ157),"",'2. Narrative'!AJ157) | H162: =IF(ISBLANK('2. Narrative'!AP157),"",'2. Narrative'!AP157) | I162: =IF(AND(ISNUMBER(SEARCH("Activity",$B162)),COUNTIF($D162:$H162,"Complete")>0),"yes","no") -> no | J162: =IF(AND(ISNUMBER(SEARCH("Output",$B162)),COUNTIF($D162:$H162,"Complete")>0),"yes","no") -> no | K162: =IF(AND(ISNUMBER(SEARCH("Outcome",$B162)),COUNTIF($D162:$H162,"Complete")>0),"yes","no") -> no | M162: =IF('3. Expenditures'!D155="CCAC", '3. Expenditures'!B155, 0) -> 0 | N162: =IF('3. Expenditures'!D155="CCAC", '3. Expenditures'!C155, 0) -> 0 | O162: =IF('3. Expenditures'!D155="CCAC", '3. Expenditures'!E155, 0) -> 0 | P162: =SUM(Q162:U162) -> 0 | Q162: =IF('3. Expenditures'!D155="CCAC", '3. Expenditures'!L155, 0) -> 0 | R162: =IF('3. Expenditures'!D155="CCAC", '3. Expenditures'!N155, 0) -> 0 | S162: =IF('3. Expenditures'!D155="CCAC", '3. Expenditures'!P155, 0) -> 0 | T162: =IF('3. Expenditures'!D155="CCAC", '3. Expenditures'!R155, 0) -> 0 | U162: =IF('3. Expenditures'!D155="CCAC", '3. Expenditures'!T155, 0) -> 0
B163: =IF('INT-Pivots'!G158="","",'INT-Pivots'!G158) | C163: =IF('INT-Pivots'!K158="","",IF('INT-Pivots'!K158="(blank)","Project end",VALUE('INT-Pivots'!K158))) | D163: =IF(ISBLANK('2. Narrative'!R158),"",'2. Narrative'!R158) | E163: =IF(ISBLANK('2. Narrative'!X158),"",'2. Narrative'!X158) | F163: =IF(ISBLANK('2. Narrative'!AD158),"",'2. Narrative'!AD158) | G163: =IF(ISBLANK('2. Narrative'!AJ158),"",'2. Narrative'!AJ158) | H163: =IF(ISBLANK('2. Narrative'!AP158),"",'2. Narrative'!AP158) | I163: =IF(AND(ISNUMBER(SEARCH("Activity",$B163)),COUNTIF($D163:$H163,"Complete")>0),"yes","no") -> no | J163: =IF(AND(ISNUMBER(SEARCH("Output",$B163)),COUNTIF($D163:$H163,"Complete")>0),"yes","no") -> no | K163: =IF(AND(ISNUMBER(SEARCH("Outcome",$B163)),COUNTIF($D163:$H163,"Complete")>0),"yes","no") -> no | M163: =IF('3. Expenditures'!D156="CCAC", '3. Expenditures'!B156, 0) -> 0 | N163: =IF('3. Expenditures'!D156="CCAC", '3. Expenditures'!C156, 0) -> 0 | O163: =IF('3. Expenditures'!D156="CCAC", '3. Expenditures'!E156, 0) -> 0 | P163: =SUM(Q163:U163) -> 0 | Q163: =IF('3. Expenditures'!D156="CCAC", '3. Expenditures'!L156, 0) -> 0 | R163: =IF('3. Expenditures'!D156="CCAC", '3. Expenditures'!N156, 0) -> 0 | S163: =IF('3. Expenditures'!D156="CCAC", '3. Expenditures'!P156, 0) -> 0 | T163: =IF('3. Expenditures'!D156="CCAC", '3. Expenditures'!R156, 0) -> 0 | U163: =IF('3. Expenditures'!D156="CCAC", '3. Expenditures'!T156, 0) -> 0
... B171: =IF('INT-Pivots'!G166="","",'INT-Pivots'!G166) | C171: =IF('INT-Pivots'!K166="","",IF('INT-Pivots'!K166="(blank)","Project end",VALUE('INT-Pivots'!K166))) | D171: =IF(ISBLANK('2. Narrative'!R166),"",'2. Narrative'!R166) | E171: =IF(ISBLANK('2. Narrative'!X166),"",'2. Narrative'!X166) | F171: =IF(ISBLANK('2. Narrative'!AD166),"",'2. Narrative'!AD166) | G171: =IF(ISBLANK('2. Narrative'!AJ166),"",'2. Narrative'!AJ166) | H171: =IF(ISBLANK('2. Narrative'!AP166),"",'2. Narrative'!AP166) | I171: =IF(AND(ISNUMBER(SEARCH("Activity",$B171)),COUNTIF($D171:$H171,"Complete")>0),"yes","no") -> no | J171: =IF(AND(ISNUMBER(SEARCH("Output",$B171)),COUNTIF($D171:$H171,"Complete")>0),"yes","no") -> no | K171: =IF(AND(ISNUMBER(SEARCH("Outcome",$B171)),COUNTIF($D171:$H171,"Complete")>0),"yes","no") -> no | M171: =IF('3. Expenditures'!D164="CCAC", '3. Expenditures'!B164, 0) -> 0 | N171: =IF('3. Expenditures'!D164="CCAC", '3. Expenditures'!C164, 0) -> 0 | O171: =IF('3. Expenditures'!D164="CCAC", '3. Expenditures'!E164, 0) -> 0 | P171: =SUM(Q171:U171) -> 0 | Q171: =IF('3. Expenditures'!D164="CCAC", '3. Expenditures'!L164, 0) -> 0 | R171: =IF('3. Expenditures'!D164="CCAC", '3. Expenditures'!N164, 0) -> 0 | S171: =IF('3. Expenditures'!D164="CCAC", '3. Expenditures'!P164, 0) -> 0 | T171: =IF('3. Expenditures'!D164="CCAC", '3. Expenditures'!R164, 0) -> 0 | U171: =IF('3. Expenditures'!D164="CCAC", '3. Expenditures'!T164, 0) -> 0
B172: =IF('INT-Pivots'!G167="","",'INT-Pivots'!G167) | C172: =IF('INT-Pivots'!K167="","",IF('INT-Pivots'!K167="(blank)","Project end",VALUE('INT-Pivots'!K167))) | D172: =IF(ISBLANK('2. Narrative'!R167),"",'2. Narrative'!R167) | E172: =IF(ISBLANK('2. Narrative'!X167),"",'2. Narrative'!X167) | F172: =IF(ISBLANK('2. Narrative'!AD167),"",'2. Narrative'!AD167) | G172: =IF(ISBLANK('2. Narrative'!AJ167),"",'2. Narrative'!AJ167) | H172: =IF(ISBLANK('2. Narrative'!AP167),"",'2. Narrative'!AP167) | I172: =IF(AND(ISNUMBER(SEARCH("Activity",$B172)),COUNTIF($D172:$H172,"Complete")>0),"yes","no") -> no | J172: =IF(AND(ISNUMBER(SEARCH("Output",$B172)),COUNTIF($D172:$H172,"Complete")>0),"yes","no") -> no | K172: =IF(AND(ISNUMBER(SEARCH("Outcome",$B172)),COUNTIF($D172:$H172,"Complete")>0),"yes","no") -> no | M172: =IF('3. Expenditures'!D165="CCAC", '3. Expenditures'!B165, 0) -> 0 | N172: =IF('INT-Pivots'!AU166="","",IF('INT-Pivots'!AU166="0","",'INT-Pivots'!AU166)) | O172: =IF('3. Expenditures'!D165="CCAC", '3. Expenditures'!E165, 0) -> 0 | P172: =SUM(Q172:U172) -> 0 | Q172: =IF('3. Expenditures'!D165="CCAC", '3. Expenditures'!L165, 0) -> 0 | R172: =IF('3. Expenditures'!D165="CCAC", '3. Expenditures'!N165, 0) -> 0 | S172: =IF('3. Expenditures'!D165="CCAC", '3. Expenditures'!P165, 0) -> 0 | T172: =IF('3. Expenditures'!D165="CCAC", '3. Expenditures'!R165, 0) -> 0 | U172: =IF('3. Expenditures'!D165="CCAC", '3. Expenditures'!T165, 0) -> 0
B173: =IF('INT-Pivots'!G168="","",'INT-Pivots'!G168) | C173: =IF('INT-Pivots'!K168="","",IF('INT-Pivots'!K168="(blank)","Project end",VALUE('INT-Pivots'!K168))) | D173: =IF(ISBLANK('2. Narrative'!R168),"",'2. Narrative'!R168) | E173: =IF(ISBLANK('2. Narrative'!X168),"",'2. Narrative'!X168) | F173: =IF(ISBLANK('2. Narrative'!AD168),"",'2. Narrative'!AD168) | G173: =IF(ISBLANK('2. Narrative'!AJ168),"",'2. Narrative'!AJ168) | H173: =IF(ISBLANK('2. Narrative'!AP168),"",'2. Narrative'!AP168) | I173: =IF(AND(ISNUMBER(SEARCH("Activity",$B173)),COUNTIF($D173:$H173,"Complete")>0),"yes","no") -> no | J173: =IF(AND(ISNUMBER(SEARCH("Output",$B173)),COUNTIF($D173:$H173,"Complete")>0),"yes","no") -> no | K173: =IF(AND(ISNUMBER(SEARCH("Outcome",$B173)),COUNTIF($D173:$H173,"Complete")>0),"yes","no") -> no | M173: =IF('3. Expenditures'!D166="CCAC", '3. Expenditures'!B166, 0) -> 0 | N173: =IF('INT-Pivots'!AU167="","",IF('INT-Pivots'!AU167="0","",'INT-Pivots'!AU167)) | O173: =IF('3. Expenditures'!D166="CCAC", '3. Expenditures'!E166, 0) -> 0 | P173: =SUM(Q173:U173) -> 0 | Q173: =IF('3. Expenditures'!D166="CCAC", '3. Expenditures'!L166, 0) -> 0 | R173: =IF('3. Expenditures'!D166="CCAC", '3. Expenditures'!N166, 0) -> 0 | S173: =IF('3. Expenditures'!D166="CCAC", '3. Expenditures'!P166, 0) -> 0 | T173: =IF('3. Expenditures'!D166="CCAC", '3. Expenditures'!R166, 0) -> 0 | U173: =IF('3. Expenditures'!D166="CCAC", '3. Expenditures'!T166, 0) -> 0
B174: =IF('INT-Pivots'!G169="","",'INT-Pivots'!G169) | C174: =IF('INT-Pivots'!K169="","",IF('INT-Pivots'!K169="(blank)","Project end",VALUE('INT-Pivots'!K169))) | D174: =IF(ISBLANK('2. Narrative'!R169),"",'2. Narrative'!R169) | E174: =IF(ISBLANK('2. Narrative'!X169),"",'2. Narrative'!X169) | F174: =IF(ISBLANK('2. Narrative'!AD169),"",'2. Narrative'!AD169) | G174: =IF(ISBLANK('2. Narrative'!AJ169),"",'2. Narrative'!AJ169) | H174: =IF(ISBLANK('2. Narrative'!AP169),"",'2. Narrative'!AP169) | I174: =IF(AND(ISNUMBER(SEARCH("Activity",$B174)),COUNTIF($D174:$H174,"Complete")>0),"yes","no") -> no | J174: =IF(AND(ISNUMBER(SEARCH("Output",$B174)),COUNTIF($D174:$H174,"Complete")>0),"yes","no") -> no | K174: =IF(AND(ISNUMBER(SEARCH("Outcome",$B174)),COUNTIF($D174:$H174,"Complete")>0),"yes","no") -> no | M174: =IF('INT-Pivots'!AT168="","",IF('INT-Pivots'!AT168="0","",'INT-Pivots'!AT168)) | N174: =IF('INT-Pivots'!AU168="","",IF('INT-Pivots'!AU168="0","",'INT-Pivots'!AU168)) | O174: =IF('3. Expenditures'!D167="CCAC", '3. Expenditures'!E167, 0) -> 0 | P174: =SUM(Q174:U174) -> 0 | Q174: =IF('3. Expenditures'!D167="CCAC", '3. Expenditures'!L167, 0) -> 0 | R174: =IF('3. Expenditures'!D167="CCAC", '3. Expenditures'!N167, 0) -> 0 | S174: =IF('3. Expenditures'!D167="CCAC", '3. Expenditures'!P167, 0) -> 0 | T174: =IF('3. Expenditures'!D167="CCAC", '3. Expenditures'!R167, 0) -> 0 | U174: =IF('3. Expenditures'!D167="CCAC", '3. Expenditures'!T167, 0) -> 0
B175: =IF('INT-Pivots'!G170="","",'INT-Pivots'!G170) | C175: =IF('INT-Pivots'!K170="","",IF('INT-Pivots'!K170="(blank)","Project end",VALUE('INT-Pivots'!K170))) | D175: =IF(ISBLANK('2. Narrative'!R170),"",'2. Narrative'!R170) | E175: =IF(ISBLANK('2. Narrative'!X170),"",'2. Narrative'!X170) | F175: =IF(ISBLANK('2. Narrative'!AD170),"",'2. Narrative'!AD170) | G175: =IF(ISBLANK('2. Narrative'!AJ170),"",'2. Narrative'!AJ170) | H175: =IF(ISBLANK('2. Narrative'!AP170),"",'2. Narrative'!AP170) | I175: =IF(AND(ISNUMBER(SEARCH("Activity",$B175)),COUNTIF($D175:$H175,"Complete")>0),"yes","no") -> no | J175: =IF(AND(ISNUMBER(SEARCH("Output",$B175)),COUNTIF($D175:$H175,"Complete")>0),"yes","no") -> no | K175: =IF(AND(ISNUMBER(SEARCH("Outcome",$B175)),COUNTIF($D175:$H175,"Complete")>0),"yes","no") -> no | M175: =IF('INT-Pivots'!AT169="","",IF('INT-Pivots'!AT169="0","",'INT-Pivots'!AT169)) | N175: =IF('INT-Pivots'!AU169="","",IF('INT-Pivots'!AU169="0","",'INT-Pivots'!AU169)) | O175: =IF('3. Expenditures'!D168="CCAC", '3. Expenditures'!E168, 0) -> 0 | P175: =SUM(Q175:U175) -> 0 | Q175: =IF('3. Expenditures'!D168="CCAC", '3. Expenditures'!L168, 0) -> 0 | R175: =IF('3. Expenditures'!D168="CCAC", '3. Expenditures'!N168, 0) -> 0 | S175: =IF('3. Expenditures'!D168="CCAC", '3. Expenditures'!P168, 0) -> 0 | T175: =IF('3. Expenditures'!D168="CCAC", '3. Expenditures'!R168, 0) -> 0 | U175: =IF('3. Expenditures'!D168="CCAC", '3. Expenditures'!T168, 0) -> 0
B176: =IF('INT-Pivots'!G171="","",'INT-Pivots'!G171) | C176: =IF('INT-Pivots'!K171="","",IF('INT-Pivots'!K171="(blank)","Project end",VALUE('INT-Pivots'!K171))) | D176: =IF(ISBLANK('2. Narrative'!R171),"",'2. Narrative'!R171) | E176: =IF(ISBLANK('2. Narrative'!X171),"",'2. Narrative'!X171) | F176: =IF(ISBLANK('2. Narrative'!AD171),"",'2. Narrative'!AD171) | G176: =IF(ISBLANK('2. Narrative'!AJ171),"",'2. Narrative'!AJ171) | H176: =IF(ISBLANK('2. Narrative'!AP171),"",'2. Narrative'!AP171) | I176: =IF(AND(ISNUMBER(SEARCH("Activity",$B176)),COUNTIF($D176:$H176,"Complete")>0),"yes","no") -> no | J176: =IF(AND(ISNUMBER(SEARCH("Output",$B176)),COUNTIF($D176:$H176,"Complete")>0),"yes","no") -> no | K176: =IF(AND(ISNUMBER(SEARCH("Outcome",$B176)),COUNTIF($D176:$H176,"Complete")>0),"yes","no") -> no | M176: =IF('INT-Pivots'!AT170="","",IF('INT-Pivots'!AT170="0","",'INT-Pivots'!AT170)) | N176: =IF('INT-Pivots'!AU170="","",IF('INT-Pivots'!AU170="0","",'INT-Pivots'!AU170)) | O176: =IF('3. Expenditures'!D169="CCAC", '3. Expenditures'!E169, 0) -> 0 | P176: =SUM(Q176:U176) -> 0 | Q176: =IF('3. Expenditures'!D169="CCAC", '3. Expenditures'!L169, 0) -> 0 | R176: =IF('3. Expenditures'!D169="CCAC", '3. Expenditures'!N169, 0) -> 0 | S176: =IF('3. Expenditures'!D169="CCAC", '3. Expenditures'!P169, 0) -> 0 | T176: =IF('3. Expenditures'!D169="CCAC", '3. Expenditures'!R169, 0) -> 0 | U176: =IF('3. Expenditures'!D169="CCAC", '3. Expenditures'!T169, 0) -> 0
B177: =IF('INT-Pivots'!G172="","",'INT-Pivots'!G172) | C177: =IF('INT-Pivots'!K172="","",IF('INT-Pivots'!K172="(blank)","Project end",VALUE('INT-Pivots'!K172))) | D177: =IF(ISBLANK('2. Narrative'!R172),"",'2. Narrative'!R172) | E177: =IF(ISBLANK('2. Narrative'!X172),"",'2. Narrative'!X172) | F177: =IF(ISBLANK('2. Narrative'!AD172),"",'2. Narrative'!AD172) | G177: =IF(ISBLANK('2. Narrative'!AJ172),"",'2. Narrative'!AJ172) | H177: =IF(ISBLANK('2. Narrative'!AP172),"",'2. Narrative'!AP172) | I177: =IF(AND(ISNUMBER(SEARCH("Activity",$B177)),COUNTIF($D177:$H177,"Complete")>0),"yes","no") -> no | J177: =IF(AND(ISNUMBER(SEARCH("Output",$B177)),COUNTIF($D177:$H177,"Complete")>0),"yes","no") -> no | K177: =IF(AND(ISNUMBER(SEARCH("Outcome",$B177)),COUNTIF($D177:$H177,"Complete")>0),"yes","no") -> no | M177: =IF('INT-Pivots'!AT171="","",IF('INT-Pivots'!AT171="0","",'INT-Pivots'!AT171)) | N177: =IF('INT-Pivots'!AU171="","",IF('INT-Pivots'!AU171="0","",'INT-Pivots'!AU171)) | O177: =IF('3. Expenditures'!D170="CCAC", '3. Expenditures'!E170, 0) -> 0 | P177: =SUM(Q177:U177) -> 0 | Q177: =IF('3. Expenditures'!D170="CCAC", '3. Expenditures'!L170, 0) -> 0 | R177: =IF('3. Expenditures'!D170="CCAC", '3. Expenditures'!N170, 0) -> 0 | S177: =IF('3. Expenditures'!D170="CCAC", '3. Expenditures'!P170, 0) -> 0 | T177: =IF('3. Expenditures'!D170="CCAC", '3. Expenditures'!R170, 0) -> 0 | U177: =IF('3. Expenditures'!D170="CCAC", '3. Expenditures'!T170, 0) -> 0
B178: =IF('INT-Pivots'!G173="","",'INT-Pivots'!G173) | C178: =IF('INT-Pivots'!K173="","",IF('INT-Pivots'!K173="(blank)","Project end",VALUE('INT-Pivots'!K173))) | D178: =IF(ISBLANK('2. Narrative'!R173),"",'2. Narrative'!R173) | E178: =IF(ISBLANK('2. Narrative'!X173),"",'2. Narrative'!X173) | F178: =IF(ISBLANK('2. Narrative'!AD173),"",'2. Narrative'!AD173) | G178: =IF(ISBLANK('2. Narrative'!AJ173),"",'2. Narrative'!AJ173) | H178: =IF(ISBLANK('2. Narrative'!AP173),"",'2. Narrative'!AP173) | I178: =IF(AND(ISNUMBER(SEARCH("Activity",$B178)),COUNTIF($D178:$H178,"Complete")>0),"yes","no") -> no | J178: =IF(AND(ISNUMBER(SEARCH("Output",$B178)),COUNTIF($D178:$H178,"Complete")>0),"yes","no") -> no | K178: =IF(AND(ISNUMBER(SEARCH("Outcome",$B178)),COUNTIF($D178:$H178,"Complete")>0),"yes","no") -> no | M178: =IF('INT-Pivots'!AT172="","",IF('INT-Pivots'!AT172="0","",'INT-Pivots'!AT172)) | N178: =IF('INT-Pivots'!AU172="","",IF('INT-Pivots'!AU172="0","",'INT-Pivots'!AU172)) | O178: =IF('3. Expenditures'!D171="CCAC", '3. Expenditures'!E171, 0) -> 0 | P178: =SUM(Q178:U178) -> 0 | Q178: =IF('3. Expenditures'!D171="CCAC", '3. Expenditures'!L171, 0) -> 0 | R178: =IF('3. Expenditures'!D171="CCAC", '3. Expenditures'!N171, 0) -> 0 | S178: =IF('3. Expenditures'!D171="CCAC", '3. Expenditures'!P171, 0) -> 0 | T178: =IF('3. Expenditures'!D171="CCAC", '3. Expenditures'!R171, 0) -> 0 | U178: =IF('3. Expenditures'!D171="CCAC", '3. Expenditures'!T171, 0) -> 0
B179: =IF('INT-Pivots'!G174="","",'INT-Pivots'!G174) | C179: =IF('INT-Pivots'!K174="","",IF('INT-Pivots'!K174="(blank)","Project end",VALUE('INT-Pivots'!K174))) | D179: =IF(ISBLANK('2. Narrative'!R174),"",'2. Narrative'!R174) | E179: =IF(ISBLANK('2. Narrative'!X174),"",'2. Narrative'!X174) | F179: =IF(ISBLANK('2. Narrative'!AD174),"",'2. Narrative'!AD174) | G179: =IF(ISBLANK('2. Narrative'!AJ174),"",'2. Narrative'!AJ174) | H179: =IF(ISBLANK('2. Narrative'!AP174),"",'2. Narrative'!AP174) | I179: =IF(AND(ISNUMBER(SEARCH("Activity",$B179)),COUNTIF($D179:$H179,"Complete")>0),"yes","no") -> no | J179: =IF(AND(ISNUMBER(SEARCH("Output",$B179)),COUNTIF($D179:$H179,"Complete")>0),"yes","no") -> no | K179: =IF(AND(ISNUMBER(SEARCH("Outcome",$B179)),COUNTIF($D179:$H179,"Complete")>0),"yes","no") -> no | M179: =IF('INT-Pivots'!AT173="","",IF('INT-Pivots'!AT173="0","",'INT-Pivots'!AT173)) | N179: =IF('INT-Pivots'!AU173="","",IF('INT-Pivots'!AU173="0","",'INT-Pivots'!AU173)) | O179: =IF('3. Expenditures'!D172="CCAC", '3. Expenditures'!E172, 0) -> 0 | P179: =SUM(Q179:U179) -> 0 | Q179: =IF('3. Expenditures'!D172="CCAC", '3. Expenditures'!L172, 0) -> 0 | R179: =IF('3. Expenditures'!D172="CCAC", '3. Expenditures'!N172, 0) -> 0 | S179: =IF('3. Expenditures'!D172="CCAC", '3. Expenditures'!P172, 0) -> 0 | T179: =IF('3. Expenditures'!D172="CCAC", '3. Expenditures'!R172, 0) -> 0 | U179: =IF('3. Expenditures'!D172="CCAC", '3. Expenditures'!T172, 0) -> 0
B180: =IF('INT-Pivots'!G175="","",'INT-Pivots'!G175) | C180: =IF('INT-Pivots'!K175="","",IF('INT-Pivots'!K175="(blank)","Project end",VALUE('INT-Pivots'!K175))) | D180: =IF(ISBLANK('2. Narrative'!R175),"",'2. Narrative'!R175) | E180: =IF(ISBLANK('2. Narrative'!X175),"",'2. Narrative'!X175) | F180: =IF(ISBLANK('2. Narrative'!AD175),"",'2. Narrative'!AD175) | G180: =IF(ISBLANK('2. Narrative'!AJ175),"",'2. Narrative'!AJ175) | H180: =IF(ISBLANK('2. Narrative'!AP175),"",'2. Narrative'!AP175) | I180: =IF(AND(ISNUMBER(SEARCH("Activity",$B180)),COUNTIF($D180:$H180,"Complete")>0),"yes","no") -> no | J180: =IF(AND(ISNUMBER(SEARCH("Output",$B180)),COUNTIF($D180:$H180,"Complete")>0),"yes","no") -> no | K180: =IF(AND(ISNUMBER(SEARCH("Outcome",$B180)),COUNTIF($D180:$H180,"Complete")>0),"yes","no") -> no | M180: =IF('INT-Pivots'!AT174="","",IF('INT-Pivots'!AT174="0","",'INT-Pivots'!AT174)) | N180: =IF('INT-Pivots'!AU174="","",IF('INT-Pivots'!AU174="0","",'INT-Pivots'!AU174)) | O180: =IF('3. Expenditures'!D173="CCAC", '3. Expenditures'!E173, 0) -> 0 | P180: =SUM(Q180:U180) -> 0 | Q180: =IF('3. Expenditures'!D173="CCAC", '3. Expenditures'!L173, 0) -> 0 | R180: =IF('3. Expenditures'!D173="CCAC", '3. Expenditures'!N173, 0) -> 0 | S180: =IF('3. Expenditures'!D173="CCAC", '3. Expenditures'!P173, 0) -> 0 | T180: =IF('3. Expenditures'!D173="CCAC", '3. Expenditures'!R173, 0) -> 0 | U180: =IF('3. Expenditures'!D173="CCAC", '3. Expenditures'!T173, 0) -> 0
B181: =IF('INT-Pivots'!G176="","",'INT-Pivots'!G176) | C181: =IF('INT-Pivots'!K176="","",IF('INT-Pivots'!K176="(blank)","Project end",VALUE('INT-Pivots'!K176))) | D181: =IF(ISBLANK('2. Narrative'!R176),"",'2. Narrative'!R176) | E181: =IF(ISBLANK('2. Narrative'!X176),"",'2. Narrative'!X176) | F181: =IF(ISBLANK('2. Narrative'!AD176),"",'2. Narrative'!AD176) | G181: =IF(ISBLANK('2. Narrative'!AJ176),"",'2. Narrative'!AJ176) | H181: =IF(ISBLANK('2. Narrative'!AP176),"",'2. Narrative'!AP176) | I181: =IF(AND(ISNUMBER(SEARCH("Activity",$B181)),COUNTIF($D181:$H181,"Complete")>0),"yes","no") -> no | J181: =IF(AND(ISNUMBER(SEARCH("Output",$B181)),COUNTIF($D181:$H181,"Complete")>0),"yes","no") -> no | K181: =IF(AND(ISNUMBER(SEARCH("Outcome",$B181)),COUNTIF($D181:$H181,"Complete")>0),"yes","no") -> no | M181: =IF('INT-Pivots'!AT175="","",IF('INT-Pivots'!AT175="0","",'INT-Pivots'!AT175)) | N181: =IF('INT-Pivots'!AU175="","",IF('INT-Pivots'!AU175="0","",'INT-Pivots'!AU175)) | O181: =IF('3. Expenditures'!D174="CCAC", '3. Expenditures'!E174, 0) -> 0 | P181: =SUM(Q181:U181) -> 0 | Q181: =IF('3. Expenditures'!D174="CCAC", '3. Expenditures'!L174, 0) -> 0 | R181: =IF('3. Expenditures'!D174="CCAC", '3. Expenditures'!N174, 0) -> 0 | S181: =IF('3. Expenditures'!D174="CCAC", '3. Expenditures'!P174, 0) -> 0 | T181: =IF('3. Expenditures'!D174="CCAC", '3. Expenditures'!R174, 0) -> 0 | U181: =IF('3. Expenditures'!D174="CCAC", '3. Expenditures'!T174, 0) -> 0
B182: =IF('INT-Pivots'!G177="","",'INT-Pivots'!G177) | C182: =IF('INT-Pivots'!K177="","",IF('INT-Pivots'!K177="(blank)","Project end",VALUE('INT-Pivots'!K177))) | D182: =IF(ISBLANK('2. Narrative'!R177),"",'2. Narrative'!R177) | E182: =IF(ISBLANK('2. Narrative'!X177),"",'2. Narrative'!X177) | F182: =IF(ISBLANK('2. Narrative'!AD177),"",'2. Narrative'!AD177) | G182: =IF(ISBLANK('2. Narrative'!AJ177),"",'2. Narrative'!AJ177) | H182: =IF(ISBLANK('2. Narrative'!AP177),"",'2. Narrative'!AP177) | I182: =IF(AND(ISNUMBER(SEARCH("Activity",$B182)),COUNTIF($D182:$H182,"Complete")>0),"yes","no") -> no | J182: =IF(AND(ISNUMBER(SEARCH("Output",$B182)),COUNTIF($D182:$H182,"Complete")>0),"yes","no") -> no | K182: =IF(AND(ISNUMBER(SEARCH("Outcome",$B182)),COUNTIF($D182:$H182,"Complete")>0),"yes","no") -> no | M182: =IF('INT-Pivots'!AT176="","",IF('INT-Pivots'!AT176="0","",'INT-Pivots'!AT176)) | N182: =IF('INT-Pivots'!AU176="","",IF('INT-Pivots'!AU176="0","",'INT-Pivots'!AU176)) | O182: =IF('3. Expenditures'!D175="CCAC", '3. Expenditures'!E175, 0) -> 0 | P182: =SUM(Q182:U182) -> 0 | Q182: =IF('3. Expenditures'!D175="CCAC", '3. Expenditures'!L175, 0) -> 0 | R182: =IF('3. Expenditures'!D175="CCAC", '3. Expenditures'!N175, 0) -> 0 | S182: =IF('3. Expenditures'!D175="CCAC", '3. Expenditures'!P175, 0) -> 0 | T182: =IF('3. Expenditures'!D175="CCAC", '3. Expenditures'!R175, 0) -> 0 | U182: =IF('3. Expenditures'!D175="CCAC", '3. Expenditures'!T175, 0) -> 0
B183: =IF('INT-Pivots'!G178="","",'INT-Pivots'!G178) | C183: =IF('INT-Pivots'!K178="","",IF('INT-Pivots'!K178="(blank)","Project end",VALUE('INT-Pivots'!K178))) | D183: =IF(ISBLANK('2. Narrative'!R178),"",'2. Narrative'!R178) | E183: =IF(ISBLANK('2. Narrative'!X178),"",'2. Narrative'!X178) | F183: =IF(ISBLANK('2. Narrative'!AD178),"",'2. Narrative'!AD178) | G183: =IF(ISBLANK('2. Narrative'!AJ178),"",'2. Narrative'!AJ178) | H183: =IF(ISBLANK('2. Narrative'!AP178),"",'2. Narrative'!AP178) | I183: =IF(AND(ISNUMBER(SEARCH("Activity",$B183)),COUNTIF($D183:$H183,"Complete")>0),"yes","no") -> no | J183: =IF(AND(ISNUMBER(SEARCH("Output",$B183)),COUNTIF($D183:$H183,"Complete")>0),"yes","no") -> no | K183: =IF(AND(ISNUMBER(SEARCH("Outcome",$B183)),COUNTIF($D183:$H183,"Complete")>0),"yes","no") -> no | M183: =IF('INT-Pivots'!AT177="","",IF('INT-Pivots'!AT177="0","",'INT-Pivots'!AT177)) | N183: =IF('INT-Pivots'!AU177="","",IF('INT-Pivots'!AU177="0","",'INT-Pivots'!AU177)) | O183: =IF('3. Expenditures'!D176="CCAC", '3. Expenditures'!E176, 0) -> 0 | P183: =SUM(Q183:U183) -> 0 | Q183: =IF('3. Expenditures'!D176="CCAC", '3. Expenditures'!L176, 0) -> 0 | R183: =IF('3. Expenditures'!D176="CCAC", '3. Expenditures'!N176, 0) -> 0 | S183: =IF('3. Expenditures'!D176="CCAC", '3. Expenditures'!P176, 0) -> 0 | T183: =IF('3. Expenditures'!D176="CCAC", '3. Expenditures'!R176, 0) -> 0 | U183: =IF('3. Expenditures'!D176="CCAC", '3. Expenditures'!T176, 0) -> 0
B184: =IF('INT-Pivots'!G179="","",'INT-Pivots'!G179) | C184: =IF('INT-Pivots'!K179="","",IF('INT-Pivots'!K179="(blank)","Project end",VALUE('INT-Pivots'!K179))) | D184: =IF(ISBLANK('2. Narrative'!R179),"",'2. Narrative'!R179) | E184: =IF(ISBLANK('2. Narrative'!X179),"",'2. Narrative'!X179) | F184: =IF(ISBLANK('2. Narrative'!AD179),"",'2. Narrative'!AD179) | G184: =IF(ISBLANK('2. Narrative'!AJ179),"",'2. Narrative'!AJ179) | H184: =IF(ISBLANK('2. Narrative'!AP179),"",'2. Narrative'!AP179) | I184: =IF(AND(ISNUMBER(SEARCH("Activity",$B184)),COUNTIF($D184:$H184,"Complete")>0),"yes","no") -> no | J184: =IF(AND(ISNUMBER(SEARCH("Output",$B184)),COUNTIF($D184:$H184,"Complete")>0),"yes","no") -> no | K184: =IF(AND(ISNUMBER(SEARCH("Outcome",$B184)),COUNTIF($D184:$H184,"Complete")>0),"yes","no") -> no | M184: =IF('INT-Pivots'!AT178="","",IF('INT-Pivots'!AT178="0","",'INT-Pivots'!AT178)) | N184: =IF('INT-Pivots'!AU178="","",IF('INT-Pivots'!AU178="0","",'INT-Pivots'!AU178)) | O184: =IF('3. Expenditures'!D177="CCAC", '3. Expenditures'!E177, 0) -> 0 | P184: =SUM(Q184:U184) -> 0 | Q184: =IF('3. Expenditures'!D177="CCAC", '3. Expenditures'!L177, 0) -> 0 | R184: =IF('3. Expenditures'!D177="CCAC", '3. Expenditures'!N177, 0) -> 0 | S184: =IF('3. Expenditures'!D177="CCAC", '3. Expenditures'!P177, 0) -> 0 | T184: =IF('3. Expenditures'!D177="CCAC", '3. Expenditures'!R177, 0) -> 0 | U184: =IF('3. Expenditures'!D177="CCAC", '3. Expenditures'!T177, 0) -> 0
B185: =IF('INT-Pivots'!G180="","",'INT-Pivots'!G180) | C185: =IF('INT-Pivots'!K180="","",IF('INT-Pivots'!K180="(blank)","Project end",VALUE('INT-Pivots'!K180))) | D185: =IF(ISBLANK('2. Narrative'!R180),"",'2. Narrative'!R180) | E185: =IF(ISBLANK('2. Narrative'!X180),"",'2. Narrative'!X180) | F185: =IF(ISBLANK('2. Narrative'!AD180),"",'2. Narrative'!AD180) | G185: =IF(ISBLANK('2. Narrative'!AJ180),"",'2. Narrative'!AJ180) | H185: =IF(ISBLANK('2. Narrative'!AP180),"",'2. Narrative'!AP180) | I185: =IF(AND(ISNUMBER(SEARCH("Activity",$B185)),COUNTIF($D185:$H185,"Complete")>0),"yes","no") -> no | J185: =IF(AND(ISNUMBER(SEARCH("Output",$B185)),COUNTIF($D185:$H185,"Complete")>0),"yes","no") -> no | K185: =IF(AND(ISNUMBER(SEARCH("Outcome",$B185)),COUNTIF($D185:$H185,"Complete")>0),"yes","no") -> no | M185: =IF('INT-Pivots'!AT179="","",IF('INT-Pivots'!AT179="0","",'INT-Pivots'!AT179)) | N185: =IF('INT-Pivots'!AU179="","",IF('INT-Pivots'!AU179="0","",'INT-Pivots'!AU179)) | O185: =IF('3. Expenditures'!D178="CCAC", '3. Expenditures'!E178, 0) -> 0 | P185: =SUM(Q185:U185) -> 0 | Q185: =IF('3. Expenditures'!D178="CCAC", '3. Expenditures'!L178, 0) -> 0 | R185: =IF('3. Expenditures'!D178="CCAC", '3. Expenditures'!N178, 0) -> 0 | S185: =IF('3. Expenditures'!D178="CCAC", '3. Expenditures'!P178, 0) -> 0 | T185: =IF('3. Expenditures'!D178="CCAC", '3. Expenditures'!R178, 0) -> 0 | U185: =IF('3. Expenditures'!D178="CCAC", '3. Expenditures'!T178, 0) -> 0
... B196: =IF('INT-Pivots'!G191="","",'INT-Pivots'!G191) | C196: =IF('INT-Pivots'!K191="","",IF('INT-Pivots'!K191="(blank)","Project end",VALUE('INT-Pivots'!K191))) | D196: =IF(ISBLANK('2. Narrative'!R191),"",'2. Narrative'!R191) | E196: =IF(ISBLANK('2. Narrative'!X191),"",'2. Narrative'!X191) | F196: =IF(ISBLANK('2. Narrative'!AD191),"",'2. Narrative'!AD191) | G196: =IF(ISBLANK('2. Narrative'!AJ191),"",'2. Narrative'!AJ191) | H196: =IF(ISBLANK('2. Narrative'!AP191),"",'2. Narrative'!AP191) | I196: =IF(AND(ISNUMBER(SEARCH("Activity",$B196)),COUNTIF($D196:$H196,"Complete")>0),"yes","no") -> no | J196: =IF(AND(ISNUMBER(SEARCH("Output",$B196)),COUNTIF($D196:$H196,"Complete")>0),"yes","no") -> no | K196: =IF(AND(ISNUMBER(SEARCH("Outcome",$B196)),COUNTIF($D196:$H196,"Complete")>0),"yes","no") -> no | M196: =IF('INT-Pivots'!AT190="","",IF('INT-Pivots'!AT190="0","",'INT-Pivots'!AT190)) | N196: =IF('INT-Pivots'!AU190="","",IF('INT-Pivots'!AU190="0","",'INT-Pivots'!AU190)) | O196: =IF('3. Expenditures'!D189="CCAC", '3. Expenditures'!E189, 0) -> 0 | P196: =SUM(Q196:U196) -> 0 | Q196: =IF('3. Expenditures'!D189="CCAC", '3. Expenditures'!L189, 0) -> 0 | R196: =IF('3. Expenditures'!D189="CCAC", '3. Expenditures'!N189, 0) -> 0 | S196: =IF('3. Expenditures'!D189="CCAC", '3. Expenditures'!P189, 0) -> 0 | T196: =IF('3. Expenditures'!D189="CCAC", '3. Expenditures'!R189, 0) -> 0 | U196: =IF('3. Expenditures'!D189="CCAC", '3. Expenditures'!T189, 0) -> 0
B197: =IF('INT-Pivots'!G192="","",'INT-Pivots'!G192) | C197: =IF('INT-Pivots'!K192="","",IF('INT-Pivots'!K192="(blank)","Project end",VALUE('INT-Pivots'!K192))) | D197: =IF(ISBLANK('2. Narrative'!R192),"",'2. Narrative'!R192) | E197: =IF(ISBLANK('2. Narrative'!X192),"",'2. Narrative'!X192) | F197: =IF(ISBLANK('2. Narrative'!AD192),"",'2. Narrative'!AD192) | G197: =IF(ISBLANK('2. Narrative'!AJ192),"",'2. Narrative'!AJ192) | H197: =IF(ISBLANK('2. Narrative'!AP192),"",'2. Narrative'!AP192) | I197: =IF(AND(ISNUMBER(SEARCH("Activity",$B197)),COUNTIF($D197:$H197,"Complete")>0),"yes","no") -> no | J197: =IF(AND(ISNUMBER(SEARCH("Output",$B197)),COUNTIF($D197:$H197,"Complete")>0),"yes","no") -> no | K197: =IF(AND(ISNUMBER(SEARCH("Outcome",$B197)),COUNTIF($D197:$H197,"Complete")>0),"yes","no") -> no | M197: =IF('INT-Pivots'!AT191="","",IF('INT-Pivots'!AT191="0","",'INT-Pivots'!AT191)) | N197: =IF('INT-Pivots'!AU191="","",IF('INT-Pivots'!AU191="0","",'INT-Pivots'!AU191)) | O197: =IF('INT-Pivots'!BA191="","",IF('INT-Pivots'!BA191="0","",'INT-Pivots'!BA191)) | P197: =SUM(Q197:U197) -> 0 | Q197: =IF('3. Expenditures'!D190="CCAC", '3. Expenditures'!L190, 0) -> 0 | R197: =IF('3. Expenditures'!D190="CCAC", '3. Expenditures'!N190, 0) -> 0 | S197: =IF('3. Expenditures'!D190="CCAC", '3. Expenditures'!P190, 0) -> 0 | T197: =IF('3. Expenditures'!D190="CCAC", '3. Expenditures'!R190, 0) -> 0 | U197: =IF('3. Expenditures'!D190="CCAC", '3. Expenditures'!T190, 0) -> 0
B198: =IF('INT-Pivots'!G193="","",'INT-Pivots'!G193) | C198: =IF('INT-Pivots'!K193="","",IF('INT-Pivots'!K193="(blank)","Project end",VALUE('INT-Pivots'!K193))) | D198: =IF(ISBLANK('2. Narrative'!R193),"",'2. Narrative'!R193) | E198: =IF(ISBLANK('2. Narrative'!X193),"",'2. Narrative'!X193) | F198: =IF(ISBLANK('2. Narrative'!AD193),"",'2. Narrative'!AD193) | G198: =IF(ISBLANK('2. Narrative'!AJ193),"",'2. Narrative'!AJ193) | H198: =IF(ISBLANK('2. Narrative'!AP193),"",'2. Narrative'!AP193) | I198: =IF(AND(ISNUMBER(SEARCH("Activity",$B198)),COUNTIF($D198:$H198,"Complete")>0),"yes","no") -> no | J198: =IF(AND(ISNUMBER(SEARCH("Output",$B198)),COUNTIF($D198:$H198,"Complete")>0),"yes","no") -> no | K198: =IF(AND(ISNUMBER(SEARCH("Outcome",$B198)),COUNTIF($D198:$H198,"Complete")>0),"yes","no") -> no | M198: =IF('INT-Pivots'!AT192="","",IF('INT-Pivots'!AT192="0","",'INT-Pivots'!AT192)) | N198: =IF('INT-Pivots'!AU192="","",IF('INT-Pivots'!AU192="0","",'INT-Pivots'!AU192)) | O198: =IF('INT-Pivots'!BA192="","",IF('INT-Pivots'!BA192="0","",'INT-Pivots'!BA192)) | P198: =SUM(Q198:U198) -> 0 | Q198: =IF(ISBLANK('3. Expenditures'!L191),0,'3. Expenditures'!L191) -> 0 | R198: =IF(ISBLANK('3. Expenditures'!N191),0,'3. Expenditures'!N191) -> 0 | S198: =IF(ISBLANK('3. Expenditures'!P191),0,'3. Expenditures'!P191) -> 0 | T198: =IF(ISBLANK('3. Expenditures'!R191),0,'3. Expenditures'!R191) -> 0 | U198: =IF(ISBLANK('3. Expenditures'!T191),0,'3. Expenditures'!T191) -> 0
B199: =IF('INT-Pivots'!G194="","",'INT-Pivots'!G194) | C199: =IF('INT-Pivots'!K194="","",IF('INT-Pivots'!K194="(blank)","Project end",VALUE('INT-Pivots'!K194))) | D199: =IF(ISBLANK('2. Narrative'!R194),"",'2. Narrative'!R194) | E199: =IF(ISBLANK('2. Narrative'!X194),"",'2. Narrative'!X194) | F199: =IF(ISBLANK('2. Narrative'!AD194),"",'2. Narrative'!AD194) | G199: =IF(ISBLANK('2. Narrative'!AJ194),"",'2. Narrative'!AJ194) | H199: =IF(ISBLANK('2. Narrative'!AP194),"",'2. Narrative'!AP194) | I199: =IF(AND(ISNUMBER(SEARCH("Activity",$B199)),COUNTIF($D199:$H199,"Complete")>0),"yes","no") -> no | J199: =IF(AND(ISNUMBER(SEARCH("Output",$B199)),COUNTIF($D199:$H199,"Complete")>0),"yes","no") -> no | K199: =IF(AND(ISNUMBER(SEARCH("Outcome",$B199)),COUNTIF($D199:$H199,"Complete")>0),"yes","no") -> no | M199: =IF('INT-Pivots'!AT193="","",IF('INT-Pivots'!AT193="0","",'INT-Pivots'!AT193)) | N199: =IF('INT-Pivots'!AU193="","",IF('INT-Pivots'!AU193="0","",'INT-Pivots'!AU193)) | O199: =IF('INT-Pivots'!BA193="","",IF('INT-Pivots'!BA193="0","",'INT-Pivots'!BA193)) | P199: =SUM(Q199:U199) -> 0 | Q199: =IF(ISBLANK('3. Expenditures'!L192),0,'3. Expenditures'!L192) -> 0 | R199: =IF(ISBLANK('3. Expenditures'!N192),0,'3. Expenditures'!N192) -> 0 | S199: =IF(ISBLANK('3. Expenditures'!P192),0,'3. Expenditures'!P192) -> 0 | T199: =IF(ISBLANK('3. Expenditures'!R192),0,'3. Expenditures'!R192) -> 0 | U199: =IF(ISBLANK('3. Expenditures'!T192),0,'3. Expenditures'!T192) -> 0
B200: =IF('INT-Pivots'!G195="","",'INT-Pivots'!G195) | C200: =IF('INT-Pivots'!K195="","",IF('INT-Pivots'!K195="(blank)","Project end",VALUE('INT-Pivots'!K195))) | D200: =IF(ISBLANK('2. Narrative'!R195),"",'2. Narrative'!R195) | E200: =IF(ISBLANK('2. Narrative'!X195),"",'2. Narrative'!X195) | F200: =IF(ISBLANK('2. Narrative'!AD195),"",'2. Narrative'!AD195) | G200: =IF(ISBLANK('2. Narrative'!AJ195),"",'2. Narrative'!AJ195) | H200: =IF(ISBLANK('2. Narrative'!AP195),"",'2. Narrative'!AP195) | I200: =IF(AND(ISNUMBER(SEARCH("Activity",$B200)),COUNTIF($D200:$H200,"Complete")>0),"yes","no") -> no | J200: =IF(AND(ISNUMBER(SEARCH("Output",$B200)),COUNTIF($D200:$H200,"Complete")>0),"yes","no") -> no | K200: =IF(AND(ISNUMBER(SEARCH("Outcome",$B200)),COUNTIF($D200:$H200,"Complete")>0),"yes","no") -> no | M200: =IF('INT-Pivots'!AT194="","",IF('INT-Pivots'!AT194="0","",'INT-Pivots'!AT194)) | N200: =IF('INT-Pivots'!AU194="","",IF('INT-Pivots'!AU194="0","",'INT-Pivots'!AU194)) | O200: =IF('INT-Pivots'!BA194="","",IF('INT-Pivots'!BA194="0","",'INT-Pivots'!BA194)) | P200: =SUM(Q200:U200) -> 0 | Q200: =IF(ISBLANK('3. Expenditures'!L193),0,'3. Expenditures'!L193) -> 0 | R200: =IF(ISBLANK('3. Expenditures'!N193),0,'3. Expenditures'!N193) -> 0 | S200: =IF(ISBLANK('3. Expenditures'!P193),0,'3. Expenditures'!P193) -> 0 | T200: =IF(ISBLANK('3. Expenditures'!R193),0,'3. Expenditures'!R193) -> 0 | U200: =IF(ISBLANK('3. Expenditures'!T193),0,'3. Expenditures'!T193) -> 0
B201: =IF('INT-Pivots'!G196="","",'INT-Pivots'!G196) | C201: =IF('INT-Pivots'!K196="","",IF('INT-Pivots'!K196="(blank)","Project end",VALUE('INT-Pivots'!K196))) | D201: =IF(ISBLANK('2. Narrative'!R196),"",'2. Narrative'!R196) | E201: =IF(ISBLANK('2. Narrative'!X196),"",'2. Narrative'!X196) | F201: =IF(ISBLANK('2. Narrative'!AD196),"",'2. Narrative'!AD196) | G201: =IF(ISBLANK('2. Narrative'!AJ196),"",'2. Narrative'!AJ196) | H201: =IF(ISBLANK('2. Narrative'!AP196),"",'2. Narrative'!AP196) | I201: =IF(AND(ISNUMBER(SEARCH("Activity",$B201)),COUNTIF($D201:$H201,"Complete")>0),"yes","no") -> no | J201: =IF(AND(ISNUMBER(SEARCH("Output",$B201)),COUNTIF($D201:$H201,"Complete")>0),"yes","no") -> no | K201: =IF(AND(ISNUMBER(SEARCH("Outcome",$B201)),COUNTIF($D201:$H201,"Complete")>0),"yes","no") -> no | M201: =IF('INT-Pivots'!AT195="","",IF('INT-Pivots'!AT195="0","",'INT-Pivots'!AT195)) | N201: =IF('INT-Pivots'!AU195="","",IF('INT-Pivots'!AU195="0","",'INT-Pivots'!AU195)) | O201: =IF('INT-Pivots'!BA195="","",IF('INT-Pivots'!BA195="0","",'INT-Pivots'!BA195)) | P201: =SUM(Q201:U201) -> 0 | Q201: =IF(ISBLANK('3. Expenditures'!L194),0,'3. Expenditures'!L194) -> 0 | R201: =IF(ISBLANK('3. Expenditures'!N194),0,'3. Expenditures'!N194) -> 0 | S201: =IF(ISBLANK('3. Expenditures'!P194),0,'3. Expenditures'!P194) -> 0 | T201: =IF(ISBLANK('3. Expenditures'!R194),0,'3. Expenditures'!R194) -> 0 | U201: =IF(ISBLANK('3. Expenditures'!T194),0,'3. Expenditures'!T194) -> 0
B202: =IF('INT-Pivots'!G197="","",'INT-Pivots'!G197) | C202: =IF('INT-Pivots'!K197="","",IF('INT-Pivots'!K197="(blank)","Project end",VALUE('INT-Pivots'!K197))) | D202: =IF(ISBLANK('2. Narrative'!R197),"",'2. Narrative'!R197) | E202: =IF(ISBLANK('2. Narrative'!X197),"",'2. Narrative'!X197) | F202: =IF(ISBLANK('2. Narrative'!AD197),"",'2. Narrative'!AD197) | G202: =IF(ISBLANK('2. Narrative'!AJ197),"",'2. Narrative'!AJ197) | H202: =IF(ISBLANK('2. Narrative'!AP197),"",'2. Narrative'!AP197) | I202: =IF(AND(ISNUMBER(SEARCH("Activity",$B202)),COUNTIF($D202:$H202,"Complete")>0),"yes","no") -> no | J202: =IF(AND(ISNUMBER(SEARCH("Output",$B202)),COUNTIF($D202:$H202,"Complete")>0),"yes","no") -> no | K202: =IF(AND(ISNUMBER(SEARCH("Outcome",$B202)),COUNTIF($D202:$H202,"Complete")>0),"yes","no") -> no | M202: =IF('INT-Pivots'!AT196="","",IF('INT-Pivots'!AT196="0","",'INT-Pivots'!AT196)) | N202: =IF('INT-Pivots'!AU196="","",IF('INT-Pivots'!AU196="0","",'INT-Pivots'!AU196)) | O202: =IF('INT-Pivots'!BA196="","",IF('INT-Pivots'!BA196="0","",'INT-Pivots'!BA196)) | P202: =SUM(Q202:U202) -> 0 | Q202: =IF(ISBLANK('3. Expenditures'!L195),0,'3. Expenditures'!L195) -> 0 | R202: =IF(ISBLANK('3. Expenditures'!N195),0,'3. Expenditures'!N195) -> 0 | S202: =IF(ISBLANK('3. Expenditures'!P195),0,'3. Expenditures'!P195) -> 0 | T202: =IF(ISBLANK('3. Expenditures'!R195),0,'3. Expenditures'!R195) -> 0 | U202: =IF(ISBLANK('3. Expenditures'!T195),0,'3. Expenditures'!T195) -> 0
B203: =IF('INT-Pivots'!G198="","",'INT-Pivots'!G198) | C203: =IF('INT-Pivots'!K198="","",IF('INT-Pivots'!K198="(blank)","Project end",VALUE('INT-Pivots'!K198))) | D203: =IF(ISBLANK('2. Narrative'!R198),"",'2. Narrative'!R198) | E203: =IF(ISBLANK('2. Narrative'!X198),"",'2. Narrative'!X198) | F203: =IF(ISBLANK('2. Narrative'!AD198),"",'2. Narrative'!AD198) | G203: =IF(ISBLANK('2. Narrative'!AJ198),"",'2. Narrative'!AJ198) | H203: =IF(ISBLANK('2. Narrative'!AP198),"",'2. Narrative'!AP198) | I203: =IF(AND(ISNUMBER(SEARCH("Activity",$B203)),COUNTIF($D203:$H203,"Complete")>0),"yes","no") -> no | J203: =IF(AND(ISNUMBER(SEARCH("Output",$B203)),COUNTIF($D203:$H203,"Complete")>0),"yes","no") -> no | K203: =IF(AND(ISNUMBER(SEARCH("Outcome",$B203)),COUNTIF($D203:$H203,"Complete")>0),"yes","no") -> no | M203: =IF('INT-Pivots'!AT197="","",IF('INT-Pivots'!AT197="0","",'INT-Pivots'!AT197)) | N203: =IF('INT-Pivots'!AU197="","",IF('INT-Pivots'!AU197="0","",'INT-Pivots'!AU197)) | O203: =IF('INT-Pivots'!BA197="","",IF('INT-Pivots'!BA197="0","",'INT-Pivots'!BA197)) | P203: =SUM(Q203:U203) -> 0 | Q203: =IF(ISBLANK('3. Expenditures'!L196),0,'3. Expenditures'!L196) -> 0 | R203: =IF(ISBLANK('3. Expenditures'!N196),0,'3. Expenditures'!N196) -> 0 | S203: =IF(ISBLANK('3. Expenditures'!P196),0,'3. Expenditures'!P196) -> 0 | T203: =IF(ISBLANK('3. Expenditures'!R196),0,'3. Expenditures'!R196) -> 0 | U203: =IF(ISBLANK('3. Expenditures'!T196),0,'3. Expenditures'!T196) -> 0
B204: =IF('INT-Pivots'!G199="","",'INT-Pivots'!G199) | C204: =IF('INT-Pivots'!K199="","",IF('INT-Pivots'!K199="(blank)","Project end",VALUE('INT-Pivots'!K199))) | D204: =IF(ISBLANK('2. Narrative'!R199),"",'2. Narrative'!R199) | E204: =IF(ISBLANK('2. Narrative'!X199),"",'2. Narrative'!X199) | F204: =IF(ISBLANK('2. Narrative'!AD199),"",'2. Narrative'!AD199) | G204: =IF(ISBLANK('2. Narrative'!AJ199),"",'2. Narrative'!AJ199) | H204: =IF(ISBLANK('2. Narrative'!AP199),"",'2. Narrative'!AP199) | I204: =IF(AND(ISNUMBER(SEARCH("Activity",$B204)),COUNTIF($D204:$H204,"Complete")>0),"yes","no") -> no | J204: =IF(AND(ISNUMBER(SEARCH("Output",$B204)),COUNTIF($D204:$H204,"Complete")>0),"yes","no") -> no | K204: =IF(AND(ISNUMBER(SEARCH("Outcome",$B204)),COUNTIF($D204:$H204,"Complete")>0),"yes","no") -> no | M204: =IF('INT-Pivots'!AT198="","",IF('INT-Pivots'!AT198="0","",'INT-Pivots'!AT198)) | N204: =IF('INT-Pivots'!AU198="","",IF('INT-Pivots'!AU198="0","",'INT-Pivots'!AU198)) | O204: =IF('INT-Pivots'!BA198="","",IF('INT-Pivots'!BA198="0","",'INT-Pivots'!BA198)) | P204: =SUM(Q204:U204) -> 0 | Q204: =IF(ISBLANK('3. Expenditures'!L197),0,'3. Expenditures'!L197) -> 0 | R204: =IF(ISBLANK('3. Expenditures'!N197),0,'3. Expenditures'!N197) -> 0 | S204: =IF(ISBLANK('3. Expenditures'!P197),0,'3. Expenditures'!P197) -> 0 | T204: =IF(ISBLANK('3. Expenditures'!R197),0,'3. Expenditures'!R197) -> 0 | U204: =IF(ISBLANK('3. Expenditures'!T197),0,'3. Expenditures'!T197) -> 0
B205: =IF('INT-Pivots'!G200="","",'INT-Pivots'!G200) | C205: =IF('INT-Pivots'!K200="","",IF('INT-Pivots'!K200="(blank)","Project end",VALUE('INT-Pivots'!K200))) | D205: =IF(ISBLANK('2. Narrative'!R200),"",'2. Narrative'!R200) | E205: =IF(ISBLANK('2. Narrative'!X200),"",'2. Narrative'!X200) | F205: =IF(ISBLANK('2. Narrative'!AD200),"",'2. Narrative'!AD200) | G205: =IF(ISBLANK('2. Narrative'!AJ200),"",'2. Narrative'!AJ200) | H205: =IF(ISBLANK('2. Narrative'!AP200),"",'2. Narrative'!AP200) | I205: =IF(AND(ISNUMBER(SEARCH("Activity",$B205)),COUNTIF($D205:$H205,"Complete")>0),"yes","no") -> no | J205: =IF(AND(ISNUMBER(SEARCH("Output",$B205)),COUNTIF($D205:$H205,"Complete")>0),"yes","no") -> no | K205: =IF(AND(ISNUMBER(SEARCH("Outcome",$B205)),COUNTIF($D205:$H205,"Complete")>0),"yes","no") -> no | M205: =IF('INT-Pivots'!AT199="","",IF('INT-Pivots'!AT199="0","",'INT-Pivots'!AT199)) | N205: =IF('INT-Pivots'!AU199="","",IF('INT-Pivots'!AU199="0","",'INT-Pivots'!AU199)) | O205: =IF('INT-Pivots'!BA199="","",IF('INT-Pivots'!BA199="0","",'INT-Pivots'!BA199)) | P205: =SUM(Q205:U205) -> 0 | Q205: =IF(ISBLANK('3. Expenditures'!L198),0,'3. Expenditures'!L198) -> 0 | R205: =IF(ISBLANK('3. Expenditures'!N198),0,'3. Expenditures'!N198) -> 0 | S205: =IF(ISBLANK('3. Expenditures'!P198),0,'3. Expenditures'!P198) -> 0 | T205: =IF(ISBLANK('3. Expenditures'!R198),0,'3. Expenditures'!R198) -> 0 | U205: =IF(ISBLANK('3. Expenditures'!T198),0,'3. Expenditures'!T198) -> 0
B206: =IF('INT-Pivots'!G201="","",'INT-Pivots'!G201) | C206: =IF('INT-Pivots'!K201="","",IF('INT-Pivots'!K201="(blank)","Project end",VALUE('INT-Pivots'!K201))) | D206: =IF(ISBLANK('2. Narrative'!R201),"",'2. Narrative'!R201) | E206: =IF(ISBLANK('2. Narrative'!X201),"",'2. Narrative'!X201) | F206: =IF(ISBLANK('2. Narrative'!AD201),"",'2. Narrative'!AD201) | G206: =IF(ISBLANK('2. Narrative'!AJ201),"",'2. Narrative'!AJ201) | H206: =IF(ISBLANK('2. Narrative'!AP201),"",'2. Narrative'!AP201) | I206: =IF(AND(ISNUMBER(SEARCH("Activity",$B206)),COUNTIF($D206:$H206,"Complete")>0),"yes","no") -> no | J206: =IF(AND(ISNUMBER(SEARCH("Output",$B206)),COUNTIF($D206:$H206,"Complete")>0),"yes","no") -> no | K206: =IF(AND(ISNUMBER(SEARCH("Outcome",$B206)),COUNTIF($D206:$H206,"Complete")>0),"yes","no") -> no | M206: =IF('INT-Pivots'!AT200="","",IF('INT-Pivots'!AT200="0","",'INT-Pivots'!AT200)) | N206: =IF('INT-Pivots'!AU200="","",IF('INT-Pivots'!AU200="0","",'INT-Pivots'!AU200)) | O206: =IF('INT-Pivots'!BA200="","",IF('INT-Pivots'!BA200="0","",'INT-Pivots'!BA200)) | P206: =SUM(Q206:U206) -> 0 | Q206: =IF(ISBLANK('3. Expenditures'!L199),0,'3. Expenditures'!L199) -> 0 | R206: =IF(ISBLANK('3. Expenditures'!N199),0,'3. Expenditures'!N199) -> 0 | S206: =IF(ISBLANK('3. Expenditures'!P199),0,'3. Expenditures'!P199) -> 0 | T206: =IF(ISBLANK('3. Expenditures'!R199),0,'3. Expenditures'!R199) -> 0 | U206: =IF(ISBLANK('3. Expenditures'!T199),0,'3. Expenditures'!T199) -> 0
B207: =IF('INT-Pivots'!G202="","",'INT-Pivots'!G202) | C207: =IF('INT-Pivots'!K202="","",IF('INT-Pivots'!K202="(blank)","Project end",VALUE('INT-Pivots'!K202))) | D207: =IF(ISBLANK('2. Narrative'!R202),"",'2. Narrative'!R202) | E207: =IF(ISBLANK('2. Narrative'!X202),"",'2. Narrative'!X202) | F207: =IF(ISBLANK('2. Narrative'!AD202),"",'2. Narrative'!AD202) | G207: =IF(ISBLANK('2. Narrative'!AJ202),"",'2. Narrative'!AJ202) | H207: =IF(ISBLANK('2. Narrative'!AP202),"",'2. Narrative'!AP202) | I207: =IF(AND(ISNUMBER(SEARCH("Activity",$B207)),COUNTIF($D207:$H207,"Complete")>0),"yes","no") -> no | J207: =IF(AND(ISNUMBER(SEARCH("Output",$B207)),COUNTIF($D207:$H207,"Complete")>0),"yes","no") -> no | K207: =IF(AND(ISNUMBER(SEARCH("Outcome",$B207)),COUNTIF($D207:$H207,"Complete")>0),"yes","no") -> no | M207: =IF('INT-Pivots'!AT201="","",IF('INT-Pivots'!AT201="0","",'INT-Pivots'!AT201)) | N207: =IF('INT-Pivots'!AU201="","",IF('INT-Pivots'!AU201="0","",'INT-Pivots'!AU201)) | O207: =IF('INT-Pivots'!BA201="","",IF('INT-Pivots'!BA201="0","",'INT-Pivots'!BA201)) | P207: =SUM(Q207:U207) -> 0 | Q207: =IF(ISBLANK('3. Expenditures'!L200),0,'3. Expenditures'!L200) -> 0 | R207: =IF(ISBLANK('3. Expenditures'!N200),0,'3. Expenditures'!N200) -> 0 | S207: =IF(ISBLANK('3. Expenditures'!P200),0,'3. Expenditures'!P200) -> 0 | T207: =IF(ISBLANK('3. Expenditures'!R200),0,'3. Expenditures'!R200) -> 0 | U207: =IF(ISBLANK('3. Expenditures'!T200),0,'3. Expenditures'!T200) -> 0
B208: =IF('INT-Pivots'!G203="","",'INT-Pivots'!G203) | C208: =IF('INT-Pivots'!K203="","",IF('INT-Pivots'!K203="(blank)","Project end",VALUE('INT-Pivots'!K203))) | D208: =IF(ISBLANK('2. Narrative'!R203),"",'2. Narrative'!R203) | E208: =IF(ISBLANK('2. Narrative'!X203),"",'2. Narrative'!X203) | F208: =IF(ISBLANK('2. Narrative'!AD203),"",'2. Narrative'!AD203) | G208: =IF(ISBLANK('2. Narrative'!AJ203),"",'2. Narrative'!AJ203) | H208: =IF(ISBLANK('2. Narrative'!AP203),"",'2. Narrative'!AP203) | I208: =IF(AND(ISNUMBER(SEARCH("Activity",$B208)),COUNTIF($D208:$H208,"Complete")>0),"yes","no") -> no | J208: =IF(AND(ISNUMBER(SEARCH("Output",$B208)),COUNTIF($D208:$H208,"Complete")>0),"yes","no") -> no | K208: =IF(AND(ISNUMBER(SEARCH("Outcome",$B208)),COUNTIF($D208:$H208,"Complete")>0),"yes","no") -> no | M208: =IF('INT-Pivots'!AT202="","",IF('INT-Pivots'!AT202="0","",'INT-Pivots'!AT202)) | N208: =IF('INT-Pivots'!AU202="","",IF('INT-Pivots'!AU202="0","",'INT-Pivots'!AU202)) | O208: =IF('INT-Pivots'!BA202="","",IF('INT-Pivots'!BA202="0","",'INT-Pivots'!BA202)) | P208: =SUM(Q208:U208) -> 0 | Q208: =IF(ISBLANK('3. Expenditures'!L201),0,'3. Expenditures'!L201) -> 0 | R208: =IF(ISBLANK('3. Expenditures'!N201),0,'3. Expenditures'!N201) -> 0 | S208: =IF(ISBLANK('3. Expenditures'!P201),0,'3. Expenditures'!P201) -> 0 | T208: =IF(ISBLANK('3. Expenditures'!R201),0,'3. Expenditures'!R201) -> 0 | U208: =IF(ISBLANK('3. Expenditures'!T201),0,'3. Expenditures'!T201) -> 0
C209: =IF('INT-Pivots'!K204="","",IF('INT-Pivots'!K204="(blank)","Project end",VALUE('INT-Pivots'!K204))) | D209: =IF(ISBLANK('2. Narrative'!R204),"",'2. Narrative'!R204) | E209: =IF(ISBLANK('2. Narrative'!X204),"",'2. Narrative'!X204) | F209: =IF(ISBLANK('2. Narrative'!AD204),"",'2. Narrative'!AD204) | G209: =IF(ISBLANK('2. Narrative'!AJ204),"",'2. Narrative'!AJ204) | H209: =IF(ISBLANK('2. Narrative'!AP204),"",'2. Narrative'!AP204) | M209: =IF('INT-Pivots'!AT203="","",IF('INT-Pivots'!AT203="0","",'INT-Pivots'!AT203)) | N209: =IF('INT-Pivots'!AU203="","",IF('INT-Pivots'!AU203="0","",'INT-Pivots'!AU203)) | O209: =IF('INT-Pivots'!BA203="","",IF('INT-Pivots'!BA203="0","",'INT-Pivots'!BA203)) | P209: =SUM(Q209:U209) -> 0 | Q209: =IF(ISBLANK('3. Expenditures'!L202),0,'3. Expenditures'!L202) -> 0 | R209: =IF(ISBLANK('3. Expenditures'!N202),0,'3. Expenditures'!N202) -> 0 | S209: =IF(ISBLANK('3. Expenditures'!P202),0,'3. Expenditures'!P202) -> 0 | T209: =IF(ISBLANK('3. Expenditures'!R202),0,'3. Expenditures'!R202) -> 0 | U209: =IF(ISBLANK('3. Expenditures'!T202),0,'3. Expenditures'!T202) -> 0
M210: =IF('INT-Pivots'!AT204="","",IF('INT-Pivots'!AT204="0","",'INT-Pivots'!AT204)) | N210: =IF('INT-Pivots'!AU204="","",IF('INT-Pivots'!AU204="0","",'INT-Pivots'!AU204)) | O210: =IF('INT-Pivots'!BA204="","",IF('INT-Pivots'!BA204="0","",'INT-Pivots'!BA204)) | P210: =SUM(Q210:U210) -> 0 | Q210: =IF(ISBLANK('3. Expenditures'!L203),0,'3. Expenditures'!L203) -> 0 | R210: =IF(ISBLANK('3. Expenditures'!N203),0,'3. Expenditures'!N203) -> 0 | S210: =IF(ISBLANK('3. Expenditures'!P203),0,'3. Expenditures'!P203) -> 0 | T210: =IF(ISBLANK('3. Expenditures'!R203),0,'3. Expenditures'!R203) -> 0 | U210: =IF(ISBLANK('3. Expenditures'!T203),0,'3. Expenditures'!T203) -> 0
P211: =SUM(Q211:U211) -> 0 | Q211: =IF(ISBLANK('3. Expenditures'!L204),0,'3. Expenditures'!L204) -> 0 | R211: =IF(ISBLANK('3. Expenditures'!N204),0,'3. Expenditures'!N204) -> 0 | S211: =IF(ISBLANK('3. Expenditures'!P204),0,'3. Expenditures'!P204) -> 0 | T211: =IF(ISBLANK('3. Expenditures'!R204),0,'3. Expenditures'!R204) -> 0 | U211: =IF(ISBLANK('3. Expenditures'!T204),0,'3. Expenditures'!T204) -> 0
P212: =SUM(Q212:U212) -> 0 | Q212: =IF(ISBLANK('3. Expenditures'!L205),0,'3. Expenditures'!L205) -> 0 | R212: =IF(ISBLANK('3. Expenditures'!N205),0,'3. Expenditures'!N205) -> 0 | S212: =IF(ISBLANK('3. Expenditures'!P205),0,'3. Expenditures'!P205) -> 0 | T212: =IF(ISBLANK('3. Expenditures'!R205),0,'3. Expenditures'!R205) -> 0 | U212: =IF(ISBLANK('3. Expenditures'!T205),0,'3. Expenditures'!T205) -> 0
P213: =SUM(Q213:U213) -> 0 | Q213: =IF(ISBLANK('3. Expenditures'!L206),0,'3. Expenditures'!L206) -> 0 | R213: =IF(ISBLANK('3. Expenditures'!N206),0,'3. Expenditures'!N206) -> 0 | S213: =IF(ISBLANK('3. Expenditures'!P206),0,'3. Expenditures'!P206) -> 0 | T213: =IF(ISBLANK('3. Expenditures'!R206),0,'3. Expenditures'!R206) -> 0 | U213: =IF(ISBLANK('3. Expenditures'!T206),0,'3. Expenditures'!T206) -> 0
P214: =SUM(Q214:U214) -> 0 | Q214: =IF(ISBLANK('3. Expenditures'!L207),0,'3. Expenditures'!L207) -> 0 | R214: =IF(ISBLANK('3. Expenditures'!N207),0,'3. Expenditures'!N207) -> 0 | S214: =IF(ISBLANK('3. Expenditures'!P207),0,'3. Expenditures'!P207) -> 0 | T214: =IF(ISBLANK('3. Expenditures'!R207),0,'3. Expenditures'!R207) -> 0 | U214: =IF(ISBLANK('3. Expenditures'!T207),0,'3. Expenditures'!T207) -> 0
P215: =SUM(Q215:U215) -> 0 | Q215: =IF(ISBLANK('3. Expenditures'!L208),0,'3. Expenditures'!L208) -> 0 | R215: =IF(ISBLANK('3. Expenditures'!N208),0,'3. Expenditures'!N208) -> 0 | S215: =IF(ISBLANK('3. Expenditures'!P208),0,'3. Expenditures'!P208) -> 0 | T215: =IF(ISBLANK('3. Expenditures'!R208),0,'3. Expenditures'!R208) -> 0 | U215: =IF(ISBLANK('3. Expenditures'!T208),0,'3. Expenditures'!T208) -> 0
P216: =SUM(Q216:U216) -> 0 | Q216: =IF(ISBLANK('3. Expenditures'!L209),0,'3. Expenditures'!L209) -> 0 | R216: =IF(ISBLANK('3. Expenditures'!N209),0,'3. Expenditures'!N209) -> 0 | S216: =IF(ISBLANK('3. Expenditures'!P209),0,'3. Expenditures'!P209) -> 0 | T216: =IF(ISBLANK('3. Expenditures'!R209),0,'3. Expenditures'!R209) -> 0 | U216: =IF(ISBLANK('3. Expenditures'!T209),0,'3. Expenditures'!T209) -> 0
P217: =SUM(Q217:U217) -> 0 | Q217: =IF(ISBLANK('3. Expenditures'!L210),0,'3. Expenditures'!L210) -> 0 | R217: =IF(ISBLANK('3. Expenditures'!N210),0,'3. Expenditures'!N210) -> 0 | S217: =IF(ISBLANK('3. Expenditures'!P210),0,'3. Expenditures'!P210) -> 0 | T217: =IF(ISBLANK('3. Expenditures'!R210),0,'3. Expenditures'!R210) -> 0 | U217: =IF(ISBLANK('3. Expenditures'!T210),0,'3. Expenditures'!T210) -> 0
P218: =SUM(Q218:U218) -> 0 | Q218: =IF(ISBLANK('3. Expenditures'!L211),0,'3. Expenditures'!L211) -> 0 | R218: =IF(ISBLANK('3. Expenditures'!N211),0,'3. Expenditures'!N211) -> 0 | S218: =IF(ISBLANK('3. Expenditures'!P211),0,'3. Expenditures'!P211) -> 0 | T218: =IF(ISBLANK('3. Expenditures'!R211),0,'3. Expenditures'!R211) -> 0 | U218: =IF(ISBLANK('3. Expenditures'!T211),0,'3. Expenditures'!T211) -> 0
P219: =SUM(Q219:U219) -> 0 | Q219: =IF(ISBLANK('3. Expenditures'!L212),0,'3. Expenditures'!L212) -> 0 | R219: =IF(ISBLANK('3. Expenditures'!N212),0,'3. Expenditures'!N212) -> 0 | S219: =IF(ISBLANK('3. Expenditures'!P212),0,'3. Expenditures'!P212) -> 0 | T219: =IF(ISBLANK('3. Expenditures'!R212),0,'3. Expenditures'!R212) -> 0 | U219: =IF(ISBLANK('3. Expenditures'!T212),0,'3. Expenditures'!T212) -> 0
P220: =SUM(Q220:U220) -> 0 | Q220: =IF(ISBLANK('3. Expenditures'!L213),0,'3. Expenditures'!L213) -> 0 | R220: =IF(ISBLANK('3. Expenditures'!N213),0,'3. Expenditures'!N213) -> 0 | S220: =IF(ISBLANK('3. Expenditures'!P213),0,'3. Expenditures'!P213) -> 0 | T220: =IF(ISBLANK('3. Expenditures'!R213),0,'3. Expenditures'!R213) -> 0 | U220: =IF(ISBLANK('3. Expenditures'!T213),0,'3. Expenditures'!T213) -> 0
P221: =SUM(Q221:U221) -> 0 | Q221: =IF(ISBLANK('3. Expenditures'!L214),0,'3. Expenditures'!L214) -> 0 | R221: =IF(ISBLANK('3. Expenditures'!N214),0,'3. Expenditures'!N214) -> 0 | S221: =IF(ISBLANK('3. Expenditures'!P214),0,'3. Expenditures'!P214) -> 0 | T221: =IF(ISBLANK('3. Expenditures'!R214),0,'3. Expenditures'!R214) -> 0 | U221: =IF(ISBLANK('3. Expenditures'!T214),0,'3. Expenditures'!T214) -> 0
P222: =SUM(Q222:U222) -> 0 | Q222: =IF(ISBLANK('3. Expenditures'!L215),0,'3. Expenditures'!L215) -> 0 | R222: =IF(ISBLANK('3. Expenditures'!N215),0,'3. Expenditures'!N215) -> 0 | S222: =IF(ISBLANK('3. Expenditures'!P215),0,'3. Expenditures'!P215) -> 0 | T222: =IF(ISBLANK('3. Expenditures'!R215),0,'3. Expenditures'!R215) -> 0 | U222: =IF(ISBLANK('3. Expenditures'!T215),0,'3. Expenditures'!T215) -> 0
... P236: =SUM(Q236:U236) -> 0 | Q236: =IF(ISBLANK('3. Expenditures'!L229),0,'3. Expenditures'!L229) -> 0 | R236: =IF(ISBLANK('3. Expenditures'!N229),0,'3. Expenditures'!N229) -> 0 | S236: =IF(ISBLANK('3. Expenditures'!P229),0,'3. Expenditures'!P229) -> 0 | T236: =IF(ISBLANK('3. Expenditures'!R229),0,'3. Expenditures'!R229) -> 0 | U236: =IF(ISBLANK('3. Expenditures'!T229),0,'3. Expenditures'!T229) -> 0

Sheet 1.Signature page
B1: 1. Signature & submission page | C1: #VALUE!
B2: ADMINISTRATIVE INFORMATION | F2: INSTRUCTIONS
B3: Project title | C3: ='INT-Pivots'!BJ7 -> Accelerating actions to improve organic waste management and reduce methane emissions. (PA-24-003) | F3: This page must be completed, signed and sent to the CCAC Secretariat each reporting period along with the completed Progress Report template in Excel. The Cover Page can be saved as a PDF or printed. Insert logo --Click "Insert" in the ribbon / tool bar --Click "Illustrations", then "Pictures" --Select the location of the logo --Select the image file (file such as JPG) and click "Insert" --Move and/or resize logo over top the red text Sign the cover page Option 1 - insert signature as image --Scan and save your signature as an image (JPG or PNG) --In the Progress Report template, select the cell into which you want to add your signature --Click "Insert" in the ribbon / tool bar --Click "Illustrations", then "Pictures" --Select the location of the signature --Select the image file and click "Insert" --Move and/or resize signature as needed Option 2 - sign digital or printed copy --Complete all required fields on the cover page (except signature) --Click "File" in the ribbon / tool bar --Click "Print" --Select your printer OR print to PDF
B4: Implementer | C4: UNDP Panama
B5: Co-implementers
B6: Agreement ID | C6: 25-016-PA-24-003
B7: Name of contact person | C7: Jose de Garcia
C8: jose.degracia@undp.org
B9: Funding cycle (programme ID) | C9: GP00007985
B10: Budget line (WBSE) | C10: SB-022934.02.01.03.01 / M1-32SLP-000080
B11: Contract amount $US | C11: 390000
B12: Project amount $US | C12: 390000
B13: BP number | C13: 1400000203
B14: Subprogramme | C14: Climate Change
B15: Contract start date (dd/mm/yyyy) | C15: 45973
B16: Contract end date (dd/mm/yyyy) | C16: 46722
B17: Activities end date (dd/mm/yyyy) | C17: 46539
B19: STATUS SUMMARY - FIRST REPORTING PERIOD
B20: First reporting period dates: (dd/mm/yy - dd/mm/yy) | C20: 11/12/2025 - 30/06/2026
C21: Summary/description (max. 500 characters) | D21: Status
B22: Schedule | C22: The project established the technical and institutional foundation for improving organic waste management and reducing methane emissions in Panama. Key achievements included stakeholder coordination, policy and regulatory assessments, characterization of organic waste at Merca Panamá, evaluation of technology alternatives, identification of financing opportunities, and strengthened collaboration among government institutions, the private sector, and development partners. | D22: On track
B23: Budget | C23: The project is progressing largely according to schedule. During the reporting period, implementation focused on establishing coordination mechanisms with national counterparts, conducting baseline technical assessments, and initiating key consultancies. Minor adjustments were made to sequencing certain activities to align with stakeholder availability and ensure that technical studies informed subsequent investment planning and decision-making. These adjustments have not affected the overall implementation timeline. | D23: Issues
B24: Scope | C24: There were no changes to the project scope during the reporting period. Implementation remains fully aligned with the approved project document and results framework, focusing on strengthening organic waste management, reducing methane emissions, promoting circular economy approaches, assessing sustainable technologies, identifying financing mechanisms, and strengthening institutional coordination to support the implementation of scalable solutions in Panama. | D24: On track
B25: Payments received to date | C25: 195061
B27: Sign here before submitting your report:
C28: Signature | D28: Date
B30: Read and approved by CCAC Secretariat/UNEP:
C31: Signature | D31: Date
B34: STATUS SUMMARY - 2ND REPORTING PERIOD
B35: Second reporting period dates: (dd/mm/yy - dd/mm/yy) | C35: 01/07/2026 - 31/12/2026
C36: Summary/description (max. 500 characters) | D36: Status
B37: Schedule
B38: Budget
B39: Scope
B40: Payments received to date | C40: 0
B42: Sign here before submitting your report:
C43: Signature | D43: Date
B45: Read and approved by CCAC Secretariat/UNEP:
C46: Signature | D46: Date
B49: STATUS SUMMARY - 3RD REPORTING PERIOD
B50: Third reporting period dates: (dd/mm/yy - dd/mm/yy) | C50: 01/01/2027 - 30/06/2027
C51: Summary/description (max. 500 characters) | D51: Status
B52: Schedule
B53: Budget
B54: Scope
B55: Payments received to date | C55: 0
B57: Sign here before submitting your report:
C58: Signature | D58: Date
B60: Read and approved by CCAC Secretariat/UNEP:
C61: Signature | D61: Date
B64: STATUS SUMMARY - 4TH REPORTING PERIOD
B65: Fourth reporting period dates: (dd/mm/yy - dd/mm/yy)
C66: Summary/description (max. 500 characters) | D66: Status
B67: Schedule
B68: Budget
B69: Scope
B70: Payments received to date | C70: 0
B72: Sign here before submitting your report:
C73: Signature | D73: Date
B75: Read and approved by CCAC Secretariat/UNEP:
C76: Signature | D76: Date
B79: STATUS SUMMARY - 5TH REPORTING PERIOD
B80: Fifth reporting period dates: (dd/mm/yy - dd/mm/yy)
C81: Summary/description (max. 500 characters) | D81: Status
B82: Schedule
B83: Budget
B84: Scope
B85: Payments received to date | C85: 0
B87: Sign here before submitting your report:
C88: Signature | D88: Date
B90: Read and approved by CCAC Secretariat/UNEP:
C91: Signature | D91: Date

Sheet 2. Narrative
B1: 2. Narrative report | E1: See instructions
B2: ='1.Signature page'!C3 -> Accelerating actions to improve organic waste management and reduce methane emissions. (PA-24-003)
B3: ='1.Signature page'!C4 -> UNDP Panama
B4: PLANNED | R4: =CONCATENATE("FIRST REPORTING PERIOD: ",'1.Signature page'!$C$20) -> FIRST REPORTING PERIOD: 11/12/2025 - 30/06/2026 | X4: =CONCATENATE("SECOND REPORTING PERIOD: ",'1.Signature page'!$C$35) -> SECOND REPORTING PERIOD: 01/07/2026 - 31/12/2026 | AD4: =CONCATENATE("THIRD REPORTING PERIOD: ",'1.Signature page'!$C$50) -> THIRD REPORTING PERIOD: 01/01/2027 - 30/06/2027 | AJ4: =CONCATENATE("FOURTH REPORTING PERIOD: ",'1.Signature page'!$C$65) -> FOURTH REPORTING PERIOD: | AP4: =CONCATENATE("FIFTH REPORTING PERIOD: ",'1.Signature page'!$C$80) -> FIFTH REPORTING PERIOD:
B5: Deliverable | C5: Indicator | D5: Target | E5: Unit | F5: Delivery date | G5: Proof of delivery | H5: Description2 | I5: Acceptance criteria | J5: Project name | K5: Full code | L5: Implementer | M5: Sector | N5: Beneficiary | O5: Other beneficiary | P5: blank1 | Q5: blank2 | R5: Status at end of 1st period | S5: Progress made during 1st period | T5: Variance during 1st period | U5: Further actions at end of 1st period | V5: Proof of delivery (document URLs or file names) 1st period | W5: Type of document 1st period | X5: Status at end of 2nd period | Y5: Progress made during 2nd period | Z5: Variance during 2nd period | AA5: Further actions at end of 2nd period | AB5: Proof of delivery (document URLs or file names) 2nd period | AC5: Type of document 2nd period | AD5: Status at end of 3rd period | AE5: Progress made during 3rd period | AF5: Variance during 3rd period | AG5: Further actions at end of 3rd period | AH5: Proof of delivery (document URLs or file names) 3rd period | AI5: Type of document 3rd period | AJ5: Status at end of 4th period | AK5: Progress made during 4th period | AL5: Variance during 4th period | AM5: Further actions at end of 4th period | AN5: Proof of delivery (document URLs or file names) 4th period | AO5: Type of document 4th period | AP5: Status at end of 5th period | AQ5: Progress made during 5th period | AR5: Variance during 5th period | AS5: Further actions at end of 5th period | AT5: Proof of delivery (document URLs or file names) 5th period | AU5: Type of document 5th period | AV5: Status | AX5: INSTRUCTIONS â
B6: =IF('INT-Pivots'!G6="","",'INT-Pivots'!G6) -> Outcome 1. The Government of Panama has increased knowledge on opportunities and options for organic waste diversion including their positive impacts by the end of the project or soon after. | C6: =IF('INT-Pivots'!H6="","",'INT-Pivots'!H6) -> Number of government entities with a demonstrated improved capacity for SLCP action | D6: =IF('INT-Pivots'!I6="","",IF(VALUE('INT-Pivots'!I6)=0,"",VALUE('INT-Pivots'!I6))) -> 4 | E6: =IF('INT-Pivots'!J6=0,"-",IF('INT-Pivots'!J6="(blank)","-",'INT-Pivots'!J6)) -> 4 government entities with improved capacity for SLCP action. | F6: =IF('INT-Pivots'!K6="","",IF('INT-Pivots'!K6="(blank)","By project end",VALUE('INT-Pivots'!K6))) -> By project end | G6: =IF('INT-Pivots'!S6="","",IF('INT-Pivots'!S6="(blank)","-",'INT-Pivots'!S6)) -> - | H6: =IF('INT-Pivots'!L6=0,"",'INT-Pivots'!L6) -> The project’s outputs will identify and develop innovative and practical treatment options and solutions for managing organic waste, generating critical data on decentralized infrastructure needs, such as composting plants, biodigesters, food and material recovery, and waste reduction technologies. These solutions will integrate circular economy principles, prioritize locally based consultants with local language capabilities, and actively engage the private sector through targeted knowledge exchange initiatives._x000D_ By leveraging activities such as pre-feasibility studies, infrastructure estimates, and actionable recommendations, the project will equip the government with comprehensive knowledge to make informed decisions on effective and sustainable waste management solutions. This enhanced knowledge is expected to contribute to significant environmental, economic, and social benefits, including reduced food waste, methane emissions, and support for national and international sustainability goals._x000D_ The projec | I6: =IF('INT-Pivots'!M6=0,"",IF('INT-Pivots'!M6="(blank)","-",'INT-Pivots'!M6)) -> - | J6: =IF('INT-Pivots'!N6="","",'INT-Pivots'!N6) -> Accelerating actions to improve organic waste management and reduce methane emissions. (PA-24-003) | K6: =IF('INT-Pivots'!F6=0,"",IF('INT-Pivots'!F6="(blank)","",'INT-Pivots'!F6)) -> PA-24-003/1. The Government of Panama has increased knowledge on opportunities and options for organic waste diversion including their positive impacts by the end of the project or soon after. | L6: =IF('INT-Pivots'!O6="","",'INT-Pivots'!O6) -> (blank) | M6: =IF('INT-Pivots'!P6="","",'INT-Pivots'!P6) -> Waste | N6: =IF('INT-Pivots'!Q6="","",'INT-Pivots'!Q6) -> (blank) | O6: =IF('INT-Pivots'!R6="","",'INT-Pivots'!R6) -> (blank) | R6: On track | S6: Progress was made in generating knowledge about alternatives for the valorization of organic waste through consultations with key stakeholders, prefeasibility studies for composting and anaerobic digestion, the identification and characterization of decentralized infrastructure, technical visits, specialized interviews, and preliminary cost-benefit analyses. Likewise, information on complementary infrastructures was collected and outreach activities were initiated. | T6: Project implementation started later than originally planned following the signature of the Implementing Partner Agreement and the first fund disbursement. Activities were subsequently reprioritized and the implementation schedule updated to maintain overall progress toward the expected results. | U6: Finalize the pre-feasibility studies for organic waste treatment options, initiate the consultancy for the systematization and assessment of decentralized infrastructure, continue the analysis of alternative and complementary infrastructure solutions, and advance the development of the report identifying infrastructure and investment requirements to support organic waste management in Panama. | V6: See above | W6: Research or study | AX6: The first 8 columns in this table contain the planned project items (outcomes, outputs, and activities) for this implementer agreement. These items are listed in ascending order by item number. Scroll up and down the list to ensure you see all project items. Columns to the right of the project item list contain fields that must be completed for each project item at the indicated reporting period. Scroll left and right to find the relevant reporting period under which to enter results. Note that results entered for previous reporting periods will be locked for editing and cannot be changed once they have been approved. Complete all cells for each project item in the relevant reporting period. No cell should be left blank. If there is no progress to report for an item, enter "N/A", "Not started", or "No change". Cells with grey backgrounds are locked from editing. This includes projects items that have been marked as complete in the previous reporting period.
B7: =IF('INT-Pivots'!G7="","",'INT-Pivots'!G7) -> Output 1.1 Pre-feasibility studies for organic waste treatment options | C7: =IF('INT-Pivots'!H7="","",'INT-Pivots'!H7) -> Number of plans, policies, laws, or regulations drafted or updated | D7: =IF('INT-Pivots'!I7="","",IF(VALUE('INT-Pivots'!I7)=0,"",VALUE('INT-Pivots'!I7))) -> 1 | E7: =IF('INT-Pivots'!J7=0,"-",IF('INT-Pivots'!J7="(blank)","-",'INT-Pivots'!J7)) -> 1 pre-feasibility study report developed. | F7: =IF('INT-Pivots'!K7="","",IF('INT-Pivots'!K7="(blank)","By project end",VALUE('INT-Pivots'!K7))) -> 45992 | G7: =IF('INT-Pivots'!S7="","",IF('INT-Pivots'!S7="(blank)","-",'INT-Pivots'!S7)) -> Research or study | H7: =IF('INT-Pivots'!L7=0,"",'INT-Pivots'!L7) -> Pre-feasibility studies for organic waste treatment options conducted in Panama City. These studies will evaluate the technical and economic feasibility of potential treatment technologies/solutions, such as composting, anaerobic digestion, and other technologies to manage organic waste effectively. The goal is to identify the most viable treatment methods that support waste diversion, reduce methane emissions, and promote circular economies. The studies will provide critical data and analysis on costs, environmental benefits, and operational feasibility, laying the groundwork for informed decision-making and future investments in sustainable organic waste management infrastructure, ensuring alignment with national policies and international commitments. | I7: =IF('INT-Pivots'!M7=0,"",IF('INT-Pivots'!M7="(blank)","-",'INT-Pivots'!M7)) -> Grammatically correct and available in English, or other agreed UN language _x000D_ Recognizes CCAC support _x000D_ Final version approved by the beneficiary and/or CCAC Secretariat _x000D_ Ready for uploading in CCAC website (when applicable) (laid out in PDF with CCAC logo, contents proof-read) | J7: =IF('INT-Pivots'!N7="","",'INT-Pivots'!N7) -> Accelerating actions to improve organic waste management and reduce methane emissions. (PA-24-003) | K7: =IF('INT-Pivots'!F7=0,"",IF('INT-Pivots'!F7="(blank)","",'INT-Pivots'!F7)) -> PA-24-003/1.1 Pre-feasibility studies for organic waste treatment options | L7: =IF('INT-Pivots'!O7="","",'INT-Pivots'!O7) -> UNDP () | M7: =IF('INT-Pivots'!P7="","",'INT-Pivots'!P7) -> Waste | N7: =IF('INT-Pivots'!Q7="","",'INT-Pivots'!Q7) -> Panama | O7: =IF('INT-Pivots'!R7="","",'INT-Pivots'!R7) -> National and local governments responsible for waste management. | R7: Delayed | S7: Extensive consultations were conducted with national institutions, Merca Panamá, Mercados Nacionales de la Cadena de Frío, private sector representatives and technical experts to validate priority treatment options. Technical studies evaluating composting, anaerobic digestion and complementary technologies progressed substantially, providing the basis for selecting technically and economically viable solutions for organic waste valorization. | T7: Implementation was rescheduled following project inception and first disbursement. Foundational activities were prioritized to minimize impacts on the overall workplan. | U7: This output has been scheduled for completion at the first month of the following period. | V7: See above | W7: Nothing to deliver this period
B8: =IF('INT-Pivots'!G8="","",'INT-Pivots'!G8) -> Activity 1.1.1 Conduct consultations with government entities, MERCA representatives, and private sector players, ensuring equal participation of women and men, to define treatment options. | C8: =IF('INT-Pivots'!H8="","",'INT-Pivots'!H8) -> Organising, holding, or participating in a meeting or event | D8: =IF('INT-Pivots'!I8="","",IF(VALUE('INT-Pivots'!I8)=0,"",VALUE('INT-Pivots'!I8))) -> #VALUE! | E8: =IF('INT-Pivots'!J8=0,"-",IF('INT-Pivots'!J8="(blank)","-",'INT-Pivots'!J8)) -> null | G8: =IF('INT-Pivots'!S8="","",IF('INT-Pivots'!S8="(blank)","-",'INT-Pivots'!S8)) -> Policy, regulation or other guideline | H8: =IF('INT-Pivots'!L8=0,"",'INT-Pivots'!L8) -> This activity will involve organizing consultations with key stakeholders to identify feasible organic waste treatment technologies. These sessions will include representatives from government entities, MERCA, private sector players, and NGOs, with a focus on ensuring gender-balanced participation. The consultations will evaluate existing waste management practices, discuss potential treatment solutions (e.g., composting, biodigesters), and collect stakeholder input to define the best approaches. | I8: =IF('INT-Pivots'!M8=0,"",IF('INT-Pivots'!M8="(blank)","-",'INT-Pivots'!M8)) -> null | J8: =IF('INT-Pivots'!N8="","",'INT-Pivots'!N8) -> Accelerating actions to improve organic waste management and reduce methane emissions. (PA-24-003) | K8: =IF('INT-Pivots'!F8=0,"",IF('INT-Pivots'!F8="(blank)","",'INT-Pivots'!F8)) -> PA-24-003/1.1.1 Conduct consultations with government entities, MERCA representatives, and private sector players, ensuring equal participation of women and men, to define treatment options. | L8: =IF('INT-Pivots'!O8="","",'INT-Pivots'!O8) -> UNDP () | M8: =IF('INT-Pivots'!P8="","",'INT-Pivots'!P8) -> Waste | N8: =IF('INT-Pivots'!Q8="","",'INT-Pivots'!Q8) -> Panama | O8: =IF('INT-Pivots'!R8="","",'INT-Pivots'!R8) -> null | R8: Complete | S8: During the initial phase, various consultations were held with key stakeholders in the government sector, Merca Panama and Mercados Nacionales de la Cadena de Frío, S.A., and private sector players. | T8: The delivery date for this activity was previously set for Sep 1, 2025, but the project signing and submission of the first payment took place after Dec 1, 2025, resulting in a variance of the implementation phase for this activity during the first period. | U8: The activity has been completed. | V8: https://drive.google.com/drive/folders/1mf8BkiJhA9S1rUsruaVPkjj3JGVB3vV5?usp=sharing | W8: Meeting report
B9: =IF('INT-Pivots'!G9="","",'INT-Pivots'!G9) -> Activity 1.1.2 Evaluate technical and economic feasibility for technologies like composting and anaerobic digestion, including an analysis of how these benefit women-led businesses and communities. | C9: =IF('INT-Pivots'!H9="","",'INT-Pivots'!H9) -> Research, data collection, and/or report writing | D9: =IF('INT-Pivots'!I9="","",IF(VALUE('INT-Pivots'!I9)=0,"",VALUE('INT-Pivots'!I9))) -> #VALUE! | E9: =IF('INT-Pivots'!J9=0,"-",IF('INT-Pivots'!J9="(blank)","-",'INT-Pivots'!J9)) -> null | F9: =IF('INT-Pivots'!K9="","",IF('INT-Pivots'!K9="(blank)","By project end",VALUE('INT-Pivots'!K9))) -> 45992 | G9: =IF('INT-Pivots'!S9="","",IF('INT-Pivots'!S9="(blank)","-",'INT-Pivots'!S9)) -> Research or study | H9: =IF('INT-Pivots'!L9=0,"",'INT-Pivots'!L9) -> This activity focuses on conducting technical and economic feasibility studies for organic waste treatment technologies. The evaluation will assess factors such as cost efficiency, scalability, and environmental impact. Special attention will be given to understanding how these technologies can create opportunities for women-led businesses and promote inclusive economic benefits in local communities. | I9: =IF('INT-Pivots'!M9=0,"",IF('INT-Pivots'!M9="(blank)","-",'INT-Pivots'!M9)) -> null | J9: =IF('INT-Pivots'!N9="","",'INT-Pivots'!N9) -> Accelerating actions to improve organic waste management and reduce methane emissions. (PA-24-003) | K9: =IF('INT-Pivots'!F9=0,"",IF('INT-Pivots'!F9="(blank)","",'INT-Pivots'!F9)) -> PA-24-003/1.1.2 Evaluate technical and economic feasibility for technologies like composting and anaerobic digestion, including an analysis of how these benefit women-led businesses and communities. | L9: =IF('INT-Pivots'!O9="","",'INT-Pivots'!O9) -> UNDP () | M9: =IF('INT-Pivots'!P9="","",'INT-Pivots'!P9) -> Waste | N9: =IF('INT-Pivots'!Q9="","",'INT-Pivots'!Q9) -> Panama | O9: =IF('INT-Pivots'!R9="","",'INT-Pivots'!R9) -> null | R9: Delayed | S9: Preparation of terms of reference; selection of a consulting firm to conduct a technical and economic feasibility evaluation of composting and energy generation technologies tailored to the needs of Merca Panamá; and a waste characterization. In addition, the first phase of the study was completed. | T9: The planned delivery date preceded the signing and receipt of funds, resulting in a variance on the execution period and an impact on the schedule. Activities were rescheduled, and priority was given to the development of 1.1.2. | U9: The final report will be completed during the first month of the second period. | V9: https://drive.google.com/drive/folders/1qQ3DP5hxh2NXzxRg9oXC-KZhy6lPv1oB?usp=sharing | W9: Research or study
B10: =IF('INT-Pivots'!G10="","",'INT-Pivots'!G10) -> Output 1.2 Estimates of decentralized infraestructure supporting diverted organic waste | C10: =IF('INT-Pivots'!H10="","",'INT-Pivots'!H10) -> Number of SLCP assessments, emissions inventories, and other emissions datasets produced | D10: =IF('INT-Pivots'!I10="","",IF(VALUE('INT-Pivots'!I10)=0,"",VALUE('INT-Pivots'!I10))) -> 4 | E10: =IF('INT-Pivots'!J10=0,"-",IF('INT-Pivots'!J10="(blank)","-",'INT-Pivots'!J10)) -> 4 SLCP assessments, emissions inventories, or other emissions datasets produced. | F10: =IF('INT-Pivots'!K10="","",IF('INT-Pivots'!K10="(blank)","By project end",VALUE('INT-Pivots'!K10))) -> 45992 | G10: =IF('INT-Pivots'!S10="","",IF('INT-Pivots'!S10="(blank)","-",'INT-Pivots'!S10)) -> Research or study | H10: =IF('INT-Pivots'!L10=0,"",'INT-Pivots'!L10) -> Estimates of decentralized infrastructure supporting organic waste diversion, including materials separation and recovery centers, black soldier fly infrastructure, and compositing plants._x000D_ These systems will promote a circular economy by processing organic waste closer to its source, reducing transportation costs and emissions. The estimates will determine the scale, location, capacity and investment requirements for these facilities, providing a strategic roadmap for developing an efficient, sustainable waste management network. This will enable the government to plan effectively for organic waste management. | I10: =IF('INT-Pivots'!M10=0,"",IF('INT-Pivots'!M10="(blank)","-",'INT-Pivots'!M10)) -> Grammatically correct and available in English, or other agreed UN language _x000D_ Recognizes CCAC support _x000D_ Final version approved by the beneficiary and/or CCAC Secretariat _x000D_ Ready for uploading in CCAC website (when applicable) (laid out in PDF with CCAC logo, contents proof-read) | J10: =IF('INT-Pivots'!N10="","",'INT-Pivots'!N10) -> Accelerating actions to improve organic waste management and reduce methane emissions. (PA-24-003) | K10: =IF('INT-Pivots'!F10=0,"",IF('INT-Pivots'!F10="(blank)","",'INT-Pivots'!F10)) -> PA-24-003/1.2 Estimates of decentralized infraestructure supporting diverted organic waste | L10: =IF('INT-Pivots'!O10="","",'INT-Pivots'!O10) -> UNDP () | M10: =IF('INT-Pivots'!P10="","",'INT-Pivots'!P10) -> Waste | N10: =IF('INT-Pivots'!Q10="","",'INT-Pivots'!Q10) -> Panama | O10: =IF('INT-Pivots'!R10="","",'INT-Pivots'!R10) -> Municipalities and local governments. | R10: On track | S10: Progress was made in the identification and characterization of decentralized infrastructure for organic waste management through the compilation of existing mappings and the development of terms of reference for their systematization. In addition, four technical visits and three specialized interviews were conducted, and a draft cost-benefit analysis was developed for alternatives for the recovery of organic waste. | T10: The delivery date for this output precedes the actual date of the agreement's signing and the disbursement of the first payment, resulting in a delay to its commencement. Rescheduling and adjustments to the timeline were carried out, prioritizing the project's foundational activities. | U10: Launch of the termsof references generated for Activity 1.2.1 and start-up of the service | V10: See above | W10: Nothing to deliver this period
B11: =IF('INT-Pivots'!G11="","",'INT-Pivots'!G11) -> Activity 1.2.1 Map existing and potential decentralized infrastructure for waste management, engaging municipalities and local organizations to provide on-ground insights. | C11: =IF('INT-Pivots'!H11="","",'INT-Pivots'!H11) -> Research, data collection, and/or report writing | D11: =IF('INT-Pivots'!I11="","",IF(VALUE('INT-Pivots'!I11)=0,"",VALUE('INT-Pivots'!I11))) -> #VALUE! | E11: =IF('INT-Pivots'!J11=0,"-",IF('INT-Pivots'!J11="(blank)","-",'INT-Pivots'!J11)) -> null | F11: =IF('INT-Pivots'!K11="","",IF('INT-Pivots'!K11="(blank)","By project end",VALUE('INT-Pivots'!K11))) -> 45901 | G11: =IF('INT-Pivots'!S11="","",IF('INT-Pivots'!S11="(blank)","-",'INT-Pivots'!S11)) -> Research or study | H11: =IF('INT-Pivots'!L11=0,"",'INT-Pivots'!L11) -> This activity involves mapping current and potential decentralized infrastructure for organic waste management, such as composting plants, biodigesters, and material recovery facilities. Municipal governments and local organizations will be actively engaged to ensure accurate data collection and context-specific recommendations. The mapping process will also consider socio-economic and environmental factors to identify priority areas for infrastructure development. | I11: =IF('INT-Pivots'!M11=0,"",IF('INT-Pivots'!M11="(blank)","-",'INT-Pivots'!M11)) -> null | J11: =IF('INT-Pivots'!N11="","",'INT-Pivots'!N11) -> Accelerating actions to improve organic waste management and reduce methane emissions. (PA-24-003) | K11: =IF('INT-Pivots'!F11=0,"",IF('INT-Pivots'!F11="(blank)","",'INT-Pivots'!F11)) -> PA-24-003/1.2.1 Map existing and potential decentralized infrastructure for waste management, engaging municipalities and local organizations to provide on-ground insights. | L11: =IF('INT-Pivots'!O11="","",'INT-Pivots'!O11) -> UNDP () | M11: =IF('INT-Pivots'!P11="","",'INT-Pivots'!P11) -> Waste | N11: =IF('INT-Pivots'!Q11="","",'INT-Pivots'!Q11) -> Panama | O11: =IF('INT-Pivots'!R11="","",'INT-Pivots'!R11) -> null | R11: Delayed | S11: Currently, there are certain scattered mappings and publications that point out the needs for improvement regarding waste management infrastructure. A terms of reference was developed to carry out its systematization, with special emphasis on potential infrastructures. | T11: The delivery date for this activity was previously set for Sep 1, 2025, but the project signing and submission of the first payment took place after Dec 1, 2025, resulting in a variance of the implementation phase for this activity during the first period. | U11: Service launch for its execution during the second period | V11: https://drive.google.com/drive/folders/1lE4T0HLJjULdgQ5XVbH7G6ZAiM0xGh1r?usp=sharing | W11: Work plan
B12: =IF('INT-Pivots'!G12="","",'INT-Pivots'!G12) -> Activity 1.2.2 Conduct site visits and surveys, collecting gender-disaggregated data to ensure proposed infrastructure meets the needs of both genders. | C12: =IF('INT-Pivots'!H12="","",'INT-Pivots'!H12) -> Research, data collection, and/or report writing | D12: =IF('INT-Pivots'!I12="","",IF(VALUE('INT-Pivots'!I12)=0,"",VALUE('INT-Pivots'!I12))) -> #VALUE! | E12: =IF('INT-Pivots'!J12=0,"-",IF('INT-Pivots'!J12="(blank)","-",'INT-Pivots'!J12)) -> null | F12: =IF('INT-Pivots'!K12="","",IF('INT-Pivots'!K12="(blank)","By project end",VALUE('INT-Pivots'!K12))) -> 45992 | G12: =IF('INT-Pivots'!S12="","",IF('INT-Pivots'!S12="(blank)","-",'INT-Pivots'!S12)) -> Research or study | H12: =IF('INT-Pivots'!L12=0,"",'INT-Pivots'!L12) -> This activity will include field visits and stakeholder surveys to collect data on waste management infrastructure needs. Surveys will include gender-disaggregated data to ensure that proposed infrastructure supports both men and women, particularly those in waste-related informal sectors. The findings will inform inclusive and equitable infrastructure planning. | I12: =IF('INT-Pivots'!M12=0,"",IF('INT-Pivots'!M12="(blank)","-",'INT-Pivots'!M12)) -> null | J12: =IF('INT-Pivots'!N12="","",'INT-Pivots'!N12) -> Accelerating actions to improve organic waste management and reduce methane emissions. (PA-24-003) | K12: =IF('INT-Pivots'!F12=0,"",IF('INT-Pivots'!F12="(blank)","",'INT-Pivots'!F12)) -> PA-24-003/1.2.2 Conduct site visits and surveys, collecting gender-disaggregated data to ensure proposed infrastructure meets the needs of both genders. | L12: =IF('INT-Pivots'!O12="","",'INT-Pivots'!O12) -> UNDP () | M12: =IF('INT-Pivots'!P12="","",'INT-Pivots'!P12) -> Waste | N12: =IF('INT-Pivots'!Q12="","",'INT-Pivots'!Q12) -> Panama | O12: =IF('INT-Pivots'!R12="","",'INT-Pivots'!R12) -> null | R12: Complete | S12: During the first period, 4 technical field visits and 3 specialized interviews with stakeholders were carried out to learn about aspects of waste management infrastructure needs. | T12: Instead of being completed on Dec 1, 2025, it was finished in the first half of 2026. This was due to the previously mentioned delay and the rescheduling done once the project started. | U12: The activity has been completed. | V12: https://drive.google.com/drive/folders/1UyHa7xEazNbAQ0ZRbzjf-Y59xhc4wTba?usp=sharing | W12: Research or study
B13: =IF('INT-Pivots'!G13="","",'INT-Pivots'!G13) -> Activity 1.2.3 Develop cost-benefit analyses, incorporating feedback from diverse stakeholders through an online webinar. | C13: =IF('INT-Pivots'!H13="","",'INT-Pivots'!H13) -> Research, data collection, and/or report writing | D13: =IF('INT-Pivots'!I13="","",IF(VALUE('INT-Pivots'!I13)=0,"",VALUE('INT-Pivots'!I13))) -> #VALUE! | E13: =IF('INT-Pivots'!J13=0,"-",IF('INT-Pivots'!J13="(blank)","-",'INT-Pivots'!J13)) -> null | F13: =IF('INT-Pivots'!K13="","",IF('INT-Pivots'!K13="(blank)","By project end",VALUE('INT-Pivots'!K13))) -> 46082 | G13: =IF('INT-Pivots'!S13="","",IF('INT-Pivots'!S13="(blank)","-",'INT-Pivots'!S13)) -> Research or study | H13: =IF('INT-Pivots'!L13=0,"",'INT-Pivots'!L13) -> This activity will involve conducting cost-benefit analyses for proposed decentralized infrastructure options, such as composting and biodigesters. Stakeholders, including government officials, NGOs, and private sector representatives, will provide feedback through an interactive online webinar. The analysis will highlight economic, environmental, and social benefits, emphasizing SLCP mitigation and inclusion of marginalized groups. | I13: =IF('INT-Pivots'!M13=0,"",IF('INT-Pivots'!M13="(blank)","-",'INT-Pivots'!M13)) -> null | J13: =IF('INT-Pivots'!N13="","",'INT-Pivots'!N13) -> Accelerating actions to improve organic waste management and reduce methane emissions. (PA-24-003) | K13: =IF('INT-Pivots'!F13=0,"",IF('INT-Pivots'!F13="(blank)","",'INT-Pivots'!F13)) -> PA-24-003/1.2.3 Develop cost-benefit analyses, incorporating feedback from diverse stakeholders through an online webinar. | L13: =IF('INT-Pivots'!O13="","",'INT-Pivots'!O13) -> UNDP () | M13: =IF('INT-Pivots'!P13="","",'INT-Pivots'!P13) -> Waste | N13: =IF('INT-Pivots'!Q13="","",'INT-Pivots'!Q13) -> Panama | O13: =IF('INT-Pivots'!R13="","",'INT-Pivots'!R13) -> null | R13: Complete | S13: Research and draft of a cost-benefit analysis prepared for a series of technological alternatives focused on the utilization of organic waste (aerobic composting with mechanical turning, anaerobic digestion, and integrated bioconversion system). | T13: Its execution period was rescheduled given the project's start date; however, it was completed within the set period. | U13: The activity has been completed. | V13: https://drive.google.com/drive/folders/1K8Coe28YSdI7TLIoYomJlf_HHfn9N-MT?usp=drive_link | W13: Research or study
B14: =IF('INT-Pivots'!G14="","",'INT-Pivots'!G14) -> Output 1.3 Recommendations for alternative/ complementary infraestrucutre | C14: =IF('INT-Pivots'!H14="","",'INT-Pivots'!H14) -> Number of SLCP knowledge resources or tools produced | D14: =IF('INT-Pivots'!I14="","",IF(VALUE('INT-Pivots'!I14)=0,"",VALUE('INT-Pivots'!I14))) -> 1 | E14: =IF('INT-Pivots'!J14=0,"-",IF('INT-Pivots'!J14="(blank)","-",'INT-Pivots'!J14)) -> 1 SLCP knowledge resource or tool produced. | F14: =IF('INT-Pivots'!K14="","",IF('INT-Pivots'!K14="(blank)","By project end",VALUE('INT-Pivots'!K14))) -> 46266 | G14: =IF('INT-Pivots'!S14="","",IF('INT-Pivots'!S14="(blank)","-",'INT-Pivots'!S14)) -> Research or study | H14: =IF('INT-Pivots'!L14=0,"",'INT-Pivots'!L14) -> Recommendations for alternative and complementary infrastructure to support organic waste diversion and fosters circular economies._x000D_ The proposed infraestructure aims to enhance existing waste management systems, such as advanced compositing technologies, anaerobic digestion, and resource recovery facilities. These recommendation will serve as a blueprint for the government to integreate into its organic waste management strategy, with focus on creating value to the organic waste, lowers emissions, reducing landfill dependency, and promoting environmental, economic and social benefits, achieve the goals establishd in the NDC's and roadmap for the Mitigation of SLCPs in Panama. The findings will guide future investements and policies for an integrated waste managemente approach | I14: =IF('INT-Pivots'!M14=0,"",IF('INT-Pivots'!M14="(blank)","-",'INT-Pivots'!M14)) -> Grammatically correct and available in English, or other agreed UN language _x000D_ Recognizes CCAC support _x000D_ Final version approved by the beneficiary and/or CCAC Secretariat _x000D_ Ready for uploading in CCAC website (when applicable) (laid out in PDF with CCAC logo, contents proof-read) | J14: =IF('INT-Pivots'!N14="","",'INT-Pivots'!N14) -> Accelerating actions to improve organic waste management and reduce methane emissions. (PA-24-003) | K14: =IF('INT-Pivots'!F14=0,"",IF('INT-Pivots'!F14="(blank)","",'INT-Pivots'!F14)) -> PA-24-003/1.3 Recommendations for alternative/ complementary infraestrucutre | L14: =IF('INT-Pivots'!O14="","",'INT-Pivots'!O14) -> UNDP () | M14: =IF('INT-Pivots'!P14="","",'INT-Pivots'!P14) -> Waste | N14: =IF('INT-Pivots'!Q14="","",'INT-Pivots'!Q14) -> Panama | O14: =IF('INT-Pivots'!R14="","",'INT-Pivots'!R14) -> National and local governments. | R14: On track | S14: Information gathering and market research to understand alternatives and complementary infrastructures for waste management, as well as event planning for their discussion and the initiation of infographic development | T14: N/A; this output is expected to be completed on future periods. | U14: Will continue with the development of the activities listed below | V14: See above | W14: Nothing to deliver this period
B15: =IF('INT-Pivots'!G15="","",'INT-Pivots'!G15) -> Activity 1.3.1 Develop a list of complementary technologies and infrastructure to enhance organic waste management, consulting stakeholders such as circular economy specialists and private sector innovators. | C15: =IF('INT-Pivots'!H15="","",'INT-Pivots'!H15) -> Research, data collection, and/or report writing | D15: =IF('INT-Pivots'!I15="","",IF(VALUE('INT-Pivots'!I15)=0,"",VALUE('INT-Pivots'!I15))) -> #VALUE! | E15: =IF('INT-Pivots'!J15=0,"-",IF('INT-Pivots'!J15="(blank)","-",'INT-Pivots'!J15)) -> null | F15: =IF('INT-Pivots'!K15="","",IF('INT-Pivots'!K15="(blank)","By project end",VALUE('INT-Pivots'!K15))) -> 46174 | G15: =IF('INT-Pivots'!S15="","",IF('INT-Pivots'!S15="(blank)","-",'INT-Pivots'!S15)) -> Meeting report | H15: =IF('INT-Pivots'!L15=0,"",'INT-Pivots'!L15) -> This activity will identify and prioritize complementary technologies and infrastructure to improve the efficiency of organic waste management systems. Circular economy specialists and private sector innovators will be consulted to ensure the recommendations align with sustainable practices and promote innovation. Examples of technologies include biogas recovery systems and advanced composting units. | I15: =IF('INT-Pivots'!M15=0,"",IF('INT-Pivots'!M15="(blank)","-",'INT-Pivots'!M15)) -> null | J15: =IF('INT-Pivots'!N15="","",'INT-Pivots'!N15) -> Accelerating actions to improve organic waste management and reduce methane emissions. (PA-24-003) | K15: =IF('INT-Pivots'!F15=0,"",IF('INT-Pivots'!F15="(blank)","",'INT-Pivots'!F15)) -> PA-24-003/1.3.1 Develop a list of complementary technologies and infrastructure to enhance organic waste management, consulting stakeholders such as circular economy specialists and private sector innovators. | L15: =IF('INT-Pivots'!O15="","",'INT-Pivots'!O15) -> UNDP () | M15: =IF('INT-Pivots'!P15="","",'INT-Pivots'!P15) -> Waste | N15: =IF('INT-Pivots'!Q15="","",'INT-Pivots'!Q15) -> Panama | O15: =IF('INT-Pivots'!R15="","",'INT-Pivots'!R15) -> null | R15: On track | S15: Search and generation of a list with complementary technologies that are being developed in the country | T15: Activity affected by the initial delay in the project. Under the rescheduling carried out, it was planned to be completed during the next period | U15: Review of generated list and search of international experiences at public markets | V15: https://drive.google.com/drive/folders/1DWR2CUqwCDmL84I2p6i2iQfTc_qBOStH?usp=sharing | W15: Research or study | AV15: =IF(ISTEXT(NarrativeReportTable[[#This Row],[Status at end of 5th period]]),NarrativeReportTable[[#This Row],[Status at end of 5th period]],IF(ISTEXT(NarrativeReportTable[[#This Row],[Status at end of 4th period]]),NarrativeReportTable[[#This Row],[Status at end of 4th period]],IF(ISTEXT(NarrativeReportTable[[#This Row],[Status at end of 3rd period]]),NarrativeReportTable[[#This Row],[Status at end of 3rd period]],IF(ISTEXT(NarrativeReportTable[[#This Row],[Status at end of 2nd period]]),NarrativeReportTable[[#This Row],[Status at end of 2nd period]],IF(ISTEXT(NarrativeReportTable[[#This Row],[Status at end of 1st period]]),NarrativeReportTable[[#This Row],[Status at end of 1st period]],""))))) -> On track
B16: =IF('INT-Pivots'!G16="","",'INT-Pivots'!G16) -> Activity 1.3.2 Host a gender-balanced expert panel to validate recommendations, prioritizing options that create employment for women. | C16: =IF('INT-Pivots'!H16="","",'INT-Pivots'!H16) -> Organising, holding, or participating in a meeting or event | D16: =IF('INT-Pivots'!I16="","",IF(VALUE('INT-Pivots'!I16)=0,"",VALUE('INT-Pivots'!I16))) -> #VALUE! | E16: =IF('INT-Pivots'!J16=0,"-",IF('INT-Pivots'!J16="(blank)","-",'INT-Pivots'!J16)) -> null | F16: =IF('INT-Pivots'!K16="","",IF('INT-Pivots'!K16="(blank)","By project end",VALUE('INT-Pivots'!K16))) -> 46174 | G16: =IF('INT-Pivots'!S16="","",IF('INT-Pivots'!S16="(blank)","-",'INT-Pivots'!S16)) -> null | H16: =IF('INT-Pivots'!L16=0,"",'INT-Pivots'!L16) -> A panel of experts, ensuring gender balance, will review and validate the recommendations for complementary technologies and infrastructure. Discussions will focus on prioritizing solutions that foster economic opportunities for women, particularly in waste collection and processing. The validated recommendations will guide subsequent project activities. | I16: =IF('INT-Pivots'!M16=0,"",IF('INT-Pivots'!M16="(blank)","-",'INT-Pivots'!M16)) -> null | J16: =IF('INT-Pivots'!N16="","",'INT-Pivots'!N16) -> Accelerating actions to improve organic waste management and reduce methane emissions. (PA-24-003) | K16: =IF('INT-Pivots'!F16=0,"",IF('INT-Pivots'!F16="(blank)","",'INT-Pivots'!F16)) -> PA-24-003/1.3.2 Host a gender-balanced expert panel to validate recommendations, prioritizing options that create employment for women. | L16: =IF('INT-Pivots'!O16="","",'INT-Pivots'!O16) -> UNDP () | M16: =IF('INT-Pivots'!P16="","",'INT-Pivots'!P16) -> Waste | N16: =IF('INT-Pivots'!Q16="","",'INT-Pivots'!Q16) -> Panama | O16: =IF('INT-Pivots'!R16="","",'INT-Pivots'!R16) -> null | R16: On track | S16: Future panel organization and preparation of its work plan | T16: Activity affected by the initial delay in the project. Under the rescheduling carried out, it was planned to be completed during the next period | U16: Continue with the procedures for its completion | V16: https://drive.google.com/drive/folders/1_SyV_Tz8bGLQdXkj27Cdi_pchqlLmemZ?usp=sharing | W16: Work plan | AV16: =IF(ISTEXT(NarrativeReportTable[[#This Row],[Status at end of 5th period]]),NarrativeReportTable[[#This Row],[Status at end of 5th period]],IF(ISTEXT(NarrativeReportTable[[#This Row],[Status at end of 4th period]]),NarrativeReportTable[[#This Row],[Status at end of 4th period]],IF(ISTEXT(NarrativeReportTable[[#This Row],[Status at end of 3rd period]]),NarrativeReportTable[[#This Row],[Status at end of 3rd period]],IF(ISTEXT(NarrativeReportTable[[#This Row],[Status at end of 2nd period]]),NarrativeReportTable[[#This Row],[Status at end of 2nd period]],IF(ISTEXT(NarrativeReportTable[[#This Row],[Status at end of 1st period]]),NarrativeReportTable[[#This Row],[Status at end of 1st period]],""))))) -> On track
B17: =IF('INT-Pivots'!G17="","",'INT-Pivots'!G17) -> Activity 1.3.3 Prepare an accessible visual infographic summarizing key recommendations for public dissemination. | C17: =IF('INT-Pivots'!H17="","",'INT-Pivots'!H17) -> Producing and distributing communications materials | D17: =IF('INT-Pivots'!I17="","",IF(VALUE('INT-Pivots'!I17)=0,"",VALUE('INT-Pivots'!I17))) -> #VALUE! | E17: =IF('INT-Pivots'!J17=0,"-",IF('INT-Pivots'!J17="(blank)","-",'INT-Pivots'!J17)) -> null | F17: =IF('INT-Pivots'!K17="","",IF('INT-Pivots'!K17="(blank)","By project end",VALUE('INT-Pivots'!K17))) -> 46266 | G17: =IF('INT-Pivots'!S17="","",IF('INT-Pivots'!S17="(blank)","-",'INT-Pivots'!S17)) -> Research or study | H17: =IF('INT-Pivots'!L17=0,"",'INT-Pivots'!L17) -> This activity will focus on creating an infographic to visually communicate the key recommendations from the expert panel to a broad audience. The infographic will highlight the technologies and infrastructure proposed, their environmental and social benefits, and their alignment with SLCP mitigation goals. The design will prioritize accessibility, ensuring it can be understood by diverse stakeholders, including policymakers, community groups, and private sector actors. | I17: =IF('INT-Pivots'!M17=0,"",IF('INT-Pivots'!M17="(blank)","-",'INT-Pivots'!M17)) -> null | J17: =IF('INT-Pivots'!N17="","",'INT-Pivots'!N17) -> Accelerating actions to improve organic waste management and reduce methane emissions. (PA-24-003) | K17: =IF('INT-Pivots'!F17=0,"",IF('INT-Pivots'!F17="(blank)","",'INT-Pivots'!F17)) -> PA-24-003/1.3.3 Prepare an accessible visual infographic summarizing key recommendations for public dissemination. | L17: =IF('INT-Pivots'!O17="","",'INT-Pivots'!O17) -> UNDP () | M17: =IF('INT-Pivots'!P17="","",'INT-Pivots'!P17) -> Waste | N17: =IF('INT-Pivots'!Q17="","",'INT-Pivots'!Q17) -> Panama | O17: =IF('INT-Pivots'!R17="","",'INT-Pivots'!R17) -> null | R17: On track | S17: Preparation of infographics for the initial phase and dissemination of the project to diverse audiences, creating a base infographic in Spanish and the draft for an English version. | T17: N/A | U17: Generation of information and key recommendations for public dissemination | V17: https://drive.google.com/drive/folders/1hUB3dA96_8f5tixKGxqgYXhhi_ZzAFm5?usp=sharing | W17: Photo or video | AV17: =IF(ISTEXT(NarrativeReportTable[[#This Row],[Status at end of 5th period]]),NarrativeReportTable[[#This Row],[Status at end of 5th period]],IF(ISTEXT(NarrativeReportTable[[#This Row],[Status at end of 4th period]]),NarrativeReportTable[[#This Row],[Status at end of 4th period]],IF(ISTEXT(NarrativeReportTable[[#This Row],[Status at end of 3rd period]]),NarrativeReportTable[[#This Row],[Status at end of 3rd period]],IF(ISTEXT(NarrativeReportTable[[#This Row],[Status at end of 2nd period]]),NarrativeReportTable[[#This Row],[Status at end of 2nd period]],IF(ISTEXT(NarrativeReportTable[[#This Row],[Status at end of 1st period]]),NarrativeReportTable[[#This Row],[Status at end of 1st period]],""))))) -> On track
B18: =IF('INT-Pivots'!G18="","",'INT-Pivots'!G18) -> Output 1.4 Report indentifying necessary infraestructure and investment to support organic waste management | C18: =IF('INT-Pivots'!H18="","",'INT-Pivots'!H18) -> Number of plans, policies, laws, or regulations drafted or updated | D18: =IF('INT-Pivots'!I18="","",IF(VALUE('INT-Pivots'!I18)=0,"",VALUE('INT-Pivots'!I18))) -> 1 | E18: =IF('INT-Pivots'!J18=0,"-",IF('INT-Pivots'!J18="(blank)","-",'INT-Pivots'!J18)) -> 1 plan, policy, law, or regulation drafted or updated. | F18: =IF('INT-Pivots'!K18="","",IF('INT-Pivots'!K18="(blank)","By project end",VALUE('INT-Pivots'!K18))) -> 46357 | G18: =IF('INT-Pivots'!S18="","",IF('INT-Pivots'!S18="(blank)","-",'INT-Pivots'!S18)) -> Research or study | H18: =IF('INT-Pivots'!L18=0,"",'INT-Pivots'!L18) -> A report identifying necessary infrastructure and investment to support organic waste management (recovery of organic waste, production of biofertilizer and energy, savings by avoiding waste, redistribution of food that otherwise would be discarded to people in need). The report will cover key areas such as the recovery of organic waste, the production of biofertilizers and renewable enerty, and economic savings from waste reduction. It will also highlight the potential for redistributing surplus food to people in need, preventing it from being discarded. By identifying these necessary components, the report will serve as a strategic roadmap for decision-makers to prioritize investements and implementing sustainable solutions for organic waste management. | I18: =IF('INT-Pivots'!M18=0,"",IF('INT-Pivots'!M18="(blank)","-",'INT-Pivots'!M18)) -> Grammatically correct and available in English, or other agreed UN language _x000D_ Recognizes CCAC support _x000D_ Final version approved by the beneficiary and/or CCAC Secretariat _x000D_ Ready for uploading in CCAC website (when applicable) (laid out in PDF with CCAC logo, contents proof-read) | J18: =IF('INT-Pivots'!N18="","",'INT-Pivots'!N18) -> Accelerating actions to improve organic waste management and reduce methane emissions. (PA-24-003) | K18: =IF('INT-Pivots'!F18=0,"",IF('INT-Pivots'!F18="(blank)","",'INT-Pivots'!F18)) -> PA-24-003/1.4 Report indentifying necessary infraestructure and investment to support organic waste management | L18: =IF('INT-Pivots'!O18="","",'INT-Pivots'!O18) -> UNDP () | M18: =IF('INT-Pivots'!P18="","",'INT-Pivots'!P18) -> Waste | N18: =IF('INT-Pivots'!Q18="","",'INT-Pivots'!Q18) -> Panama | O18: =IF('INT-Pivots'!R18="","",'INT-Pivots'!R18) -> National and local governments, investors. | R18: Not started | S18: N/A | T18: N/A | U18: N/A | V18: N/A | W18: Nothing to deliver this period | AV18: =IF(ISTEXT(NarrativeReportTable[[#This Row],[Status at end of 5th period]]),NarrativeReportTable[[#This Row],[Status at end of 5th period]],IF(ISTEXT(NarrativeReportTable[[#This Row],[Status at end of 4th period]]),NarrativeReportTable[[#This Row],[Status at end of 4th period]],IF(ISTEXT(NarrativeReportTable[[#This Row],[Status at end of 3rd period]]),NarrativeReportTable[[#This Row],[Status at end of 3rd period]],IF(ISTEXT(NarrativeReportTable[[#This Row],[Status at end of 2nd period]]),NarrativeReportTable[[#This Row],[Status at end of 2nd period]],IF(ISTEXT(NarrativeReportTable[[#This Row],[Status at end of 1st period]]),NarrativeReportTable[[#This Row],[Status at end of 1st period]],""))))) -> Not started
B19: =IF('INT-Pivots'!G19="","",'INT-Pivots'!G19) -> Activity 1.4.1 Conduct an in-depth evaluation of essential infrastructure for organic waste management (e.g., composting plants, biodigesters) | C19: =IF('INT-Pivots'!H19="","",'INT-Pivots'!H19) -> Research, data collection, and/or report writing | D19: =IF('INT-Pivots'!I19="","",IF(VALUE('INT-Pivots'!I19)=0,"",VALUE('INT-Pivots'!I19))) -> #VALUE! | E19: =IF('INT-Pivots'!J19=0,"-",IF('INT-Pivots'!J19="(blank)","-",'INT-Pivots'!J19)) -> null | F19: =IF('INT-Pivots'!K19="","",IF('INT-Pivots'!K19="(blank)","By project end",VALUE('INT-Pivots'!K19))) -> 46357 | G19: =IF('INT-Pivots'!S19="","",IF('INT-Pivots'!S19="(blank)","-",'INT-Pivots'!S19)) -> Meeting report | H19: =IF('INT-Pivots'!L19=0,"",'INT-Pivots'!L19) -> This activity will evaluate the critical infrastructure required for effective organic waste management in Panama, focusing on facilities such as composting plants and biodigesters. The evaluation will include cost estimates for infrastructure development, operational considerations, and potential funding sources. Special attention will be paid to how these facilities can generate employment opportunities for women and marginalized groups. This in-depth assessment will also examine environmental and economic impacts to support informed decision-making. | I19: =IF('INT-Pivots'!M19=0,"",IF('INT-Pivots'!M19="(blank)","-",'INT-Pivots'!M19)) -> null | J19: =IF('INT-Pivots'!N19="","",'INT-Pivots'!N19) -> Accelerating actions to improve organic waste management and reduce methane emissions. (PA-24-003) | K19: =IF('INT-Pivots'!F19=0,"",IF('INT-Pivots'!F19="(blank)","",'INT-Pivots'!F19)) -> PA-24-003/1.4.1 Conduct an in-depth evaluation of essential infrastructure for organic waste management (e.g., composting plants, biodigesters) | L19: =IF('INT-Pivots'!O19="","",'INT-Pivots'!O19) -> UNDP () | M19: =IF('INT-Pivots'!P19="","",'INT-Pivots'!P19) -> Waste | N19: =IF('INT-Pivots'!Q19="","",'INT-Pivots'!Q19) -> Panama | O19: =IF('INT-Pivots'!R19="","",'INT-Pivots'!R19) -> null | R19: Not started | S19: N/A | T19: N/A | U19: N/A | V19: N/A | W19: Nothing to deliver this period | AV19: =IF(ISTEXT(NarrativeReportTable[[#This Row],[Status at end of 5th period]]),NarrativeReportTable[[#This Row],[Status at end of 5th period]],IF(ISTEXT(NarrativeReportTable[[#This Row],[Status at end of 4th period]]),NarrativeReportTable[[#This Row],[Status at end of 4th period]],IF(ISTEXT(NarrativeReportTable[[#This Row],[Status at end of 3rd period]]),NarrativeReportTable[[#This Row],[Status at end of 3rd period]],IF(ISTEXT(NarrativeReportTable[[#This Row],[Status at end of 2nd period]]),NarrativeReportTable[[#This Row],[Status at end of 2nd period]],IF(ISTEXT(NarrativeReportTable[[#This Row],[Status at end of 1st period]]),NarrativeReportTable[[#This Row],[Status at end of 1st period]],""))))) -> Not started
B20: =IF('INT-Pivots'!G20="","",'INT-Pivots'!G20) -> Activity 1.4.2 Compile findings into a comprehensive report highlighting investment opportunities, environmental and economic benefits, and potential social impacts. Share the report through workshops and online platforms targeting public and private stakeholders. | C20: =IF('INT-Pivots'!H20="","",'INT-Pivots'!H20) -> Policy, project, or tool design | D20: =IF('INT-Pivots'!I20="","",IF(VALUE('INT-Pivots'!I20)=0,"",VALUE('INT-Pivots'!I20))) -> #VALUE! | E20: =IF('INT-Pivots'!J20=0,"-",IF('INT-Pivots'!J20="(blank)","-",'INT-Pivots'!J20)) -> null | F20: =IF('INT-Pivots'!K20="","",IF('INT-Pivots'!K20="(blank)","By project end",VALUE('INT-Pivots'!K20))) -> 46357 | G20: =IF('INT-Pivots'!S20="","",IF('INT-Pivots'!S20="(blank)","-",'INT-Pivots'!S20)) -> Meeting report | H20: =IF('INT-Pivots'!L20=0,"",'INT-Pivots'!L20) -> This activity will consolidate the findings of the infrastructure evaluation into a comprehensive report that highlights key investment opportunities and the potential benefits of organic waste management infrastructure. The report will outline environmental, economic, and social impacts, emphasizing gender-inclusive opportunities such as job creation for women. The findings will be disseminated through workshops with stakeholders and made available on online platforms to ensure accessibility. | I20: =IF('INT-Pivots'!M20=0,"",IF('INT-Pivots'!M20="(blank)","-",'INT-Pivots'!M20)) -> null | J20: =IF('INT-Pivots'!N20="","",'INT-Pivots'!N20) -> Accelerating actions to improve organic waste management and reduce methane emissions. (PA-24-003) | K20: =IF('INT-Pivots'!F20=0,"",IF('INT-Pivots'!F20="(blank)","",'INT-Pivots'!F20)) -> PA-24-003/1.4.2 Compile findings into a comprehensive report highlighting investment opportunities, environmental and economic benefits, and potential social impacts. Share the report through workshops and online platforms targeting public and private stakeholders. | L20: =IF('INT-Pivots'!O20="","",'INT-Pivots'!O20) -> UNDP () | M20: =IF('INT-Pivots'!P20="","",'INT-Pivots'!P20) -> Waste | N20: =IF('INT-Pivots'!Q20="","",'INT-Pivots'!Q20) -> Panama | O20: =IF('INT-Pivots'!R20="","",'INT-Pivots'!R20) -> null | R20: Not started | S20: N/A | T20: N/A | U20: N/A | V20: N/A | W20: Nothing to deliver this period | AV20: =IF(ISTEXT(NarrativeReportTable[[#This Row],[Status at end of 5th period]]),NarrativeReportTable[[#This Row],[Status at end of 5th period]],IF(ISTEXT(NarrativeReportTable[[#This Row],[Status at end of 4th period]]),NarrativeReportTable[[#This Row],[Status at end of 4th period]],IF(ISTEXT(NarrativeReportTable[[#This Row],[Status at end of 3rd period]]),NarrativeReportTable[[#This Row],[Status at end of 3rd period]],IF(ISTEXT(NarrativeReportTable[[#This Row],[Status at end of 2nd period]]),NarrativeReportTable[[#This Row],[Status at end of 2nd period]],IF(ISTEXT(NarrativeReportTable[[#This Row],[Status at end of 1st period]]),NarrativeReportTable[[#This Row],[Status at end of 1st period]],""))))) -> Not started
B21: =IF('INT-Pivots'!G21="","",'INT-Pivots'!G21) -> Outcome 2. The Government of Panama endorses project proposals/ initiatives for organic waste management using MERCA market as a pilot for submission to public and private funding sources by the end of the project. | C21: =IF('INT-Pivots'!H21="","",'INT-Pivots'!H21) -> Number of action plans, roadmaps, strategies, or other future plans with SLCP targets or mitigation measures formally adopted, endorsed, and/or implemented | D21: =IF('INT-Pivots'!I21="","",IF(VALUE('INT-Pivots'!I21)=0,"",VALUE('INT-Pivots'!I21))) -> 5 | E21: =IF('INT-Pivots'!J21=0,"-",IF('INT-Pivots'!J21="(blank)","-",'INT-Pivots'!J21)) -> 5 action plans, roadmaps, strategies, or other future plans with SLCP targets or mitigation measures | F21: =IF('INT-Pivots'!K21="","",IF('INT-Pivots'!K21="(blank)","By project end",VALUE('INT-Pivots'!K21))) -> By project end | G21: =IF('INT-Pivots'!S21="","",IF('INT-Pivots'!S21="(blank)","-",'INT-Pivots'!S21)) -> - | H21: =IF('INT-Pivots'!L21=0,"",'INT-Pivots'!L21) -> The project will create a portfolio of 5-7 initiatives and projects with demonstrated business potential, aligned with national goals, and designed to attract funding from both public and private sectors. Specific financial plans will be developed for at least three selected projects, including tailored financial tools and agreements among stakeholders, to enhance the likelihood of securing financing, scaling, and promoting sustainable solutions._x000D_ The process will include the establishment of collaborative, multi-stakeholder partnerships, which are essential for co-creating comprehensive and lasting solutions. Key activities will involve delivering workshops to financial and governmental stakeholders to explore innovative financing mechanisms and develop actionable financial instruments that address the needs of the selected initiatives._x000D_ The project assumes that the identified initiatives will generate significant interest from funding institutions and public and private entities, with active participation | I21: =IF('INT-Pivots'!M21=0,"",IF('INT-Pivots'!M21="(blank)","-",'INT-Pivots'!M21)) -> - | J21: =IF('INT-Pivots'!N21="","",'INT-Pivots'!N21) -> Accelerating actions to improve organic waste management and reduce methane emissions. (PA-24-003) | K21: =IF('INT-Pivots'!F21=0,"",IF('INT-Pivots'!F21="(blank)","",'INT-Pivots'!F21)) -> PA-24-003/2. The Government of Panama endorses project proposals/ initiatives for organic waste management using MERCA market as a pilot for submission to public and private funding sources by the end of the project. | L21: =IF('INT-Pivots'!O21="","",'INT-Pivots'!O21) -> (blank) | M21: =IF('INT-Pivots'!P21="","",'INT-Pivots'!P21) -> Waste | N21: =IF('INT-Pivots'!Q21="","",'INT-Pivots'!Q21) -> (blank) | O21: =IF('INT-Pivots'!R21="","",'INT-Pivots'!R21) -> (blank) | R21: On track | S21: Research and project identification initiated, a preliminary project record created (food bank, bioeconomy, cold storage), and a multi‑stakeholder workshop held to prioritize three high‑impact projects with women‑led representation was initially planned. The financial planning, investor engagement, and press outreach are scheduled for upcoming periods. | T21: During this first period, multiple variances occurred due to the date of signing the agreement and the disbursement of the first payment. Rescheduling was carried out taking into account the prioritization of activities and the updated start period. | U21: Finalize the portfolio and complete key-actor identification; develop detailed, gender-responsive financial plans; and resume engagement with investors and financial institutions to co-create financing strategies. A press release will be issued to attract support, the MERCA market pilot will be planned, and follow-up and capacity‑building activities for prioritized actors will be scheduled. | V21: See above | W21: Nothing to deliver this period | AV21: =IF(ISTEXT(NarrativeReportTable[[#This Row],[Status at end of 5th period]]),NarrativeReportTable[[#This Row],[Status at end of 5th period]],IF(ISTEXT(NarrativeReportTable[[#This Row],[Status at end of 4th period]]),NarrativeReportTable[[#This Row],[Status at end of 4th period]],IF(ISTEXT(NarrativeReportTable[[#This Row],[Status at end of 3rd period]]),NarrativeReportTable[[#This Row],[Status at end of 3rd period]],IF(ISTEXT(NarrativeReportTable[[#This Row],[Status at end of 2nd period]]),NarrativeReportTable[[#This Row],[Status at end of 2nd period]],IF(ISTEXT(NarrativeReportTable[[#This Row],[Status at end of 1st period]]),NarrativeReportTable[[#This Row],[Status at end of 1st period]],""))))) -> On track
B22: =IF('INT-Pivots'!G22="","",'INT-Pivots'!G22) -> Output 2.1 Identification of projects/inititives | C22: =IF('INT-Pivots'!H22="","",'INT-Pivots'!H22) -> Number of partnerships, associations, or campaigns launched to drive SLCP action | D22: =IF('INT-Pivots'!I22="","",IF(VALUE('INT-Pivots'!I22)=0,"",VALUE('INT-Pivots'!I22))) -> 5 | E22: =IF('INT-Pivots'!J22=0,"-",IF('INT-Pivots'!J22="(blank)","-",'INT-Pivots'!J22)) -> 5 Partnerships to drive SLCP action. | F22: =IF('INT-Pivots'!K22="","",IF('INT-Pivots'!K22="(blank)","By project end",VALUE('INT-Pivots'!K22))) -> 46174 | G22: =IF('INT-Pivots'!S22="","",IF('INT-Pivots'!S22="(blank)","-",'INT-Pivots'!S22)) -> Research or study, Work plan | H22: =IF('INT-Pivots'!L22=0,"",'INT-Pivots'!L22) -> Identification of at least 5-7 appropriate projects/initiatives with business potential in integral organic waste management, supported by the public and private sector based on the findings of output 1.3. and will be evaluated for their potential to contribute to a circular economy. The assesment will include project descriptions, expected outcomes, involved entities, and financing strategies. By identifying these opportunities, the project aims to establish a solid foundation for future investements and actions in organic waste management. | I22: =IF('INT-Pivots'!M22=0,"",IF('INT-Pivots'!M22="(blank)","-",'INT-Pivots'!M22)) -> Grammatically correct and available in English, or other agreed UN language _x000D_ Recognizes CCAC support _x000D_ Final version approved by the beneficiary and/or CCAC Secretariat _x000D_ Ready for uploading in CCAC website (when applicable) (laid out in PDF with CCAC logo, contents proof-read) | J22: =IF('INT-Pivots'!N22="","",'INT-Pivots'!N22) -> Accelerating actions to improve organic waste management and reduce methane emissions. (PA-24-003) | K22: =IF('INT-Pivots'!F22=0,"",IF('INT-Pivots'!F22="(blank)","",'INT-Pivots'!F22)) -> PA-24-003/2.1 Identification of projects/inititives | L22: =IF('INT-Pivots'!O22="","",'INT-Pivots'!O22) -> UNDP () | M22: =IF('INT-Pivots'!P22="","",'INT-Pivots'!P22) -> Waste | N22: =IF('INT-Pivots'!Q22="","",'INT-Pivots'!Q22) -> Panama | O22: =IF('INT-Pivots'!R22="","",'INT-Pivots'!R22) -> Investors, public and private stakeholders. | R22: Delayed | S22: Progress was initiated through research and identification of potential actors and allies, including women-led initiatives. A preliminary record of projects was developed, while engagement with investors was rescheduled pending completion of portfolio activities. | T22: The delay caused by the signing and disbursement dates, as well as the rescheduling of Outcome 1, affected the development of the activities related to Outcome 2. For that reason, its execution has been prioritized for the next reporting period. | U22: Formalizar acuerdos de colaboración y definir pilotos conjuntos. | V22: See above | W22: Nothing to deliver this period | AV22: =IF(ISTEXT(NarrativeReportTable[[#This Row],[Status at end of 5th period]]),NarrativeReportTable[[#This Row],[Status at end of 5th period]],IF(ISTEXT(NarrativeReportTable[[#This Row],[Status at end of 4th period]]),NarrativeReportTable[[#This Row],[Status at end of 4th period]],IF(ISTEXT(NarrativeReportTable[[#This Row],[Status at end of 3rd period]]),NarrativeReportTable[[#This Row],[Status at end of 3rd period]],IF(ISTEXT(NarrativeReportTable[[#This Row],[Status at end of 2nd period]]),NarrativeReportTable[[#This Row],[Status at end of 2nd period]],IF(ISTEXT(NarrativeReportTable[[#This Row],[Status at end of 1st period]]),NarrativeReportTable[[#This Row],[Status at end of 1st period]],""))))) -> Delayed
B23: =IF('INT-Pivots'!G23="","",'INT-Pivots'!G23) -> Activity 2.1.1Identify and evaluate projects with business potential, ensuring inclusion of women-led initiatives and alignment with national goals. | C23: =IF('INT-Pivots'!H23="","",'INT-Pivots'!H23) -> Other | D23: =IF('INT-Pivots'!I23="","",IF(VALUE('INT-Pivots'!I23)=0,"",VALUE('INT-Pivots'!I23))) -> #VALUE! | E23: =IF('INT-Pivots'!J23=0,"-",IF('INT-Pivots'!J23="(blank)","-",'INT-Pivots'!J23)) -> null | F23: =IF('INT-Pivots'!K23="","",IF('INT-Pivots'!K23="(blank)","By project end",VALUE('INT-Pivots'!K23))) -> 46174 | G23: =IF('INT-Pivots'!S23="","",IF('INT-Pivots'!S23="(blank)","-",'INT-Pivots'!S23)) -> Work plan | H23: =IF('INT-Pivots'!L23=0,"",'INT-Pivots'!L23) -> This activity will focus on identifying and evaluating 5–7 organic waste management projects that demonstrate strong business potential. The evaluation will include criteria such as alignment with national sustainability goals, economic viability, and SLCP mitigation potential. Women-led initiatives will be prioritized to ensure gender inclusion and equitable benefits. Key stakeholders, including government and private sector representatives, will provide input during the evaluation process. | I23: =IF('INT-Pivots'!M23=0,"",IF('INT-Pivots'!M23="(blank)","-",'INT-Pivots'!M23)) -> null | J23: =IF('INT-Pivots'!N23="","",'INT-Pivots'!N23) -> Accelerating actions to improve organic waste management and reduce methane emissions. (PA-24-003) | K23: =IF('INT-Pivots'!F23=0,"",IF('INT-Pivots'!F23="(blank)","",'INT-Pivots'!F23)) -> PA-24-003/2.1.1Identify and evaluate projects with business potential, ensuring inclusion of women-led initiatives and alignment with national goals. | L23: =IF('INT-Pivots'!O23="","",'INT-Pivots'!O23) -> UNDP () | M23: =IF('INT-Pivots'!P23="","",'INT-Pivots'!P23) -> Waste | N23: =IF('INT-Pivots'!Q23="","",'INT-Pivots'!Q23) -> Panama | O23: =IF('INT-Pivots'!R23="","",'INT-Pivots'!R23) -> null | R23: Delayed | S23: For the development of the portfolio, the process of research, identification of potential actors and allies, as well as the preparation of a key actors matrix, was initiated. | T23: The delay caused by the signing and disbursement dates, as well as the rescheduling of Outcome 1, affected the development of the activities related to Outcome 2. For that reason, its execution has been prioritized for the next reporting period. | U23: Evaluation of the projects taking into account the criteria of sustainability goals, economic viability, and SCLP mitigation potential. | V23: https://drive.google.com/drive/folders/1N3S6bvFB5fxWmk8ZKTbD64af2daJuT8n?usp=sharing | W23: Research or study | AV23: =IF(ISTEXT(NarrativeReportTable[[#This Row],[Status at end of 5th period]]),NarrativeReportTable[[#This Row],[Status at end of 5th period]],IF(ISTEXT(NarrativeReportTable[[#This Row],[Status at end of 4th period]]),NarrativeReportTable[[#This Row],[Status at end of 4th period]],IF(ISTEXT(NarrativeReportTable[[#This Row],[Status at end of 3rd period]]),NarrativeReportTable[[#This Row],[Status at end of 3rd period]],IF(ISTEXT(NarrativeReportTable[[#This Row],[Status at end of 2nd period]]),NarrativeReportTable[[#This Row],[Status at end of 2nd period]],IF(ISTEXT(NarrativeReportTable[[#This Row],[Status at end of 1st period]]),NarrativeReportTable[[#This Row],[Status at end of 1st period]],""))))) -> Delayed
